Workbook
Name _2013plan: '2013'!$A$102:$A$160
Name _2013plan: Dug!$A$101:$A$159
Name _2014plan: '2014'!$A$102:$A$160
Name _2015plan: '2015'!$A$102:$A$160

Sheet Breakdown
E2: =+Master!G6 -> Crna Gora
E3: =+Master!G7 -> Ministarstvo finansija
E4: =+Master!G8 -> Direktorat za ekonomsku politiku i razvoj
D11: =+Master!G261 -> Prihodi za mjesec Jul | H11: =+Master!G265 -> Prihodi za period Januar - Jul
D12: =+'Analitika - 2015'!N10 -> 1.2747496e+08 | E12: =+D12/'2014'!T7 -> 0.037220269 | H12: =+'Analitika - 2015'!G10 -> 7.1530995e+08 | I12: =+H12/'2014'!T7 -> 0.20885694
D13: mil. € | E13: =+Master!G242 -> % BDP | H13: =+D13 -> mil. € | I13: =+E13 -> % BDP
D15: =+Master!G262 -> Rashodi za mjesec Jul | H15: =+Master!G266 -> Rashodi za period Januar - Jul
D16: =+'Analitika - 2015'!N30 -> 1.2507057e+08 | E16: =+D16/'2014'!T7 -> 0.036518234 | H16: =+'Analitika - 2015'!G30 -> 8.308372e+08 | I16: =+H16/'2014'!T7 -> 0.2425887
D17: =+D13 -> mil. € | E17: =+E13 -> % BDP | H17: =+D13 -> mil. € | I17: =+E13 -> % BDP
D19: =+Master!G263 -> Deficit za mjesec Jul | H19: =+Master!G267 -> Deficit za period Januar - Jul
D20: =+'Analitika - 2015'!N56 -> 2404385.3 | E20: =+D20/'2014'!T7 -> 0.00070203489 | H20: =+'Analitika - 2015'!G56 -> -1.1552725e+08 | I20: =+H20/'2015'!T7 -> -0.03226928
D21: =+D17 -> mil. € | E21: =+E17 -> % BDP | H21: =+D13 -> mil. € | I21: =+E13 -> % BDP
D22: =+Master!G269 -> Stanje javnog duga (% BDP)

Sheet Analitika - 2015
E2: =+Master!G6 -> Crna Gora
E3: =+Master!G7 -> Ministarstvo finansija
E4: =+Master!G8 -> Direktorat za ekonomsku politiku i razvoj
N6: =+IF(Master!B3-10>=0,CONCATENATE(Master!B4,"-",Master!B3),CONCATENATE(Master!B4,"-0",Master!B3)) -> 2015-07 | O6: =+CONCATENATE(N6,"p") -> 2015-07p | R6: =+IF(Master!B3-10>=0,CONCATENATE(Master!B4-1,"-",Master!B3),CONCATENATE(Master!B4-1,"-0",Master!B3)) -> 2014-07
B7: =+Master!G246 -> Analitika za period Jan - Jul | G7: =+Master!G238 -> Jan - Jul | N7: =+Master!G237 -> Jul
G8: =+Master!G18 -> Ostvarenje | H8: =+Master!G17 -> Plan | I8: =+Master!G252 -> Odstupanje | K8: =+CONCATENATE(Master!G238," ",Master!B4-1) -> Jan - Jul 2014 | L8: =+I8 -> Odstupanje | N8: =+G8 -> Ostvarenje | O8: =+H8 -> Plan | P8: =+I8 -> Odstupanje | R8: =+CONCATENATE(Master!G237," ",Master!B4-1) -> Jul 2014 | S8: =+P8 -> Odstupanje
G9: mil. € | H9: mil. € | I9: mil. € | J9: % | K9: mil. € | L9: mil. € | M9: % | N9: mil. € | O9: mil. € | P9: mil. € | Q9: % | R9: mil. € | S9: mil. € | T9: %
A10: 7 | B10: =+VLOOKUP($A10,Master!$D$22:$G$218,4,FALSE) -> Prihodi budžeta | G10: =+SUMPRODUCT(('2015'!$G10:$R10)*('2015'!$G$5:$R$5<=Master!$B$3)*($A10='2015'!$A$10:$A$66)) -> 7.1530995e+08 | H10: =+SUMPRODUCT(('2015'!$G105:$R105)*('2015'!$G$5:$R$5<=Master!$B$3)) -> 7.0403999e+08 | I10: =+G10-H10 -> 11269954 | J10: =+IF(ISNUMBER(G10/H10-1),G10/H10-1,"…") -> 0.016007548 | K10: =+SUMPRODUCT(('2014'!$G10:$R10)*('2014'!$G$5:$R$5<=Master!$B$3)) -> 6.9543879e+08 | L10: =+G10-K10 -> 19871162 | M10: =+IF(ISNUMBER(G10/K10-1),G10/K10-1,"…") -> 0.028573561 | N10: =+INDEX('2015'!$1:$1048576,MATCH('Analitika - 2015'!$A10,'2015'!$A:$A,0),MATCH('Analitika - 2015'!$N$6,'2015'!$6:$6,0)) -> 1.2747496e+08 | O10: =+INDEX('2015'!$1:$1048576,MATCH(CONCATENATE('Analitika - 2015'!$A10,"p"),'2015'!$A:$A,0),MATCH('Analitika - 2015'!$O$6,'2015'!$101:$101,0)) -> 1.2471798e+08 | P10: =+N10-O10 -> 2756980.3 | Q10: =+IF(ISNUMBER(N10/O10-1),N10/O10-1,"…") -> 0.022105717 | R10: =+INDEX('2014'!$1:$1048576,MATCH('Analitika - 2015'!$A10,'2014'!$A:$A,0),MATCH('Analitika - 2015'!$R$6,'2014'!$6:$6,0)) -> 1.2072024e+08 | S10: =+N10-R10 -> 6754719.4 | T10: =+IF(ISNUMBER(N10/R10-1),N10/R10-1,"…") -> 0.055953497
A11: 711 | B11: =+VLOOKUP($A11,Master!$D$22:$G$218,4,FALSE) -> Porezi | G11: =+SUMPRODUCT(('2015'!$G11:$R11)*('2015'!$G$5:$R$5<=Master!$B$3)*($A11='2015'!$A$10:$A$66)) -> 4.4365408e+08 | H11: =+SUMPRODUCT(('2015'!$G106:$R106)*('2015'!$G$5:$R$5<=Master!$B$3)) -> 4.5462667e+08 | I11: =+G11-H11 -> -10972593 | J11: =+IF(ISNUMBER(G11/H11-1),G11/H11-1,"…") -> -0.024135393 | K11: =+SUMPRODUCT(('2014'!$G11:$R11)*('2014'!$G$5:$R$5<=Master!$B$3)) -> 4.4029794e+08 | L11: =+G11-K11 -> 3356142.5 | M11: =+IF(ISNUMBER(G11/K11-1),G11/K11-1,"…") -> 0.0076224353 | N11: =+INDEX('2015'!$1:$1048576,MATCH('Analitika - 2015'!$A11,'2015'!$A:$A,0),MATCH('Analitika - 2015'!$N$6,'2015'!$6:$6,0)) -> 77525685 | O11: =+INDEX('2015'!$1:$1048576,MATCH(CONCATENATE('Analitika - 2015'!$A11,"p"),'2015'!$A:$A,0),MATCH('Analitika - 2015'!$O$6,'2015'!$101:$101,0)) -> 83389342 | P11: =+N11-O11 -> -5863656.8 | Q11: =+IF(ISNUMBER(N11/O11-1),N11/O11-1,"…") -> -0.070316622 | R11: =+INDEX('2014'!$1:$1048576,MATCH('Analitika - 2015'!$A11,'2014'!$A:$A,0),MATCH('Analitika - 2015'!$R$6,'2014'!$6:$6,0)) -> 79435217 | S11: =+N11-R11 -> -1909531.6 | T11: =+IF(ISNUMBER(N11/R11-1),N11/R11-1,"…") -> -0.024038854
A12: 7111 | B12: =+VLOOKUP($A12,Master!$D$22:$G$218,4,FALSE) -> Porez na dohodak fizičkih lica | G12: =+SUMPRODUCT(('2015'!$G12:$R12)*('2015'!$G$5:$R$5<=Master!$B$3)*($A12='2015'!$A$10:$A$66)) -> 48717184 | H12: =+SUMPRODUCT(('2015'!$G107:$R107)*('2015'!$G$5:$R$5<=Master!$B$3)) -> 55033455 | I12: =+G12-H12 -> -6316271.4 | J12: =+IF(ISNUMBER(G12/H12-1),G12/H12-1,"…") -> -0.11477149 | K12: =+SUMPRODUCT(('2014'!$G12:$R12)*('2014'!$G$5:$R$5<=Master!$B$3)) -> 53142750 | L12: =+G12-K12 -> -4425566.2 | M12: =+IF(ISNUMBER(G12/K12-1),G12/K12-1,"…") -> -0.083276951 | N12: =+INDEX('2015'!$1:$1048576,MATCH('Analitika - 2015'!$A12,'2015'!$A:$A,0),MATCH('Analitika - 2015'!$N$6,'2015'!$6:$6,0)) -> 8602485.7 | O12: =+INDEX('2015'!$1:$1048576,MATCH(CONCATENATE('Analitika - 2015'!$A12,"p"),'2015'!$A:$A,0),MATCH('Analitika - 2015'!$O$6,'2015'!$101:$101,0)) -> 9046366.1 | P12: =+N12-O12 -> -443880.4 | Q12: =+IF(ISNUMBER(N12/O12-1),N12/O12-1,"…") -> -0.04906726 | R12: =+INDEX('2014'!$1:$1048576,MATCH('Analitika - 2015'!$A12,'2014'!$A:$A,0),MATCH('Analitika - 2015'!$R$6,'2014'!$6:$6,0)) -> 8846190.8 | S12: =+N12-R12 -> -243705.17 | T12: =+IF(ISNUMBER(N12/R12-1),N12/R12-1,"…") -> -0.027549165
A13: 7112 | B13: =+VLOOKUP($A13,Master!$D$22:$G$218,4,FALSE) -> Porez na dobit pravnih lica | G13: =+SUMPRODUCT(('2015'!$G13:$R13)*('2015'!$G$5:$R$5<=Master!$B$3)*($A13='2015'!$A$10:$A$66)) -> 35612718 | H13: =+SUMPRODUCT(('2015'!$G108:$R108)*('2015'!$G$5:$R$5<=Master!$B$3)) -> 37383491 | I13: =+G13-H13 -> -1770773.2 | J13: =+IF(ISNUMBER(G13/H13-1),G13/H13-1,"…") -> -0.047367786 | K13: =+SUMPRODUCT(('2014'!$G13:$R13)*('2014'!$G$5:$R$5<=Master!$B$3)) -> 36702433 | L13: =+G13-K13 -> -1089715.1 | M13: =+IF(ISNUMBER(G13/K13-1),G13/K13-1,"…") -> -0.029690542 | N13: =+INDEX('2015'!$1:$1048576,MATCH('Analitika - 2015'!$A13,'2015'!$A:$A,0),MATCH('Analitika - 2015'!$N$6,'2015'!$6:$6,0)) -> 2969829 | O13: =+INDEX('2015'!$1:$1048576,MATCH(CONCATENATE('Analitika - 2015'!$A13,"p"),'2015'!$A:$A,0),MATCH('Analitika - 2015'!$O$6,'2015'!$101:$101,0)) -> 5395660.8 | P13: =+N13-O13 -> -2425831.8 | Q13: =+IF(ISNUMBER(N13/O13-1),N13/O13-1,"…") -> -0.44958937 | R13: =+INDEX('2014'!$1:$1048576,MATCH('Analitika - 2015'!$A13,'2014'!$A:$A,0),MATCH('Analitika - 2015'!$R$6,'2014'!$6:$6,0)) -> 5915301.1 | S13: =+N13-R13 -> -2945472 | T13: =+IF(ISNUMBER(N13/R13-1),N13/R13-1,"…") -> -0.49794119
A14: 7113 | B14: =+VLOOKUP($A14,Master!$D$22:$G$218,4,FALSE) -> Porez na promet nepokretnosti | G14: =+SUMPRODUCT(('2015'!$G14:$R14)*('2015'!$G$5:$R$5<=Master!$B$3)*($A14='2015'!$A$10:$A$66)) -> 742642.81 | H14: =+SUMPRODUCT(('2015'!$G109:$R109)*('2015'!$G$5:$R$5<=Master!$B$3)) -> 871191.38 | I14: =+G14-H14 -> -128548.57 | J14: =+IF(ISNUMBER(G14/H14-1),G14/H14-1,"…") -> -0.14755491 | K14: =+SUMPRODUCT(('2014'!$G14:$R14)*('2014'!$G$5:$R$5<=Master!$B$3)) -> 857982.68 | L14: =+G14-K14 -> -115339.87 | M14: =+IF(ISNUMBER(G14/K14-1),G14/K14-1,"…") -> -0.13443147 | N14: =+INDEX('2015'!$1:$1048576,MATCH('Analitika - 2015'!$A14,'2015'!$A:$A,0),MATCH('Analitika - 2015'!$N$6,'2015'!$6:$6,0)) -> 107539.78 | O14: =+INDEX('2015'!$1:$1048576,MATCH(CONCATENATE('Analitika - 2015'!$A14,"p"),'2015'!$A:$A,0),MATCH('Analitika - 2015'!$O$6,'2015'!$101:$101,0)) -> 140720.55 | P14: =+N14-O14 -> -33180.77 | Q14: =+IF(ISNUMBER(N14/O14-1),N14/O14-1,"…") -> -0.23579193 | R14: =+INDEX('2014'!$1:$1048576,MATCH('Analitika - 2015'!$A14,'2014'!$A:$A,0),MATCH('Analitika - 2015'!$R$6,'2014'!$6:$6,0)) -> 137366.94 | S14: =+N14-R14 -> -29827.16 | T14: =+IF(ISNUMBER(N14/R14-1),N14/R14-1,"…") -> -0.21713492
A15: 7114 | B15: =+VLOOKUP($A15,Master!$D$22:$G$218,4,FALSE) -> Porez na dodatu vrijednost | G15: =+SUMPRODUCT(('2015'!$G15:$R15)*('2015'!$G$5:$R$5<=Master!$B$3)*($A15='2015'!$A$10:$A$66)) -> 2.556705e+08 | H15: =+SUMPRODUCT(('2015'!$G110:$R110)*('2015'!$G$5:$R$5<=Master!$B$3)) -> 2.591331e+08 | I15: =+G15-H15 -> -3462595.9 | J15: =+IF(ISNUMBER(G15/H15-1),G15/H15-1,"…") -> -0.013362229 | K15: =+SUMPRODUCT(('2014'!$G15:$R15)*('2014'!$G$5:$R$5<=Master!$B$3)) -> 2.5302167e+08 | L15: =+G15-K15 -> 2648831.5 | M15: =+IF(ISNUMBER(G15/K15-1),G15/K15-1,"…") -> 0.010468793 | N15: =+INDEX('2015'!$1:$1048576,MATCH('Analitika - 2015'!$A15,'2015'!$A:$A,0),MATCH('Analitika - 2015'!$N$6,'2015'!$6:$6,0)) -> 45939445 | O15: =+INDEX('2015'!$1:$1048576,MATCH(CONCATENATE('Analitika - 2015'!$A15,"p"),'2015'!$A:$A,0),MATCH('Analitika - 2015'!$O$6,'2015'!$101:$101,0)) -> 48690602 | P15: =+N15-O15 -> -2751156.9 | Q15: =+IF(ISNUMBER(N15/O15-1),N15/O15-1,"…") -> -0.056502833 | R15: =+INDEX('2014'!$1:$1048576,MATCH('Analitika - 2015'!$A15,'2014'!$A:$A,0),MATCH('Analitika - 2015'!$R$6,'2014'!$6:$6,0)) -> 45610499 | S15: =+N15-R15 -> 328945.68 | T15: =+IF(ISNUMBER(N15/R15-1),N15/R15-1,"…") -> 0.0072120605
A16: 7115 | B16: =+VLOOKUP($A16,Master!$D$22:$G$218,4,FALSE) -> Akcize | G16: =+SUMPRODUCT(('2015'!$G16:$R16)*('2015'!$G$5:$R$5<=Master!$B$3)*($A16='2015'!$A$10:$A$66)) -> 86710027 | H16: =+SUMPRODUCT(('2015'!$G111:$R111)*('2015'!$G$5:$R$5<=Master!$B$3)) -> 86306217 | I16: =+G16-H16 -> 403809.86 | J16: =+IF(ISNUMBER(G16/H16-1),G16/H16-1,"…") -> 0.0046788038 | K16: =+SUMPRODUCT(('2014'!$G16:$R16)*('2014'!$G$5:$R$5<=Master!$B$3)) -> 81021635 | L16: =+G16-K16 -> 5688392.2 | M16: =+IF(ISNUMBER(G16/K16-1),G16/K16-1,"…") -> 0.070208312 | N16: =+INDEX('2015'!$1:$1048576,MATCH('Analitika - 2015'!$A16,'2015'!$A:$A,0),MATCH('Analitika - 2015'!$N$6,'2015'!$6:$6,0)) -> 16782489 | O16: =+INDEX('2015'!$1:$1048576,MATCH(CONCATENATE('Analitika - 2015'!$A16,"p"),'2015'!$A:$A,0),MATCH('Analitika - 2015'!$O$6,'2015'!$101:$101,0)) -> 16918855 | P16: =+N16-O16 -> -136365.87 | Q16: =+IF(ISNUMBER(N16/O16-1),N16/O16-1,"…") -> -0.0080599939 | R16: =+INDEX('2014'!$1:$1048576,MATCH('Analitika - 2015'!$A16,'2014'!$A:$A,0),MATCH('Analitika - 2015'!$R$6,'2014'!$6:$6,0)) -> 15754067 | S16: =+N16-R16 -> 1028421.7 | T16: =+IF(ISNUMBER(N16/R16-1),N16/R16-1,"…") -> 0.065279755
A17: 7116 | B17: =+VLOOKUP($A17,Master!$D$22:$G$218,4,FALSE) -> Porez na međunarodnu trgovinu i transakcije | G17: =+SUMPRODUCT(('2015'!$G17:$R17)*('2015'!$G$5:$R$5<=Master!$B$3)*($A17='2015'!$A$10:$A$66)) -> 12569448 | H17: =+SUMPRODUCT(('2015'!$G112:$R112)*('2015'!$G$5:$R$5<=Master!$B$3)) -> 12769997 | I17: =+G17-H17 -> -200549.45 | J17: =+IF(ISNUMBER(G17/H17-1),G17/H17-1,"…") -> -0.015704737 | K17: =+SUMPRODUCT(('2014'!$G17:$R17)*('2014'!$G$5:$R$5<=Master!$B$3)) -> 12324125 | L17: =+G17-K17 -> 245322.98 | M17: =+IF(ISNUMBER(G17/K17-1),G17/K17-1,"…") -> 0.019905915 | N17: =+INDEX('2015'!$1:$1048576,MATCH('Analitika - 2015'!$A17,'2015'!$A:$A,0),MATCH('Analitika - 2015'!$N$6,'2015'!$6:$6,0)) -> 2390343.2 | O17: =+INDEX('2015'!$1:$1048576,MATCH(CONCATENATE('Analitika - 2015'!$A17,"p"),'2015'!$A:$A,0),MATCH('Analitika - 2015'!$O$6,'2015'!$101:$101,0)) -> 2614239.4 | P17: =+N17-O17 -> -223896.18 | Q17: =+IF(ISNUMBER(N17/O17-1),N17/O17-1,"…") -> -0.085644864 | R17: =+INDEX('2014'!$1:$1048576,MATCH('Analitika - 2015'!$A17,'2014'!$A:$A,0),MATCH('Analitika - 2015'!$R$6,'2014'!$6:$6,0)) -> 2584330.9 | S17: =+N17-R17 -> -193987.7 | T17: =+IF(ISNUMBER(N17/R17-1),N17/R17-1,"…") -> -0.075063027
A18: 7117 | B18: =+VLOOKUP($A18,Master!$D$22:$G$218,4,FALSE) -> Lokalni porezi | G18: =+SUMPRODUCT(('2015'!$G18:$R18)*('2015'!$G$5:$R$5<=Master!$B$3)*($A18='2015'!$A$10:$A$66)) -> 0 | H18: =+SUMPRODUCT(('2015'!$G113:$R113)*('2015'!$G$5:$R$5<=Master!$B$3)) -> 0 | I18: =+G18-H18 -> 0 | J18: =+IF(ISNUMBER(G18/H18-1),G18/H18-1,"…") -> … | K18: =+SUMPRODUCT(('2014'!$G18:$R18)*('2014'!$G$5:$R$5<=Master!$B$3)) -> 0 | L18: =+G18-K18 -> 0 | M18: =+IF(ISNUMBER(G18/K18-1),G18/K18-1,"…") -> … | N18: =+INDEX('2015'!$1:$1048576,MATCH('Analitika - 2015'!$A18,'2015'!$A:$A,0),MATCH('Analitika - 2015'!$N$6,'2015'!$6:$6,0)) -> 0 | O18: =+INDEX('2015'!$1:$1048576,MATCH(CONCATENATE('Analitika - 2015'!$A18,"p"),'2015'!$A:$A,0),MATCH('Analitika - 2015'!$O$6,'2015'!$101:$101,0)) -> 0 | P18: =+N18-O18 -> 0 | Q18: =+IF(ISNUMBER(N18/O18-1),N18/O18-1,"…") -> … | R18: =+INDEX('2014'!$1:$1048576,MATCH('Analitika - 2015'!$A18,'2014'!$A:$A,0),MATCH('Analitika - 2015'!$R$6,'2014'!$6:$6,0)) -> 0 | S18: =+N18-R18 -> 0 | T18: =+IF(ISNUMBER(N18/R18-1),N18/R18-1,"…") -> …
A19: 7118 | B19: =+VLOOKUP($A19,Master!$D$22:$G$218,4,FALSE) -> Ostali republički porezi | G19: =+SUMPRODUCT(('2015'!$G19:$R19)*('2015'!$G$5:$R$5<=Master!$B$3)*($A19='2015'!$A$10:$A$66)) -> 3631555.8 | H19: =+SUMPRODUCT(('2015'!$G114:$R114)*('2015'!$G$5:$R$5<=Master!$B$3)) -> 3129220.3 | I19: =+G19-H19 -> 502335.45 | J19: =+IF(ISNUMBER(G19/H19-1),G19/H19-1,"…") -> 0.16053055 | K19: =+SUMPRODUCT(('2014'!$G19:$R19)*('2014'!$G$5:$R$5<=Master!$B$3)) -> 3227338.7 | L19: =+G19-K19 -> 404217.03 | M19: =+IF(ISNUMBER(G19/K19-1),G19/K19-1,"…") -> 0.12524779 | N19: =+INDEX('2015'!$1:$1048576,MATCH('Analitika - 2015'!$A19,'2015'!$A:$A,0),MATCH('Analitika - 2015'!$N$6,'2015'!$6:$6,0)) -> 733553.89 | O19: =+INDEX('2015'!$1:$1048576,MATCH(CONCATENATE('Analitika - 2015'!$A19,"p"),'2015'!$A:$A,0),MATCH('Analitika - 2015'!$O$6,'2015'!$101:$101,0)) -> 582898.83 | P19: =+N19-O19 -> 150655.06 | Q19: =+IF(ISNUMBER(N19/O19-1),N19/O19-1,"…") -> 0.25845833 | R19: =+INDEX('2014'!$1:$1048576,MATCH('Analitika - 2015'!$A19,'2014'!$A:$A,0),MATCH('Analitika - 2015'!$R$6,'2014'!$6:$6,0)) -> 587460.77 | S19: =+N19-R19 -> 146093.12 | T19: =+IF(ISNUMBER(N19/R19-1),N19/R19-1,"…") -> 0.24868575
A20: 712 | B20: =+VLOOKUP($A20,Master!$D$22:$G$218,4,FALSE) -> Doprinosi | G20: =+SUMPRODUCT(('2015'!$G20:$R20)*('2015'!$G$5:$R$5<=Master!$B$3)*($A20='2015'!$A$10:$A$66)) -> 2.2976936e+08 | H20: =+SUMPRODUCT(('2015'!$G115:$R115)*('2015'!$G$5:$R$5<=Master!$B$3)) -> 2.0746841e+08 | I20: =+G20-H20 -> 22300950 | J20: =+IF(ISNUMBER(G20/H20-1),G20/H20-1,"…") -> 0.10749083 | K20: =+SUMPRODUCT(('2014'!$G20:$R20)*('2014'!$G$5:$R$5<=Master!$B$3)) -> 2.1652746e+08 | L20: =+G20-K20 -> 13241896 | M20: =+IF(ISNUMBER(G20/K20-1),G20/K20-1,"…") -> 0.061155734 | N20: =+INDEX('2015'!$1:$1048576,MATCH('Analitika - 2015'!$A20,'2015'!$A:$A,0),MATCH('Analitika - 2015'!$N$6,'2015'!$6:$6,0)) -> 41869300 | O20: =+INDEX('2015'!$1:$1048576,MATCH(CONCATENATE('Analitika - 2015'!$A20,"p"),'2015'!$A:$A,0),MATCH('Analitika - 2015'!$O$6,'2015'!$101:$101,0)) -> 34214609 | P20: =+N20-O20 -> 7654691.4 | Q20: =+IF(ISNUMBER(N20/O20-1),N20/O20-1,"…") -> 0.22372582 | R20: =+INDEX('2014'!$1:$1048576,MATCH('Analitika - 2015'!$A20,'2014'!$A:$A,0),MATCH('Analitika - 2015'!$R$6,'2014'!$6:$6,0)) -> 35671054 | S20: =+N20-R20 -> 6198246.4 | T20: =+IF(ISNUMBER(N20/R20-1),N20/R20-1,"…") -> 0.17376123
A21: 7121 | B21: =+VLOOKUP($A21,Master!$D$22:$G$218,4,FALSE) -> Doprinosi za penzijsko i invalidsko osiguranje | G21: =+SUMPRODUCT(('2015'!$G21:$R21)*('2015'!$G$5:$R$5<=Master!$B$3)*($A21='2015'!$A$10:$A$66)) -> 1.385756e+08 | H21: =+SUMPRODUCT(('2015'!$G116:$R116)*('2015'!$G$5:$R$5<=Master!$B$3)) -> 1.2340141e+08 | I21: =+G21-H21 -> 15174185 | J21: =+IF(ISNUMBER(G21/H21-1),G21/H21-1,"…") -> 0.12296606 | K21: =+SUMPRODUCT(('2014'!$G21:$R21)*('2014'!$G$5:$R$5<=Master!$B$3)) -> 1.3249907e+08 | L21: =+G21-K21 -> 6076529.9 | M21: =+IF(ISNUMBER(G21/K21-1),G21/K21-1,"…") -> 0.045860926 | N21: =+INDEX('2015'!$1:$1048576,MATCH('Analitika - 2015'!$A21,'2015'!$A:$A,0),MATCH('Analitika - 2015'!$N$6,'2015'!$6:$6,0)) -> 25263471 | O21: =+INDEX('2015'!$1:$1048576,MATCH(CONCATENATE('Analitika - 2015'!$A21,"p"),'2015'!$A:$A,0),MATCH('Analitika - 2015'!$O$6,'2015'!$101:$101,0)) -> 20397161 | P21: =+N21-O21 -> 4866310.1 | Q21: =+IF(ISNUMBER(N21/O21-1),N21/O21-1,"…") -> 0.23857781 | R21: =+INDEX('2014'!$1:$1048576,MATCH('Analitika - 2015'!$A21,'2014'!$A:$A,0),MATCH('Analitika - 2015'!$R$6,'2014'!$6:$6,0)) -> 21915813 | S21: =+N21-R21 -> 3347658.2 | T21: =+IF(ISNUMBER(N21/R21-1),N21/R21-1,"…") -> 0.15275081
... A53: 462 | B53: =+VLOOKUP($A53,Master!$D$22:$G$218,4,FALSE) -> Otplata garancija | G53: =+SUMPRODUCT(('2015'!$G53:$R53)*('2015'!$G$5:$R$5<=Master!$B$3)*($A53='2015'!$A$10:$A$66)) -> 0 | H53: =+SUMPRODUCT(('2015'!$G148:$R148)*('2015'!$G$5:$R$5<=Master!$B$3)) -> 0 | I53: =+G53-H53 -> 0 | J53: =+IF(ISNUMBER(G53/H53-1),G53/H53-1,"…") -> … | K53: =+SUMPRODUCT(('2014'!$G53:$R53)*('2014'!$G$5:$R$5<=Master!$B$3)) -> 9682767.1 | L53: =+G53-K53 -> -9682767.1 | M53: =+IF(ISNUMBER(G53/K53-1),G53/K53-1,"…") -> -1 | N53: =+INDEX('2015'!$1:$1048576,MATCH('Analitika - 2015'!$A53,'2015'!$A:$A,0),MATCH('Analitika - 2015'!$N$6,'2015'!$6:$6,0)) -> 0 | O53: =+INDEX('2015'!$1:$1048576,MATCH(CONCATENATE('Analitika - 2015'!$A53,"p"),'2015'!$A:$A,0),MATCH('Analitika - 2015'!$O$6,'2015'!$101:$101,0)) -> 0 | P53: =+N53-O53 -> 0 | Q53: =+IF(ISNUMBER(N53/O53-1),N53/O53-1,"…") -> … | R53: =+INDEX('2014'!$1:$1048576,MATCH('Analitika - 2015'!$A53,'2014'!$A:$A,0),MATCH('Analitika - 2015'!$R$6,'2014'!$6:$6,0)) -> 0 | S53: =+N53-R53 -> 0 | T53: =+IF(ISNUMBER(N53/R53-1),N53/R53-1,"…") -> …
A54: 4630 | B54: =+VLOOKUP($A54,Master!$D$22:$G$218,4,FALSE) -> Otplata obaveza iz prethodnih godina | G54: =+SUMPRODUCT(('2015'!$G54:$R54)*('2015'!$G$5:$R$5<=Master!$B$3)*($A54='2015'!$A$10:$A$66)) -> 50992961 | H54: 0 | I54: =+G54-H54 -> 50992961 | J54: =+IF(ISNUMBER(G54/H54-1),G54/H54-1,"…") -> … | K54: =+SUMPRODUCT(('2014'!$G54:$R54)*('2014'!$G$5:$R$5<=Master!$B$3)) -> 29929767 | L54: =+G54-K54 -> 21063194 | M54: =+IF(ISNUMBER(G54/K54-1),G54/K54-1,"…") -> 0.70375405 | N54: =+INDEX('2015'!$1:$1048576,MATCH('Analitika - 2015'!$A54,'2015'!$A:$A,0),MATCH('Analitika - 2015'!$N$6,'2015'!$6:$6,0)) -> 11577993 | O54: =+INDEX('2015'!$1:$1048576,MATCH(CONCATENATE('Analitika - 2015'!$A54,"p"),'2015'!$A:$A,0),MATCH('Analitika - 2015'!$O$6,'2015'!$101:$101,0)) -> 2817590 | P54: =+N54-O54 -> 8760402.7 | Q54: =+IF(ISNUMBER(N54/O54-O592),N54/O54-1,"…") -> 3.1091829 | R54: =+INDEX('2014'!$1:$1048576,MATCH('Analitika - 2015'!$A54,'2014'!$A:$A,0),MATCH('Analitika - 2015'!$R$6,'2014'!$6:$6,0)) -> 10716449 | S54: =+N54-R54 -> 861543.64 | T54: =+IF(ISNUMBER(N54/R54-1),N54/R54-1,"…") -> 0.080394507
A55: 1005 | B55: =+VLOOKUP($A55,Master!$D$22:$G$220,4,FALSE) -> Neto povećanje obaveza | G55: =+SUMPRODUCT(('2015'!$G55:$R55)*('2015'!$G$5:$R$5<=Master!$B$3)*($A55='2015'!$A$10:$A$66)) -> 0 | H55: 0 | I55: =+G55-H55 -> 0 | J55: =+IF(ISNUMBER(G55/H55-1),G55/H55-1,"…") -> … | K55: =+SUMPRODUCT(('2014'!$G55:$R55)*('2014'!$G$5:$R$5<=Master!$B$3)) -> 0 | L55: =+G55-K55 -> 0 | M55: =+IF(ISNUMBER(G55/K55-1),G55/K55-1,"…") -> … | N55: =+INDEX('2015'!$1:$1048576,MATCH('Analitika - 2015'!$A55,'2015'!$A:$A,0),MATCH('Analitika - 2015'!$N$6,'2015'!$6:$6,0)) -> 0 | O55: 0 | P55: =+N55-O55 -> 0 | Q55: =+IF(ISNUMBER(N55/O55-O593),N55/O55-1,"…") -> … | R55: =+INDEX('2014'!$1:$1048576,MATCH('Analitika - 2015'!$A55,'2014'!$A:$A,0),MATCH('Analitika - 2015'!$R$6,'2014'!$6:$6,0)) -> 0 | S55: =+N55-R55 -> 0 | T55: =+IF(ISNUMBER(N55/R55-1),N55/R55-1,"…") -> …
A56: 1000 | B56: =+VLOOKUP($A56,Master!$D$22:$G$218,4,FALSE) -> Suficit / deficit | G56: =+SUMPRODUCT(('2015'!$G56:$R56)*('2015'!$G$5:$R$5<=Master!$B$3)*($A56='2015'!$A$10:$A$66)) -> -1.1552725e+08 | H56: =+SUMPRODUCT(('2015'!$G149:$R149)*('2015'!$G$5:$R$5<=Master!$B$3)) -> -2.0885848e+08 | I56: =+G56-H56 -> 93331234 | J56: =+IF(ISNUMBER(G56/H56-1),G56/H56-1,"…") -> -0.44686351 | K56: =+SUMPRODUCT(('2014'!$G56:$R56)*('2014'!$G$5:$R$5<=Master!$B$3)) -> -75853509 | L56: =+G56-K56 -> -39673740 | M56: =+IF(ISNUMBER(G56/K56-1),G56/K56-1,"…") -> 0.52303104 | N56: =+INDEX('2015'!$1:$1048576,MATCH('Analitika - 2015'!$A56,'2015'!$A:$A,0),MATCH('Analitika - 2015'!$N$6,'2015'!$6:$6,0)) -> 2404385.3 | O56: =+INDEX('2015'!$1:$1048576,MATCH(CONCATENATE('Analitika - 2015'!$A56,"p"),'2015'!$A:$A,0),MATCH('Analitika - 2015'!$O$6,'2015'!$101:$101,0)) -> -5696092.9 | P56: =+N56-O56 -> 8100478.1 | Q56: =+IF(ISNUMBER(N56/O56-1),N56/O56-1,"…") -> -1.4221113 | R56: =+INDEX('2014'!$1:$1048576,MATCH('Analitika - 2015'!$A56,'2014'!$A:$A,0),MATCH('Analitika - 2015'!$R$6,'2014'!$6:$6,0)) -> 2502365 | S56: =+N56-R56 -> -97979.76 | T56: =+IF(ISNUMBER(N56/R56-1),N56/R56-1,"…") -> -0.039154863
A57: 1001 | B57: =+VLOOKUP($A57,Master!$D$22:$G$218,4,FALSE) -> Primarni bilans | G57: =+SUMPRODUCT(('2015'!$G57:$R57)*('2015'!$G$5:$R$5<=Master!$B$3)*($A57='2015'!$A$10:$A$66)) -> -60840130 | H57: =+SUMPRODUCT(('2015'!$G150:$R150)*('2015'!$G$5:$R$5<=Master!$B$3)) -> -1.6466172e+08 | I57: =+G57-H57 -> 1.0382159e+08 | J57: =+IF(ISNUMBER(G57/H57-1),G57/H57-1,"…") -> -0.63051442 | K57: =+SUMPRODUCT(('2014'!$G57:$R57)*('2014'!$G$5:$R$5<=Master!$B$3)) -> -26397764 | L57: =+G57-K57 -> -34442366 | M57: =+IF(ISNUMBER(G57/K57-1),G57/K57-1,"…") -> 1.3047456 | N57: =+INDEX('2015'!$1:$1048576,MATCH('Analitika - 2015'!$A57,'2015'!$A:$A,0),MATCH('Analitika - 2015'!$N$6,'2015'!$6:$6,0)) -> 7509324.5 | O57: =+INDEX('2015'!$1:$1048576,MATCH(CONCATENATE('Analitika - 2015'!$A57,"p"),'2015'!$A:$A,0),MATCH('Analitika - 2015'!$O$6,'2015'!$101:$101,0)) -> 617730.8 | P57: =+N57-O57 -> 6891593.7 | Q57: =+IF(ISNUMBER(N57/O57-1),N57/O57-1,"…") -> 11.156306 | R57: =+INDEX('2014'!$1:$1048576,MATCH('Analitika - 2015'!$A57,'2014'!$A:$A,0),MATCH('Analitika - 2015'!$R$6,'2014'!$6:$6,0)) -> 8913270.9 | S57: =+N57-R57 -> -1403946.5 | T57: =+IF(ISNUMBER(N57/R57-1),N57/R57-1,"…") -> -0.15751193
A58: 46 | B58: =+VLOOKUP($A58,Master!$D$22:$G$218,4,FALSE) -> Otplata dugova | G58: =+SUMPRODUCT(('2015'!$G58:$R58)*('2015'!$G$5:$R$5<=Master!$B$3)*($A58='2015'!$A$10:$A$66)) -> 1.7660418e+08 | H58: =+SUMPRODUCT(('2015'!$G151:$R151)*('2015'!$G$5:$R$5<=Master!$B$3)) -> 2.3233705e+08 | I58: =+G58-H58 -> -55732873 | J58: =+IF(ISNUMBER(G58/H58-1),G58/H58-1,"…") -> -0.2398794 | K58: =+SUMPRODUCT(('2014'!$G58:$R58)*('2014'!$G$5:$R$5<=Master!$B$3)) -> 1.4379759e+08 | L58: =+G58-K58 -> 32806582 | M58: =+IF(ISNUMBER(G58/K58-1),G58/K58-1,"…") -> 0.22814416 | N58: =+INDEX('2015'!$1:$1048576,MATCH('Analitika - 2015'!$A58,'2015'!$A:$A,0),MATCH('Analitika - 2015'!$N$6,'2015'!$6:$6,0)) -> 47031347 | O58: =+INDEX('2015'!$1:$1048576,MATCH(CONCATENATE('Analitika - 2015'!$A58,"p"),'2015'!$A:$A,0),MATCH('Analitika - 2015'!$O$6,'2015'!$101:$101,0)) -> 33191007 | P58: =+N58-O58 -> 13840340 | Q58: =+IF(ISNUMBER(N58/O58-1),N58/O58-1,"…") -> 0.41699067 | R58: =+INDEX('2014'!$1:$1048576,MATCH('Analitika - 2015'!$A58,'2014'!$A:$A,0),MATCH('Analitika - 2015'!$R$6,'2014'!$6:$6,0)) -> 31417546 | S58: =+N58-R58 -> 15613801 | T58: =+IF(ISNUMBER(N58/R58-1),N58/R58-1,"…") -> 0.49697711
A59: 4611 | B59: =+VLOOKUP($A59,Master!$D$22:$G$218,4,FALSE) -> Otplata hartija od vrijednosti i kredita rezidentima | G59: =+SUMPRODUCT(('2015'!$G59:$R59)*('2015'!$G$5:$R$5<=Master!$B$3)*($A59='2015'!$A$10:$A$66)) -> 60528962 | H59: =+SUMPRODUCT(('2015'!$G152:$R152)*('2015'!$G$5:$R$5<=Master!$B$3)) -> 27247571 | I59: =+G59-H59 -> 33281391 | J59: =+IF(ISNUMBER(G59/H59-1),G59/H59-1,"…") -> 1.2214443 | K59: =+SUMPRODUCT(('2014'!$G59:$R59)*('2014'!$G$5:$R$5<=Master!$B$3)) -> 69270366 | L59: =+G59-K59 -> -8741404.1 | M59: =+IF(ISNUMBER(G59/K59-1),G59/K59-1,"…") -> -0.12619255 | N59: =+INDEX('2015'!$1:$1048576,MATCH('Analitika - 2015'!$A59,'2015'!$A:$A,0),MATCH('Analitika - 2015'!$N$6,'2015'!$6:$6,0)) -> 22397928 | O59: =+INDEX('2015'!$1:$1048576,MATCH(CONCATENATE('Analitika - 2015'!$A59,"p"),'2015'!$A:$A,0),MATCH('Analitika - 2015'!$O$6,'2015'!$101:$101,0)) -> 3892510.2 | P59: =+N59-O59 -> 18505418 | Q59: =+IF(ISNUMBER(N59/O59-1),N59/O59-1,"…") -> 4.7541092 | R59: =+INDEX('2014'!$1:$1048576,MATCH('Analitika - 2015'!$A59,'2014'!$A:$A,0),MATCH('Analitika - 2015'!$R$6,'2014'!$6:$6,0)) -> 17351337 | S59: =+N59-R59 -> 5046591.5 | T59: =+IF(ISNUMBER(N59/R59-1),N59/R59-1,"…") -> 0.29084742
A60: 4612 | B60: =+VLOOKUP($A60,Master!$D$22:$G$218,4,FALSE) -> Otplata hartija od vrijednosti i kredita nerezidentima | G60: =+SUMPRODUCT(('2015'!$G60:$R60)*('2015'!$G$5:$R$5<=Master!$B$3)*($A60='2015'!$A$10:$A$66)) -> 1.1607521e+08 | H60: =+SUMPRODUCT(('2015'!$G153:$R153)*('2015'!$G$5:$R$5<=Master!$B$3)) -> 1.8536635e+08 | I60: =+G60-H60 -> -69291134 | J60: =+IF(ISNUMBER(G60/H60-1),G60/H60-1,"…") -> -0.37380643 | K60: =+SUMPRODUCT(('2014'!$G60:$R60)*('2014'!$G$5:$R$5<=Master!$B$3)) -> 74527228 | L60: =+G60-K60 -> 41547986 | M60: =+IF(ISNUMBER(G60/K60-1),G60/K60-1,"…") -> 0.55748734 | N60: =+INDEX('2015'!$1:$1048576,MATCH('Analitika - 2015'!$A60,'2015'!$A:$A,0),MATCH('Analitika - 2015'!$N$6,'2015'!$6:$6,0)) -> 24633419 | O60: =+INDEX('2015'!$1:$1048576,MATCH(CONCATENATE('Analitika - 2015'!$A60,"p"),'2015'!$A:$A,0),MATCH('Analitika - 2015'!$O$6,'2015'!$101:$101,0)) -> 26480907 | P60: =+N60-O60 -> -1847488.1 | Q60: =+IF(ISNUMBER(N60/O60-1),N60/O60-1,"…") -> -0.069766797 | R60: =+INDEX('2014'!$1:$1048576,MATCH('Analitika - 2015'!$A60,'2014'!$A:$A,0),MATCH('Analitika - 2015'!$R$6,'2014'!$6:$6,0)) -> 14066209 | S60: =+N60-R60 -> 10567210 | T60: =+IF(ISNUMBER(N60/R60-1),N60/R60-1,"…") -> 0.75124786
A61: 4630p | B61: =+B54 -> Otplata obaveza iz prethodnih godina | G61: =+SUMPRODUCT(('2015'!$G61:$R61)*('2015'!$G$5:$R$5<=Master!$B$3)*($A61='2015'!$A$10:$A$66)) -> 0 | H61: =+SUMPRODUCT(('2015'!$G154:$R154)*('2015'!$G$5:$R$5<=Master!$B$3)) -> 19723130 | I61: =+G61-H61 -> -19723130 | J61: =+IF(ISNUMBER(G61/H61-1),G61/H61-1,"…") -> -1 | K61: 0 | L61: =+G61-K61 -> 0 | M61: =+IF(ISNUMBER(G61/K61-1),G61/K61-1,"…") -> … | N61: =+INDEX('2015'!$1:$1048576,MATCH('Analitika - 2015'!$A61,'2015'!$A:$A,0),MATCH('Analitika - 2015'!$N$6,'2015'!$6:$6,0)) -> 2817590 | O61: =+INDEX('2015'!$1:$1048576,MATCH(CONCATENATE('Analitika - 2015'!$A61,"p"),'2015'!$A:$A,0),MATCH('Analitika - 2015'!$O$6,'2015'!$101:$101,0)) -> #N/A | R61: =+INDEX('2014'!$1:$1048576,MATCH('Analitika - 2015'!$A61,'2014'!$A:$A,0),MATCH('Analitika - 2015'!$R$6,'2014'!$6:$6,0)) -> 2778180
A62: 1002 | B62: =+VLOOKUP($A62,Master!$D$22:$G$218,4,FALSE) -> Nedostajuća sredstva | G62: =+SUMPRODUCT(('2015'!$G61:$R61)*('2015'!$G$5:$R$5<=Master!$B$3)*($A62='2015'!$A$10:$A$66)) -> -2.9213142e+08 | H62: =+SUMPRODUCT(('2015'!$G155:$R155)*('2015'!$G$5:$R$5<=Master!$B$3)) -> -4.4119553e+08 | I62: =+G62-H62 -> 1.4906411e+08 | J62: =+IF(ISNUMBER(G62/H62-1),G62/H62-1,"…") -> -0.33786404 | K62: =+SUMPRODUCT(('2014'!$G61:$R61)*('2014'!$G$5:$R$5<=Master!$B$3)) -> -2.196511e+08 | L62: =+G62-K62 -> -72480322 | M62: =+IF(ISNUMBER(G62/K62-1),G62/K62-1,"…") -> 0.32997932 | N62: =+INDEX('2015'!$1:$1048576,MATCH('Analitika - 2015'!$A62,'2015'!$A:$A,0),MATCH('Analitika - 2015'!$N$6,'2015'!$6:$6,0)) -> -44626962 | O62: =+INDEX('2015'!$1:$1048576,MATCH(CONCATENATE('Analitika - 2015'!$A62,"p"),'2015'!$A:$A,0),MATCH('Analitika - 2015'!$O$6,'2015'!$101:$101,0)) -> -38887100 | P62: =+N62-O62 -> -5739862.1 | Q62: =+IF(ISNUMBER(N62/O62-1),N62/O62-1,"…") -> 0.14760324 | R62: =+INDEX('2014'!$1:$1048576,MATCH('Analitika - 2015'!$A62,'2014'!$A:$A,0),MATCH('Analitika - 2015'!$R$6,'2014'!$6:$6,0)) -> -28915181 | S62: =+N62-R62 -> -15711781 | T62: =+IF(ISNUMBER(N62/R62-1),N62/R62-1,"…") -> 0.5433748
A63: 1003 | B63: =+VLOOKUP($A63,Master!$D$22:$G$218,4,FALSE) -> Finansiranje | G63: =+SUMPRODUCT(('2015'!$G62:$R62)*('2015'!$G$5:$R$5<=Master!$B$3)*($A63='2015'!$A$10:$A$66)) -> 2.9213142e+08 | H63: =+SUMPRODUCT(('2015'!$G156:$R156)*('2015'!$G$5:$R$5<=Master!$B$3)) -> 4.4119553e+08 | I63: =+G63-H63 -> -1.4906411e+08 | J63: =+IF(ISNUMBER(G63/H63-1),G63/H63-1,"…") -> -0.33786404 | K63: =+SUMPRODUCT(('2014'!$G62:$R62)*('2014'!$G$5:$R$5<=Master!$B$3)) -> 2.196511e+08 | L63: =+G63-K63 -> 72480322 | M63: =+IF(ISNUMBER(G63/K63-1),G63/K63-1,"…") -> 0.32997932 | N63: =+INDEX('2015'!$1:$1048576,MATCH('Analitika - 2015'!$A63,'2015'!$A:$A,0),MATCH('Analitika - 2015'!$N$6,'2015'!$6:$6,0)) -> 44626962 | O63: =+INDEX('2015'!$1:$1048576,MATCH(CONCATENATE('Analitika - 2015'!$A63,"p"),'2015'!$A:$A,0),MATCH('Analitika - 2015'!$O$6,'2015'!$101:$101,0)) -> 38887100 | P63: =+N63-O63 -> 5739862.1 | Q63: =+IF(ISNUMBER(N63/O63-1),N63/O63-1,"…") -> 0.14760324 | R63: =+INDEX('2014'!$1:$1048576,MATCH('Analitika - 2015'!$A63,'2014'!$A:$A,0),MATCH('Analitika - 2015'!$R$6,'2014'!$6:$6,0)) -> 28915181 | S63: =+N63-R63 -> 15711781 | T63: =+IF(ISNUMBER(N63/R63-1),N63/R63-1,"…") -> 0.5433748
A64: 7511 | B64: =+VLOOKUP($A64,Master!$D$22:$G$218,4,FALSE) -> Pozajmice i krediti od domaćih izvora | G64: =+SUMPRODUCT(('2015'!$G63:$R63)*('2015'!$G$5:$R$5<=Master!$B$3)*($A64='2015'!$A$10:$A$66)) -> 35395133 | H64: =+SUMPRODUCT(('2015'!$G157:$R157)*('2015'!$G$5:$R$5<=Master!$B$3)) -> 0 | I64: =+G64-H64 -> 35395133 | J64: =+IF(ISNUMBER(G64/H64-1),G64/H64-1,"…") -> … | K64: =+SUMPRODUCT(('2014'!$G63:$R63)*('2014'!$G$5:$R$5<=Master!$B$3)) -> 98410760 | L64: =+G64-K64 -> -63015627 | M64: =+IF(ISNUMBER(G64/K64-1),G64/K64-1,"…") -> -0.64033269 | N64: =+INDEX('2015'!$1:$1048576,MATCH('Analitika - 2015'!$A64,'2015'!$A:$A,0),MATCH('Analitika - 2015'!$N$6,'2015'!$6:$6,0)) -> 0 | O64: =+INDEX('2015'!$1:$1048576,MATCH(CONCATENATE('Analitika - 2015'!$A64,"p"),'2015'!$A:$A,0),MATCH('Analitika - 2015'!$O$6,'2015'!$101:$101,0)) -> 0 | P64: =+N64-O64 -> 0 | Q64: =+IF(ISNUMBER(N64/O64-1),N64/O64-1,"…") -> … | R64: =+INDEX('2014'!$1:$1048576,MATCH('Analitika - 2015'!$A64,'2014'!$A:$A,0),MATCH('Analitika - 2015'!$R$6,'2014'!$6:$6,0)) -> 0 | S64: =+N64-R64 -> 0 | T64: =+IF(ISNUMBER(N64/R64-1),N64/R64-1,"…") -> …
A65: 7512 | B65: =+VLOOKUP($A65,Master!$D$22:$G$218,4,FALSE) -> Pozajmice i krediti od inostranih izvora | G65: =+SUMPRODUCT(('2015'!$G64:$R64)*('2015'!$G$5:$R$5<=Master!$B$3)*($A65='2015'!$A$10:$A$66)) -> 5.0100272e+08 | H65: =+SUMPRODUCT(('2015'!$G158:$R158)*('2015'!$G$5:$R$5<=Master!$B$3)) -> 3.6988096e+08 | I65: =+G65-H65 -> 1.3112177e+08 | J65: =+IF(ISNUMBER(G65/H65-1),G65/H65-1,"…") -> 0.35449721 | K65: =+SUMPRODUCT(('2014'!$G64:$R64)*('2014'!$G$5:$R$5<=Master!$B$3)) -> 1.9918229e+08 | L65: =+G65-K65 -> 3.0182043e+08 | M65: =+IF(ISNUMBER(G65/K65-1),G65/K65-1,"…") -> 1.5152975 | N65: =+INDEX('2015'!$1:$1048576,MATCH('Analitika - 2015'!$A65,'2015'!$A:$A,0),MATCH('Analitika - 2015'!$N$6,'2015'!$6:$6,0)) -> 2048899.5 | O65: =+INDEX('2015'!$1:$1048576,MATCH(CONCATENATE('Analitika - 2015'!$A65,"p"),'2015'!$A:$A,0),MATCH('Analitika - 2015'!$O$6,'2015'!$101:$101,0)) -> 52840137 | P65: =+N65-O65 -> -50791237 | Q65: =+IF(ISNUMBER(N65/O65-1),N65/O65-1,"…") -> -0.96122456 | R65: =+INDEX('2014'!$1:$1048576,MATCH('Analitika - 2015'!$A65,'2014'!$A:$A,0),MATCH('Analitika - 2015'!$R$6,'2014'!$6:$6,0)) -> 2030778.2 | S65: =+N65-R65 -> 18121.27 | T65: =+IF(ISNUMBER(N65/R65-1),N65/R65-1,"…") -> 0.0089233133
A66: 72 | B66: =+VLOOKUP($A66,Master!$D$22:$G$218,4,FALSE) -> Primici od prodaje imovine | G66: =+SUMPRODUCT(('2015'!$G65:$R65)*('2015'!$G$5:$R$5<=Master!$B$3)*($A66='2015'!$A$10:$A$66)) -> 5015140.1 | H66: =+SUMPRODUCT(('2015'!$G159:$R159)*('2015'!$G$5:$R$5<=Master!$B$3)) -> 0 | I66: =+G66-H66 -> 5015140.1 | J66: =+IF(ISNUMBER(G66/H66-1),G66/H66-1,"…") -> … | K66: =+SUMPRODUCT(('2014'!$G65:$R65)*('2014'!$G$5:$R$5<=Master!$B$3)) -> 889390.79 | L66: =+G66-K66 -> 4125749.3 | M66: =+IF(ISNUMBER(G66/K66-1),G66/K66-1,"…") -> 4.6388487 | N66: =+INDEX('2015'!$1:$1048576,MATCH('Analitika - 2015'!$A66,'2015'!$A:$A,0),MATCH('Analitika - 2015'!$N$6,'2015'!$6:$6,0)) -> 827672.56 | O66: =+INDEX('2015'!$1:$1048576,MATCH(CONCATENATE('Analitika - 2015'!$A66,"p"),'2015'!$A:$A,0),MATCH('Analitika - 2015'!$O$6,'2015'!$101:$101,0)) -> 0 | P66: =+N66-O66 -> 827672.56 | Q66: =+IF(ISNUMBER(N66/O66-1),N66/O66-1,"…") -> … | R66: =+INDEX('2014'!$1:$1048576,MATCH('Analitika - 2015'!$A66,'2014'!$A:$A,0),MATCH('Analitika - 2015'!$R$6,'2014'!$6:$6,0)) -> 380433.99 | S66: =+N66-R66 -> 447238.57 | T66: =+IF(ISNUMBER(N66/R66-1),N66/R66-1,"…") -> 1.175601
A67: 1004 | B67: =+VLOOKUP($A67,Master!$D$22:$G$218,4,FALSE) -> Povećanje / smanjenje depozita | G67: =+SUMPRODUCT(('2015'!$G66:$R66)*('2015'!$G$5:$R$5<=Master!$B$3)*($A67='2015'!$A$10:$A$66)) -> -2.4928157e+08 | H67: =+SUMPRODUCT(('2015'!$G160:$R160)*('2015'!$G$5:$R$5<=Master!$B$3)) -> 71314576 | I67: =+G67-H67 -> -3.2059615e+08 | J67: =+IF(ISNUMBER(G67/H67-1),G67/H67-1,"…") -> -4.4955206 | K67: =+SUMPRODUCT(('2014'!$G66:$R66)*('2014'!$G$5:$R$5<=Master!$B$3)) -> -78831341 | L67: =+G67-K67 -> -1.7045023e+08 | M67: =+IF(ISNUMBER(G67/K67-1),G67/K67-1,"…") -> 2.162214 | N67: =+INDEX('2015'!$1:$1048576,MATCH('Analitika - 2015'!$A67,'2015'!$A:$A,0),MATCH('Analitika - 2015'!$N$6,'2015'!$6:$6,0)) -> 41750390 | O67: =+INDEX('2015'!$1:$1048576,MATCH(CONCATENATE('Analitika - 2015'!$A67,"p"),'2015'!$A:$A,0),MATCH('Analitika - 2015'!$O$6,'2015'!$101:$101,0)) -> -13953037 | P67: =+N67-O67 -> 55703427 | Q67: =+IF(ISNUMBER(N67/O67-1),N67/O67-1,"…") -> -3.9922081 | R67: =+INDEX('2014'!$1:$1048576,MATCH('Analitika - 2015'!$A67,'2014'!$A:$A,0),MATCH('Analitika - 2015'!$R$6,'2014'!$6:$6,0)) -> 26503969 | S67: =+N67-R67 -> 15246421 | T67: =+IF(ISNUMBER(N67/R67-1),N67/R67-1,"…") -> 0.57525049

Sheet Analitika - 2014
E2: =+Master!G6 -> Crna Gora
E3: =+Master!G7 -> Ministarstvo finansija
E4: =+Master!G8 -> Direktorat za ekonomsku politiku i razvoj
N6: =+IF(Master!B3-10>=0,CONCATENATE(Master!B4,"-",Master!B3),CONCATENATE(Master!B4,"-0",Master!B3)) -> 2015-07 | O6: =+CONCATENATE(N6,"p") -> 2015-07p | R6: =+IF(Master!B3-10>=0,CONCATENATE(Master!B4-1,"-",Master!B3),CONCATENATE(Master!B4-1,"-0",Master!B3)) -> 2014-07
B7: Analitika Jan-Dec 2014 | G7: Jan - Dec 2014 | N7: =+Master!G235 -> Decembar
G8: =+Master!G18 -> Ostvarenje | H8: =+Master!G17 -> Plan | I8: =+Master!G252 -> Odstupanje | K8: =+CONCATENATE(Master!G238," ",Master!B4-1) -> Jan - Jul 2014 | L8: =+I8 -> Odstupanje | N8: =+G8 -> Ostvarenje | O8: =+H8 -> Plan | P8: =+I8 -> Odstupanje | R8: =+CONCATENATE(Master!G237," ",Master!B4-1) -> Jul 2014 | S8: =+P8 -> Odstupanje
G9: mil. € | H9: mil. € | I9: mil. € | J9: % | K9: mil. € | L9: mil. € | M9: % | N9: mil. € | O9: mil. € | P9: mil. € | Q9: % | R9: mil. € | S9: mil. € | T9: %
A10: 7 | B10: =+VLOOKUP($A10,Master!$D$22:$G$218,4,FALSE) -> Prihodi budžeta | G10: 1.3518532e+09 | H10: 1.2760564e+09 | I10: =+G10-H10 -> 75796777 | J10: =+IF(ISNUMBER(G10/H10-1),G10/H10-1,"…") -> 0.059399238 | K10: 1.2434365e+09 | L10: =+G10-K10 -> 1.0841667e+08 | M10: =+IF(ISNUMBER(G10/K10-1),G10/K10-1,"…") -> 0.087191157 | N10: 1.5524904e+08 | O10: 1.4561229e+08 | P10: =+N10-O10 -> 9636747 | Q10: =+IF(ISNUMBER(N10/O10-1),N10/O10-1,"…") -> 0.066180862 | R10: 1.4512e+08 | S10: =+N10-R10 -> 10129036 | T10: =+IF(ISNUMBER(N10/R10-1),N10/R10-1,"…") -> 0.069797658
A11: 711 | B11: =+VLOOKUP($A11,Master!$D$22:$G$218,4,FALSE) -> Porezi | G11: 8.3320358e+08 | H11: 7.978289e+08 | I11: =+G11-H11 -> 35374681 | J11: =+IF(ISNUMBER(G11/H11-1),G11/H11-1,"…") -> 0.044338681 | K11: 7.5569646e+08 | L11: =+G11-K11 -> 77507123 | M11: =+IF(ISNUMBER(G11/K11-1),G11/K11-1,"…") -> 0.10256383 | N11: 70043887 | O11: 76418346 | P11: =+N11-O11 -> -6374459.3 | Q11: =+IF(ISNUMBER(N11/O11-1),N11/O11-1,"…") -> -0.0834153 | R11: 72178169 | S11: =+N11-R11 -> -2134281.8 | T11: =+IF(ISNUMBER(N11/R11-1),N11/R11-1,"…") -> -0.029569631
A12: 7111 | B12: =+VLOOKUP($A12,Master!$D$22:$G$218,4,FALSE) -> Porez na dohodak fizičkih lica | G12: 1.0440582e+08 | H12: 96011655 | I12: =+G12-H12 -> 8394167.1 | J12: =+IF(ISNUMBER(G12/H12-1),G12/H12-1,"…") -> 0.087428626 | K12: 95618434 | L12: =+G12-K12 -> 8787387.8 | M12: =+IF(ISNUMBER(G12/K12-1),G12/K12-1,"…") -> 0.091900561 | N12: 15621993 | O12: 15517267 | P12: =+N12-O12 -> 104725.9 | Q12: =+IF(ISNUMBER(N12/O12-1),N12/O12-1,"…") -> 0.0067489912 | R12: 15533678 | S12: =+N12-R12 -> 88315.44 | T12: =+IF(ISNUMBER(N12/R12-1),N12/R12-1,"…") -> 0.0056854172
A13: 7112 | B13: =+VLOOKUP($A13,Master!$D$22:$G$218,4,FALSE) -> Porez na dobit pravnih lica | G13: 45020372 | H13: 44395642 | I13: =+G13-H13 -> 624729.97 | J13: =+IF(ISNUMBER(G13/H13-1),G13/H13-1,"…") -> 0.014071876 | K13: 40638726 | L13: =+G13-K13 -> 4381645.1 | M13: =+IF(ISNUMBER(G13/K13-1),G13/K13-1,"…") -> 0.10781945 | N13: 1484776.3 | O13: 1100346.3 | P13: =+N13-O13 -> 384430 | Q13: =+IF(ISNUMBER(N13/O13-1),N13/O13-1,"…") -> 0.34937183 | R13: 1041215.8 | S13: =+N13-R13 -> 443560.48 | T13: =+IF(ISNUMBER(N13/R13-1),N13/R13-1,"…") -> 0.42600243
A14: 7113 | B14: =+VLOOKUP($A14,Master!$D$22:$G$218,4,FALSE) -> Porez na promet nepokretnosti | G14: 1479399.9 | H14: 1544536.7 | I14: =+G14-H14 -> -65136.793 | J14: =+IF(ISNUMBER(G14/H14-1),G14/H14-1,"…") -> -0.042172383 | K14: 1440565.3 | L14: =+G14-K14 -> 38834.56 | M14: =+IF(ISNUMBER(G14/K14-1),G14/K14-1,"…") -> 0.026957861 | N14: 164005.83 | O14: 149884.27 | P14: =+N14-O14 -> 14121.559 | Q14: =+IF(ISNUMBER(N14/O14-1),N14/O14-1,"…") -> 0.094216415 | R14: 140999.42 | S14: =+N14-R14 -> 23006.41 | T14: =+IF(ISNUMBER(N14/R14-1),N14/R14-1,"…") -> 0.1631667
A15: 7114 | B15: =+VLOOKUP($A15,Master!$D$22:$G$218,4,FALSE) -> Porez na dodatu vrijednost | G15: 4.9758919e+08 | H15: 4.5594563e+08 | I15: =+G15-H15 -> 41643562 | J15: =+IF(ISNUMBER(G15/H15-1),G15/H15-1,"…") -> 0.091334491 | K15: 4.2919507e+08 | L15: =+G15-K15 -> 68394123 | M15: =+IF(ISNUMBER(G15/K15-1),G15/K15-1,"…") -> 0.1593544 | N15: 37184323 | O15: 41248055 | P15: =+N15-O15 -> -4063732.8 | Q15: =+IF(ISNUMBER(N15/O15-1),N15/O15-1,"…") -> -0.098519378 | R15: 40192913 | S15: =+N15-R15 -> -3008590.5 | T15: =+IF(ISNUMBER(N15/R15-1),N15/R15-1,"…") -> -0.074853755
A16: 7115 | B16: =+VLOOKUP($A16,Master!$D$22:$G$218,4,FALSE) -> Akcize | G16: 1.5646695e+08 | H16: 1.7111199e+08 | I16: =+G16-H16 -> -14645042 | J16: =+IF(ISNUMBER(G16/H16-1),G16/H16-1,"…") -> -0.085587468 | K16: 1.6144547e+08 | L16: =+G16-K16 -> -4978523.4 | M16: =+IF(ISNUMBER(G16/K16-1),G16/K16-1,"…") -> -0.030837182 | N16: 13096344 | O16: 16210264 | P16: =+N16-O16 -> -3113920.1 | Q16: =+IF(ISNUMBER(N16/O16-1),N16/O16-1,"…") -> -0.19209559 | R16: 13187797 | S16: =+N16-R16 -> -91453.46 | T16: =+IF(ISNUMBER(N16/R16-1),N16/R16-1,"…") -> -0.0069347033
A17: 7116 | B17: =+VLOOKUP($A17,Master!$D$22:$G$218,4,FALSE) -> Porez na međunarodnu trgovinu i transakcije | G17: 22270229 | H17: 23735354 | I17: =+G17-H17 -> -1465124.2 | J17: =+IF(ISNUMBER(G17/H17-1),G17/H17-1,"…") -> -0.061727508 | K17: 22269383 | L17: =+G17-K17 -> 846.82 | M17: =+IF(ISNUMBER(G17/K17-1),G17/K17-1,"…") -> 3.80262e-05 | N17: 1965267.8 | O17: 1802456.7 | P17: =+N17-O17 -> 162811.11 | Q17: =+IF(ISNUMBER(N17/O17-1),N17/O17-1,"…") -> 0.090327336 | R17: 1691131.2 | S17: =+N17-R17 -> 274136.58 | T17: =+IF(ISNUMBER(N17/R17-1),N17/R17-1,"…") -> 0.16210249
A18: 7117 | B18: =+VLOOKUP($A18,Master!$D$22:$G$218,4,FALSE) -> Lokalni porezi | G18: 0 | H18: 0 | I18: =+G18-H18 -> 0 | J18: =+IF(ISNUMBER(G18/H18-1),G18/H18-1,"…") -> … | K18: 0 | L18: =+G18-K18 -> 0 | M18: =+IF(ISNUMBER(G18/K18-1),G18/K18-1,"…") -> … | N18: 0 | O18: 0 | P18: =+N18-O18 -> 0 | Q18: =+IF(ISNUMBER(N18/O18-1),N18/O18-1,"…") -> … | R18: 0 | S18: =+N18-R18 -> 0 | T18: =+IF(ISNUMBER(N18/R18-1),N18/R18-1,"…") -> …
A19: 7118 | B19: =+VLOOKUP($A19,Master!$D$22:$G$218,4,FALSE) -> Ostali republički porezi | G19: 5971620.5 | H19: 5084095.8 | I19: =+G19-H19 -> 887524.67 | J19: =+IF(ISNUMBER(G19/H19-1),G19/H19-1,"…") -> 0.17456883 | K19: 5088811.8 | L19: =+G19-K19 -> 882808.71 | M19: =+IF(ISNUMBER(G19/K19-1),G19/K19-1,"…") -> 0.17348032 | N19: 527177.4 | O19: 390072.41 | P19: =+N19-O19 -> 137104.99 | Q19: =+IF(ISNUMBER(N19/O19-1),N19/O19-1,"…") -> 0.35148599 | R19: 390434.24 | S19: =+N19-R19 -> 136743.16 | T19: =+IF(ISNUMBER(N19/R19-1),N19/R19-1,"…") -> 0.35023352
A20: 712 | B20: =+VLOOKUP($A20,Master!$D$22:$G$218,4,FALSE) -> Doprinosi | G20: 4.4430324e+08 | H20: 3.9782317e+08 | I20: =+G20-H20 -> 46480071 | J20: =+IF(ISNUMBER(G20/H20-1),G20/H20-1,"…") -> 0.11683601 | K20: 3.9849428e+08 | L20: =+G20-K20 -> 45808960 | M20: =+IF(ISNUMBER(G20/K20-1),G20/K20-1,"…") -> 0.11495513 | N20: 75176039 | O20: 59783745 | P20: =+N20-O20 -> 15392294 | Q20: =+IF(ISNUMBER(N20/O20-1),N20/O20-1,"…") -> 0.25746621 | R20: 60241081 | S20: =+N20-R20 -> 14934958 | T20: =+IF(ISNUMBER(N20/R20-1),N20/R20-1,"…") -> 0.24791982
A21: 7121 | B21: =+VLOOKUP($A21,Master!$D$22:$G$218,4,FALSE) -> Doprinosi za penzijsko i invalidsko osiguranje | G21: 2.7012023e+08 | H21: 2.348824e+08 | I21: =+G21-H21 -> 35237831 | J21: =+IF(ISNUMBER(G21/H21-1),G21/H21-1,"…") -> 0.1500233 | K21: 2.4194936e+08 | L21: =+G21-K21 -> 28170872 | M21: =+IF(ISNUMBER(G21/K21-1),G21/K21-1,"…") -> 0.11643293 | N21: 45661636 | O21: 35471517 | P21: =+N21-O21 -> 10190118 | Q21: =+IF(ISNUMBER(N21/O21-1),N21/O21-1,"…") -> 0.28727607 | R21: 36741485 | S21: =+N21-R21 -> 8920151 | T21: =+IF(ISNUMBER(N21/R21-1),N21/R21-1,"…") -> 0.24278145
... A53: 462 | B53: =+VLOOKUP($A53,Master!$D$22:$G$218,4,FALSE) -> Otplata garancija | G53: 15258931 | H53: 0 | I53: =+G53-H53 -> 15258931 | J53: =+IF(ISNUMBER(G53/H53-1),G53/H53-1,"…") -> … | K53: 1.0723059e+08 | L53: =+G53-K53 -> -91971662 | M53: =+IF(ISNUMBER(G53/K53-1),G53/K53-1,"…") -> -0.85769984 | N53: 0 | O53: 0 | P53: =+N53-O53 -> 0 | Q53: =+IF(ISNUMBER(N53/O53-1),N53/O53-1,"…") -> … | R53: 575548.03 | S53: =+N53-R53 -> -575548.03 | T53: =+IF(ISNUMBER(N53/R53-1),N53/R53-1,"…") -> -1
A54: 4630 | B54: =+VLOOKUP($A54,Master!$D$22:$G$218,4,FALSE) -> Otplata obaveza iz prethodnih godina | G54: 65272880 | H54: 0 | I54: =+G54-H54 -> 65272880 | J54: =+IF(ISNUMBER(G54/H54-1),G54/H54-1,"…") -> … | K54: 60543190 | L54: =+G54-K54 -> 4729690.1 | M54: =+IF(ISNUMBER(G54/K54-1),G54/K54-1,"…") -> 0.078120926 | N54: 18916388 | O54: 0 | P54: =+N54-O54 -> 18916388 | Q54: =+IF(ISNUMBER(N54/O54-O592),N54/O54-1,"…") -> … | R54: 7480893.1 | S54: =+N54-R54 -> 11435495 | T54: =+IF(ISNUMBER(N54/R54-1),N54/R54-1,"…") -> 1.5286269
A55: 1005 | B55: =+VLOOKUP($A55,Master!$D$22:$G$220,4,FALSE) -> Neto povećanje obaveza | G55: 0 | H55: 0 | I55: =+G55-H55 -> 0 | J55: =+IF(ISNUMBER(G55/H55-1),G55/H55-1,"…") -> … | K55: 14438105 | L55: =+G55-K55 -> -14438105 | M55: =+IF(ISNUMBER(G55/K55-1),G55/K55-1,"…") -> -1 | N55: 0 | O55: 0 | P55: =+N55-O55 -> 0 | Q55: =+IF(ISNUMBER(N55/O55-O593),N55/O55-1,"…") -> … | R55: 14438105 | S55: =+N55-R55 -> -14438105 | T55: =+IF(ISNUMBER(N55/R55-1),N55/R55-1,"…") -> -1
A56: 1000 | B56: =+VLOOKUP($A56,Master!$D$22:$G$218,4,FALSE) -> Suficit / deficit | G56: -1.0257142e+08 | H56: -61509738 | I56: =+G56-H56 -> -41061678 | J56: =+IF(ISNUMBER(G56/H56-1),G56/H56-1,"…") -> 0.66756386 | K56: -2.1579131e+08 | L56: =+G56-K56 -> 1.132199e+08 | M56: =+IF(ISNUMBER(G56/K56-1),G56/K56-1,"…") -> -0.52467309 | N56: -18669590 | O56: 34982925 | P56: =+N56-O56 -> -53652515 | Q56: =+IF(ISNUMBER(N56/O56-1),N56/O56-1,"…") -> -1.5336772 | R56: -29741467 | S56: =+N56-R56 -> 11071877 | T56: =+IF(ISNUMBER(N56/R56-1),N56/R56-1,"…") -> -0.3722707
A57: 1001 | B57: =+VLOOKUP($A57,Master!$D$22:$G$218,4,FALSE) -> Primarni bilans | G57: -27589445 | H57: 11767453 | I57: =+G57-H57 -> -39356898 | J57: =+IF(ISNUMBER(G57/H57-1),G57/H57-1,"…") -> -3.3445554 | K57: -1.4786854e+08 | L57: =+G57-K57 -> 1.2027909e+08 | M57: =+IF(ISNUMBER(G57/K57-1),G57/K57-1,"…") -> -0.81341909 | N57: -12993473 | O57: 41280039 | P57: =+N57-O57 -> -54273511 | Q57: =+IF(ISNUMBER(N57/O57-1),N57/O57-1,"…") -> -1.3147641 | R57: -24129601 | S57: =+N57-R57 -> 11136128 | T57: =+IF(ISNUMBER(N57/R57-1),N57/R57-1,"…") -> -0.46151315
A58: 46 | B58: =+VLOOKUP($A58,Master!$D$22:$G$218,4,FALSE) -> Otplata dugova | G58: 2.0975095e+08 | H58: 1.7142691e+08 | I58: =+G58-H58 -> 38324047 | J58: =+IF(ISNUMBER(G58/H58-1),G58/H58-1,"…") -> 0.22355911 | K58: 1.7402545e+08 | L58: =+G58-K58 -> 35725501 | M58: =+IF(ISNUMBER(G58/K58-1),G58/K58-1,"…") -> 0.20528894 | N58: 31216208 | O58: 14285575 | P58: =+N58-O58 -> 16930633 | Q58: =+IF(ISNUMBER(N58/O58-1),N58/O58-1,"…") -> 1.1851558 | R58: 64186409 | S58: =+N58-R58 -> -32970200 | T58: =+IF(ISNUMBER(N58/R58-1),N58/R58-1,"…") -> -0.51366327
A59: 4611 | B59: =+VLOOKUP($A59,Master!$D$22:$G$218,4,FALSE) -> Otplata hartija od vrijednosti i kredita rezidentima | G59: 99756837 | H59: 30008345 | I59: =+G59-H59 -> 69748492 | J59: =+IF(ISNUMBER(G59/H59-1),G59/H59-1,"…") -> 2.3243032 | K59: 1.0762102e+08 | L59: =+G59-K59 -> -7864183.6 | M59: =+IF(ISNUMBER(G59/K59-1),G59/K59-1,"…") -> -0.073072933 | N59: 9805053.8 | O59: 2500695.4 | P59: =+N59-O59 -> 7304358.4 | Q59: =+IF(ISNUMBER(N59/O59-1),N59/O59-1,"…") -> 2.9209308 | R59: 48820983 | S59: =+N59-R59 -> -39015929 | T59: =+IF(ISNUMBER(N59/R59-1),N59/R59-1,"…") -> -0.79916312
A60: 4612 | B60: =+VLOOKUP($A60,Master!$D$22:$G$218,4,FALSE) -> Otplata hartija od vrijednosti i kredita nerezidentima | G60: 1.0999412e+08 | H60: 1.080804e+08 | I60: =+G60-H60 -> 1913715.2 | J60: =+IF(ISNUMBER(G60/H60-1),G60/H60-1,"…") -> 0.017706404 | K60: 66404431 | L60: =+G60-K60 -> 43589684 | M60: =+IF(ISNUMBER(G60/K60-1),G60/K60-1,"…") -> 0.65642734 | N60: 21411155 | O60: 9006700 | P60: =+N60-O60 -> 12404455 | Q60: =+IF(ISNUMBER(N60/O60-1),N60/O60-1,"…") -> 1.3772474 | R60: 15365426 | S60: =+N60-R60 -> 6045728.8 | T60: =+IF(ISNUMBER(N60/R60-1),N60/R60-1,"…") -> 0.39346314
A61: 4630p | B61: =+B54 -> Otplata obaveza iz prethodnih godina | H61: 33338160 | I61: =+G61-H61 -> -33338160 | J61: =+IF(ISNUMBER(G61/H61-1),G61/H61-1,"…") -> -1 | L61: =+G61-K61 -> 0 | M61: =+IF(ISNUMBER(G61/K61-1),G61/K61-1,"…") -> … | O61: 2778180
A62: 1002 | B62: =+VLOOKUP($A62,Master!$D$22:$G$218,4,FALSE) -> Nedostajuća sredstva | G62: -3.1232237e+08 | H62: -2.3293664e+08 | I62: =+G62-H62 -> -79385725 | J62: =+IF(ISNUMBER(G62/H62-1),G62/H62-1,"…") -> 0.34080394 | K62: -3.8981676e+08 | L62: =+G62-K62 -> 77494395 | M62: =+IF(ISNUMBER(G62/K62-1),G62/K62-1,"…") -> -0.19879698 | N62: -49885799 | O62: 20697350 | P62: =+N62-O62 -> -70583148 | Q62: =+IF(ISNUMBER(N62/O62-1),N62/O62-1,"…") -> -3.4102506 | R62: -93927876 | S62: =+N62-R62 -> 44042077 | T62: =+IF(ISNUMBER(N62/R62-1),N62/R62-1,"…") -> -0.46889251
A63: 1003 | B63: =+VLOOKUP($A63,Master!$D$22:$G$218,4,FALSE) -> Finansiranje | G63: 3.1232237e+08 | H63: 2.3293664e+08 | I63: =+G63-H63 -> 79385725 | J63: =+IF(ISNUMBER(G63/H63-1),G63/H63-1,"…") -> 0.34080394 | K63: 3.8981676e+08 | L63: =+G63-K63 -> -77494395 | M63: =+IF(ISNUMBER(G63/K63-1),G63/K63-1,"…") -> -0.19879698 | N63: 49885799 | O63: -20697350 | P63: =+N63-O63 -> 70583148 | Q63: =+IF(ISNUMBER(N63/O63-1),N63/O63-1,"…") -> -3.4102506 | R63: 93927876 | S63: =+N63-R63 -> -44042077 | T63: =+IF(ISNUMBER(N63/R63-1),N63/R63-1,"…") -> -0.46889251
A64: 7511 | B64: =+VLOOKUP($A64,Master!$D$22:$G$218,4,FALSE) -> Pozajmice i krediti od domaćih izvora | G64: 1.0441076e+08 | H64: 0 | I64: =+G64-H64 -> 1.0441076e+08 | J64: =+IF(ISNUMBER(G64/H64-1),G64/H64-1,"…") -> … | K64: 145350142 | L64: =+G64-K64 -> -40939382 | M64: =+IF(ISNUMBER(G64/K64-1),G64/K64-1,"…") -> -0.28166042 | N64: 6000000 | O64: 0 | P64: =+N64-O64 -> 6000000 | Q64: =+IF(ISNUMBER(N64/O64-1),N64/O64-1,"…") -> … | R64: 20000000 | S64: =+N64-R64 -> -14000000 | T64: =+IF(ISNUMBER(N64/R64-1),N64/R64-1,"…") -> -0.7
A65: 7512 | B65: =+VLOOKUP($A65,Master!$D$22:$G$218,4,FALSE) -> Pozajmice i krediti od inostranih izvora | G65: 2.057475e+08 | H65: 2.2797558e+08 | I65: =+G65-H65 -> -22228072 | J65: =+IF(ISNUMBER(G65/H65-1),G65/H65-1,"…") -> -0.097501989 | K65: 1.8851721e+08 | L65: =+G65-K65 -> 17230295 | M65: =+IF(ISNUMBER(G65/K65-1),G65/K65-1,"…") -> 0.091399059 | N65: 991400.61 | O65: 18997965 | P65: =+N65-O65 -> -18006564 | Q65: =+IF(ISNUMBER(N65/O65-1),N65/O65-1,"…") -> -0.94781543 | R65: 83544900 | S65: =+N65-R65 -> -82553500 | T65: =+IF(ISNUMBER(N65/R65-1),N65/R65-1,"…") -> -0.98813332
A66: 72 | B66: =+VLOOKUP($A66,Master!$D$22:$G$218,4,FALSE) -> Primici od prodaje imovine | G66: 3918918.7 | H66: 5000000 | I66: =+G66-H66 -> -1081081.3 | J66: =+IF(ISNUMBER(G66/H66-1),G66/H66-1,"…") -> -0.21621626 | K66: 11948846 | L66: =+G66-K66 -> -8029927.6 | M66: =+IF(ISNUMBER(G66/K66-1),G66/K66-1,"…") -> -0.67202535 | N66: 462623.71 | O66: 416666.67 | P66: =+N66-O66 -> 45957.043 | Q66: =+IF(ISNUMBER(N66/O66-1),N66/O66-1,"…") -> 0.1102969 | R66: 27299.41 | S66: =+N66-R66 -> 435324.3 | T66: =+IF(ISNUMBER(N66/R66-1),N66/R66-1,"…") -> 15.94629
A67: 1004 | B67: =+VLOOKUP($A67,Master!$D$22:$G$218,4,FALSE) -> Povećanje / smanjenje depozita | G67: -1754813.6 | H67: -38932.408 | I67: =+G67-H67 -> -1715881.2 | J67: =+IF(ISNUMBER(G67/H67-1),G67/H67-1,"…") -> 44.073338 | K67: 44000567 | L67: =+G67-K67 -> -45755380 | M67: =+IF(ISNUMBER(G67/K67-1),G67/K67-1,"…") -> -1.0398816 | N67: 42431774 | O67: -40111981 | P67: =+N67-O67 -> 82543755 | Q67: =+IF(ISNUMBER(N67/O67-1),N67/O67-1,"…") -> -2.0578329 | R67: -9644323.8 | S67: =+N67-R67 -> 52076098 | T67: =+IF(ISNUMBER(N67/R67-1),N67/R67-1,"…") -> -5.399663

Sheet 2015
E2: =+Master!G6 -> Crna Gora
E3: =+Master!G7 -> Ministarstvo finansija
E4: =+Master!G8 -> Direktorat za ekonomsku politiku i razvoj
G5: =+RIGHT(G6,2)*1 -> 1 | H5: =+RIGHT(H6,2)*1 -> 2 | I5: =+RIGHT(I6,2)*1 -> 3 | J5: =+RIGHT(J6,2)*1 -> 4 | K5: =+RIGHT(K6,2)*1 -> 5 | L5: =+RIGHT(L6,2)*1 -> 6 | M5: =+RIGHT(M6,2)*1 -> 7 | N5: =+RIGHT(N6,2)*1 -> 8 | ... R5: =+RIGHT(R6,2)*1 -> 12
G6: 2015-01 | H6: 2015-02 | I6: 2015-03 | J6: 2015-04 | K6: 2015-05 | L6: 2015-06 | M6: 2015-07 | N6: 2015-08 | O6: 2015-09 | P6: 2015-10 | Q6: 2015-11 | R6: 2015-12
B7: =+Master!G244 -> Ostvarenje budžeta | G7: 2015 | S7: =+Master!G241 -> BDP | T7: 3580100000
G8: =+Master!G224 -> Januar | H8: =+Master!G225 -> Februar | I8: =+Master!G226 -> Mart | J8: =+Master!G227 -> April | K8: =+Master!G228 -> Maj | L8: =+Master!G229 -> Jun | M8: =+Master!G230 -> Jul | N8: =+Master!G231 -> Avgust | O8: =+Master!G232 -> Septembar | P8: =+Master!G233 -> Oktobar | Q8: =+Master!G234 -> Novembar | R8: =+Master!G235 -> Decembar | S8: =+Master!G238 -> Jan - Jul
G9: mil. € | H9: mil. € | I9: mil. € | J9: mil. € | K9: mil. € | L9: mil. € | M9: mil. € | N9: mil. € | O9: mil. € | P9: mil. € | Q9: mil. € | R9: mil. € | S9: mil. € | T9: =+Master!G242 -> % BDP
A10: 7 | B10: =+VLOOKUP($A10,Master!$D$22:$G$218,4,FALSE) -> Prihodi budžeta | G10: =+G11+G20+SUM(G25:G29) -> 71181347 | H10: =+H11+H20+SUM(H25:H29) -> 86772014 | I10: =+I11+I20+SUM(I25:I29) -> 1.0033076e+08 | J10: =+J11+J20+SUM(J25:J29) -> 1.1155315e+08 | K10: =+K11+K20+SUM(K25:K29) -> 99802278 | L10: =+L11+L20+SUM(L25:L29) -> 1.1819545e+08 | M10: =+M11+M20+SUM(M25:M29) -> 1.2747496e+08 | N10: =+N11+N20+SUM(N25:N29) -> 0 | ... R10: =+R11+R20+SUM(R25:R29) -> 0 | S10: =+SUM(G10:R10) -> 7.1530995e+08 | T10: =+S10/$T$7 -> 0.19980167
A11: 711 | B11: =+VLOOKUP($A11,Master!$D$22:$G$218,4,FALSE) -> Porezi | G11: =+SUM(G12:G19) -> 48650346 | H11: =+SUM(H12:H19) -> 51592469 | I11: =+SUM(I12:I19) -> 60361035 | J11: =+SUM(J12:J19) -> 69639815 | K11: =+SUM(K12:K19) -> 62514260 | L11: =+SUM(L12:L19) -> 73370469 | M11: =+SUM(M12:M19) -> 77525685 | N11: =+SUM(N12:N19) -> 0 | ... R11: =+SUM(R12:R19) -> 0 | S11: =+SUM(G11:R11) -> 4.4365408e+08 | T11: =+S11/$T$7 -> 0.12392226
A12: 7111 | B12: =+VLOOKUP($A12,Master!$D$22:$G$218,4,FALSE) -> Porez na dohodak fizičkih lica | G12: =+INDEX(DataEx!$1:$1048576,MATCH('2015'!$A12,DataEx!$D:$D,0),MATCH('2015'!G$6,DataEx!$7:$7,0)) -> 4124772.2 | H12: =+INDEX(DataEx!$1:$1048576,MATCH('2015'!$A12,DataEx!$D:$D,0),MATCH('2015'!H$6,DataEx!$7:$7,0)) -> 6382588.4 | I12: =+INDEX(DataEx!$1:$1048576,MATCH('2015'!$A12,DataEx!$D:$D,0),MATCH('2015'!I$6,DataEx!$7:$7,0)) -> 7348324 | J12: =+INDEX(DataEx!$1:$1048576,MATCH('2015'!$A12,DataEx!$D:$D,0),MATCH('2015'!J$6,DataEx!$7:$7,0)) -> 7769463.2 | K12: =+INDEX(DataEx!$1:$1048576,MATCH('2015'!$A12,DataEx!$D:$D,0),MATCH('2015'!K$6,DataEx!$7:$7,0)) -> 6638534.7 | L12: =+INDEX(DataEx!$1:$1048576,MATCH('2015'!$A12,DataEx!$D:$D,0),MATCH('2015'!L$6,DataEx!$7:$7,0)) -> 7851015.6 | M12: =+INDEX(DataEx!$1:$1048576,MATCH('2015'!$A12,DataEx!$D:$D,0),MATCH('2015'!M$6,DataEx!$7:$7,0)) -> 8602485.7 | N12: =+INDEX(DataEx!$1:$1048576,MATCH('2015'!$A12,DataEx!$D:$D,0),MATCH('2015'!N$6,DataEx!$7:$7,0)) -> 0 | ... R12: =+INDEX(DataEx!$1:$1048576,MATCH('2015'!$A12,DataEx!$D:$D,0),MATCH('2015'!R$6,DataEx!$7:$7,0)) -> 0 | S12: =+SUM(G12:R12) -> 48717184 | T12: =+S12/$T$7 -> 0.013607772
A13: 7112 | B13: =+VLOOKUP($A13,Master!$D$22:$G$218,4,FALSE) -> Porez na dobit pravnih lica | G13: =+INDEX(DataEx!$1:$1048576,MATCH('2015'!$A13,DataEx!$D:$D,0),MATCH('2015'!G$6,DataEx!$7:$7,0)) -> 500820.53 | H13: =+INDEX(DataEx!$1:$1048576,MATCH('2015'!$A13,DataEx!$D:$D,0),MATCH('2015'!H$6,DataEx!$7:$7,0)) -> 776411.72 | I13: =+INDEX(DataEx!$1:$1048576,MATCH('2015'!$A13,DataEx!$D:$D,0),MATCH('2015'!I$6,DataEx!$7:$7,0)) -> 9846873.8 | J13: =+INDEX(DataEx!$1:$1048576,MATCH('2015'!$A13,DataEx!$D:$D,0),MATCH('2015'!J$6,DataEx!$7:$7,0)) -> 15145224 | K13: =+INDEX(DataEx!$1:$1048576,MATCH('2015'!$A13,DataEx!$D:$D,0),MATCH('2015'!K$6,DataEx!$7:$7,0)) -> 2278350 | L13: =+INDEX(DataEx!$1:$1048576,MATCH('2015'!$A13,DataEx!$D:$D,0),MATCH('2015'!L$6,DataEx!$7:$7,0)) -> 4095208.4 | M13: =+INDEX(DataEx!$1:$1048576,MATCH('2015'!$A13,DataEx!$D:$D,0),MATCH('2015'!M$6,DataEx!$7:$7,0)) -> 2969829 | N13: =+INDEX(DataEx!$1:$1048576,MATCH('2015'!$A13,DataEx!$D:$D,0),MATCH('2015'!N$6,DataEx!$7:$7,0)) -> 0 | ... R13: =+INDEX(DataEx!$1:$1048576,MATCH('2015'!$A13,DataEx!$D:$D,0),MATCH('2015'!R$6,DataEx!$7:$7,0)) -> 0 | S13: =+SUM(G13:R13) -> 35612718 | T13: =+S13/$T$7 -> 0.0099474087
A14: 7113 | B14: =+VLOOKUP($A14,Master!$D$22:$G$218,4,FALSE) -> Porez na promet nepokretnosti | G14: =+INDEX(DataEx!$1:$1048576,MATCH('2015'!$A14,DataEx!$D:$D,0),MATCH('2015'!G$6,DataEx!$7:$7,0)) -> 64332.39 | H14: =+INDEX(DataEx!$1:$1048576,MATCH('2015'!$A14,DataEx!$D:$D,0),MATCH('2015'!H$6,DataEx!$7:$7,0)) -> 156323.32 | I14: =+INDEX(DataEx!$1:$1048576,MATCH('2015'!$A14,DataEx!$D:$D,0),MATCH('2015'!I$6,DataEx!$7:$7,0)) -> 109018.21 | J14: =+INDEX(DataEx!$1:$1048576,MATCH('2015'!$A14,DataEx!$D:$D,0),MATCH('2015'!J$6,DataEx!$7:$7,0)) -> 92127.28 | K14: =+INDEX(DataEx!$1:$1048576,MATCH('2015'!$A14,DataEx!$D:$D,0),MATCH('2015'!K$6,DataEx!$7:$7,0)) -> 84167.93 | L14: =+INDEX(DataEx!$1:$1048576,MATCH('2015'!$A14,DataEx!$D:$D,0),MATCH('2015'!L$6,DataEx!$7:$7,0)) -> 129133.9 | M14: =+INDEX(DataEx!$1:$1048576,MATCH('2015'!$A14,DataEx!$D:$D,0),MATCH('2015'!M$6,DataEx!$7:$7,0)) -> 107539.78 | N14: =+INDEX(DataEx!$1:$1048576,MATCH('2015'!$A14,DataEx!$D:$D,0),MATCH('2015'!N$6,DataEx!$7:$7,0)) -> 0 | ... R14: =+INDEX(DataEx!$1:$1048576,MATCH('2015'!$A14,DataEx!$D:$D,0),MATCH('2015'!R$6,DataEx!$7:$7,0)) -> 0 | S14: =+SUM(G14:R14) -> 742642.81 | T14: =+S14/$T$7 -> 0.00020743633
A15: 7114 | B15: =+VLOOKUP($A15,Master!$D$22:$G$218,4,FALSE) -> Porez na dodatu vrijednost | G15: =+INDEX(DataEx!$1:$1048576,MATCH('2015'!$A15,DataEx!$D:$D,0),MATCH('2015'!G$6,DataEx!$7:$7,0)) -> 31202700 | H15: =+INDEX(DataEx!$1:$1048576,MATCH('2015'!$A15,DataEx!$D:$D,0),MATCH('2015'!H$6,DataEx!$7:$7,0)) -> 32500383 | I15: =+INDEX(DataEx!$1:$1048576,MATCH('2015'!$A15,DataEx!$D:$D,0),MATCH('2015'!I$6,DataEx!$7:$7,0)) -> 29666863 | J15: =+INDEX(DataEx!$1:$1048576,MATCH('2015'!$A15,DataEx!$D:$D,0),MATCH('2015'!J$6,DataEx!$7:$7,0)) -> 33285867 | K15: =+INDEX(DataEx!$1:$1048576,MATCH('2015'!$A15,DataEx!$D:$D,0),MATCH('2015'!K$6,DataEx!$7:$7,0)) -> 38310410 | L15: =+INDEX(DataEx!$1:$1048576,MATCH('2015'!$A15,DataEx!$D:$D,0),MATCH('2015'!L$6,DataEx!$7:$7,0)) -> 44764837 | M15: =+INDEX(DataEx!$1:$1048576,MATCH('2015'!$A15,DataEx!$D:$D,0),MATCH('2015'!M$6,DataEx!$7:$7,0)) -> 45939445 | N15: =+INDEX(DataEx!$1:$1048576,MATCH('2015'!$A15,DataEx!$D:$D,0),MATCH('2015'!N$6,DataEx!$7:$7,0)) -> 0 | ... R15: =+INDEX(DataEx!$1:$1048576,MATCH('2015'!$A15,DataEx!$D:$D,0),MATCH('2015'!R$6,DataEx!$7:$7,0)) -> 0 | S15: =+SUM(G15:R15) -> 2.556705e+08 | T15: =+S15/$T$7 -> 0.071414347
A16: 7115 | B16: =+VLOOKUP($A16,Master!$D$22:$G$218,4,FALSE) -> Akcize | G16: =+INDEX(DataEx!$1:$1048576,MATCH('2015'!$A16,DataEx!$D:$D,0),MATCH('2015'!G$6,DataEx!$7:$7,0)) -> 11276887 | H16: =+INDEX(DataEx!$1:$1048576,MATCH('2015'!$A16,DataEx!$D:$D,0),MATCH('2015'!H$6,DataEx!$7:$7,0)) -> 9929984.3 | I16: =+INDEX(DataEx!$1:$1048576,MATCH('2015'!$A16,DataEx!$D:$D,0),MATCH('2015'!I$6,DataEx!$7:$7,0)) -> 10877771 | J16: =+INDEX(DataEx!$1:$1048576,MATCH('2015'!$A16,DataEx!$D:$D,0),MATCH('2015'!J$6,DataEx!$7:$7,0)) -> 11002378 | K16: =+INDEX(DataEx!$1:$1048576,MATCH('2015'!$A16,DataEx!$D:$D,0),MATCH('2015'!K$6,DataEx!$7:$7,0)) -> 12787561 | L16: =+INDEX(DataEx!$1:$1048576,MATCH('2015'!$A16,DataEx!$D:$D,0),MATCH('2015'!L$6,DataEx!$7:$7,0)) -> 14052956 | M16: =+INDEX(DataEx!$1:$1048576,MATCH('2015'!$A16,DataEx!$D:$D,0),MATCH('2015'!M$6,DataEx!$7:$7,0)) -> 16782489 | N16: =+INDEX(DataEx!$1:$1048576,MATCH('2015'!$A16,DataEx!$D:$D,0),MATCH('2015'!N$6,DataEx!$7:$7,0)) -> 0 | ... R16: =+INDEX(DataEx!$1:$1048576,MATCH('2015'!$A16,DataEx!$D:$D,0),MATCH('2015'!R$6,DataEx!$7:$7,0)) -> 0 | S16: =+SUM(G16:R16) -> 86710027 | T16: =+S16/$T$7 -> 0.024220001
A17: 7116 | B17: =+VLOOKUP($A17,Master!$D$22:$G$218,4,FALSE) -> Porez na međunarodnu trgovinu i transakcije | G17: =+INDEX(DataEx!$1:$1048576,MATCH('2015'!$A17,DataEx!$D:$D,0),MATCH('2015'!G$6,DataEx!$7:$7,0)) -> 1071213.9 | H17: =+INDEX(DataEx!$1:$1048576,MATCH('2015'!$A17,DataEx!$D:$D,0),MATCH('2015'!H$6,DataEx!$7:$7,0)) -> 1444482.9 | I17: =+INDEX(DataEx!$1:$1048576,MATCH('2015'!$A17,DataEx!$D:$D,0),MATCH('2015'!I$6,DataEx!$7:$7,0)) -> 2074964.3 | J17: =+INDEX(DataEx!$1:$1048576,MATCH('2015'!$A17,DataEx!$D:$D,0),MATCH('2015'!J$6,DataEx!$7:$7,0)) -> 1815828.5 | K17: =+INDEX(DataEx!$1:$1048576,MATCH('2015'!$A17,DataEx!$D:$D,0),MATCH('2015'!K$6,DataEx!$7:$7,0)) -> 1872861 | L17: =+INDEX(DataEx!$1:$1048576,MATCH('2015'!$A17,DataEx!$D:$D,0),MATCH('2015'!L$6,DataEx!$7:$7,0)) -> 1899753.9 | M17: =+INDEX(DataEx!$1:$1048576,MATCH('2015'!$A17,DataEx!$D:$D,0),MATCH('2015'!M$6,DataEx!$7:$7,0)) -> 2390343.2 | N17: =+INDEX(DataEx!$1:$1048576,MATCH('2015'!$A17,DataEx!$D:$D,0),MATCH('2015'!N$6,DataEx!$7:$7,0)) -> 0 | ... R17: =+INDEX(DataEx!$1:$1048576,MATCH('2015'!$A17,DataEx!$D:$D,0),MATCH('2015'!R$6,DataEx!$7:$7,0)) -> 0 | S17: =+SUM(G17:R17) -> 12569448 | T17: =+S17/$T$7 -> 0.0035109209
A18: 7117 | B18: =+VLOOKUP($A18,Master!$D$22:$G$218,4,FALSE) -> Lokalni porezi | G18: =+INDEX(DataEx!$1:$1048576,MATCH('2015'!$A18,DataEx!$D:$D,0),MATCH('2015'!G$6,DataEx!$7:$7,0)) -> 0 | H18: =+INDEX(DataEx!$1:$1048576,MATCH('2015'!$A18,DataEx!$D:$D,0),MATCH('2015'!H$6,DataEx!$7:$7,0)) -> 0 | I18: =+INDEX(DataEx!$1:$1048576,MATCH('2015'!$A18,DataEx!$D:$D,0),MATCH('2015'!I$6,DataEx!$7:$7,0)) -> 0 | J18: =+INDEX(DataEx!$1:$1048576,MATCH('2015'!$A18,DataEx!$D:$D,0),MATCH('2015'!J$6,DataEx!$7:$7,0)) -> 0 | K18: =+INDEX(DataEx!$1:$1048576,MATCH('2015'!$A18,DataEx!$D:$D,0),MATCH('2015'!K$6,DataEx!$7:$7,0)) -> 0 | L18: =+INDEX(DataEx!$1:$1048576,MATCH('2015'!$A18,DataEx!$D:$D,0),MATCH('2015'!L$6,DataEx!$7:$7,0)) -> 0 | M18: =+INDEX(DataEx!$1:$1048576,MATCH('2015'!$A18,DataEx!$D:$D,0),MATCH('2015'!M$6,DataEx!$7:$7,0)) -> 0 | N18: =+INDEX(DataEx!$1:$1048576,MATCH('2015'!$A18,DataEx!$D:$D,0),MATCH('2015'!N$6,DataEx!$7:$7,0)) -> 0 | ... R18: =+INDEX(DataEx!$1:$1048576,MATCH('2015'!$A18,DataEx!$D:$D,0),MATCH('2015'!R$6,DataEx!$7:$7,0)) -> 0 | S18: =+SUM(G18:R18) -> 0 | T18: =+S18/$T$7 -> 0
A19: 7118 | B19: =+VLOOKUP($A19,Master!$D$22:$G$218,4,FALSE) -> Ostali republički porezi | G19: =+INDEX(DataEx!$1:$1048576,MATCH('2015'!$A19,DataEx!$D:$D,0),MATCH('2015'!G$6,DataEx!$7:$7,0)) -> 409619.65 | H19: =+INDEX(DataEx!$1:$1048576,MATCH('2015'!$A19,DataEx!$D:$D,0),MATCH('2015'!H$6,DataEx!$7:$7,0)) -> 402295.9 | I19: =+INDEX(DataEx!$1:$1048576,MATCH('2015'!$A19,DataEx!$D:$D,0),MATCH('2015'!I$6,DataEx!$7:$7,0)) -> 437220.69 | J19: =+INDEX(DataEx!$1:$1048576,MATCH('2015'!$A19,DataEx!$D:$D,0),MATCH('2015'!J$6,DataEx!$7:$7,0)) -> 528926.12 | K19: =+INDEX(DataEx!$1:$1048576,MATCH('2015'!$A19,DataEx!$D:$D,0),MATCH('2015'!K$6,DataEx!$7:$7,0)) -> 542376.13 | L19: =+INDEX(DataEx!$1:$1048576,MATCH('2015'!$A19,DataEx!$D:$D,0),MATCH('2015'!L$6,DataEx!$7:$7,0)) -> 577563.38 | M19: =+INDEX(DataEx!$1:$1048576,MATCH('2015'!$A19,DataEx!$D:$D,0),MATCH('2015'!M$6,DataEx!$7:$7,0)) -> 733553.89 | N19: =+INDEX(DataEx!$1:$1048576,MATCH('2015'!$A19,DataEx!$D:$D,0),MATCH('2015'!N$6,DataEx!$7:$7,0)) -> 0 | ... R19: =+INDEX(DataEx!$1:$1048576,MATCH('2015'!$A19,DataEx!$D:$D,0),MATCH('2015'!R$6,DataEx!$7:$7,0)) -> 0 | S19: =+SUM(G19:R19) -> 3631555.8 | T19: =+S19/$T$7 -> 0.0010143727
A20: 712 | B20: =+VLOOKUP($A20,Master!$D$22:$G$218,4,FALSE) -> Doprinosi | G20: =+INDEX(DataEx!$1:$1048576,MATCH('2015'!$A20,DataEx!$D:$D,0),MATCH('2015'!G$6,DataEx!$7:$7,0)) -> 19334368 | H20: =+INDEX(DataEx!$1:$1048576,MATCH('2015'!$A20,DataEx!$D:$D,0),MATCH('2015'!H$6,DataEx!$7:$7,0)) -> 29761964 | I20: =+INDEX(DataEx!$1:$1048576,MATCH('2015'!$A20,DataEx!$D:$D,0),MATCH('2015'!I$6,DataEx!$7:$7,0)) -> 34742689 | J20: =+INDEX(DataEx!$1:$1048576,MATCH('2015'!$A20,DataEx!$D:$D,0),MATCH('2015'!J$6,DataEx!$7:$7,0)) -> 36027647 | K20: =+INDEX(DataEx!$1:$1048576,MATCH('2015'!$A20,DataEx!$D:$D,0),MATCH('2015'!K$6,DataEx!$7:$7,0)) -> 31171999 | L20: =+INDEX(DataEx!$1:$1048576,MATCH('2015'!$A20,DataEx!$D:$D,0),MATCH('2015'!L$6,DataEx!$7:$7,0)) -> 36861389 | M20: =+INDEX(DataEx!$1:$1048576,MATCH('2015'!$A20,DataEx!$D:$D,0),MATCH('2015'!M$6,DataEx!$7:$7,0)) -> 41869300 | N20: =+INDEX(DataEx!$1:$1048576,MATCH('2015'!$A20,DataEx!$D:$D,0),MATCH('2015'!N$6,DataEx!$7:$7,0)) -> 0 | ... R20: =+INDEX(DataEx!$1:$1048576,MATCH('2015'!$A20,DataEx!$D:$D,0),MATCH('2015'!R$6,DataEx!$7:$7,0)) -> 0 | S20: =+SUM(G20:R20) -> 2.2976936e+08 | T20: =+S20/$T$7 -> 0.064179592
A21: 7121 | B21: =+VLOOKUP($A21,Master!$D$22:$G$218,4,FALSE) -> Doprinosi za penzijsko i invalidsko osiguranje | G21: =+INDEX(DataEx!$1:$1048576,MATCH('2015'!$A21,DataEx!$D:$D,0),MATCH('2015'!G$6,DataEx!$7:$7,0)) -> 11664478 | H21: =+INDEX(DataEx!$1:$1048576,MATCH('2015'!$A21,DataEx!$D:$D,0),MATCH('2015'!H$6,DataEx!$7:$7,0)) -> 17929836 | I21: =+INDEX(DataEx!$1:$1048576,MATCH('2015'!$A21,DataEx!$D:$D,0),MATCH('2015'!I$6,DataEx!$7:$7,0)) -> 20966658 | J21: =+INDEX(DataEx!$1:$1048576,MATCH('2015'!$A21,DataEx!$D:$D,0),MATCH('2015'!J$6,DataEx!$7:$7,0)) -> 21707839 | K21: =+INDEX(DataEx!$1:$1048576,MATCH('2015'!$A21,DataEx!$D:$D,0),MATCH('2015'!K$6,DataEx!$7:$7,0)) -> 18812434 | L21: =+INDEX(DataEx!$1:$1048576,MATCH('2015'!$A21,DataEx!$D:$D,0),MATCH('2015'!L$6,DataEx!$7:$7,0)) -> 22230881 | M21: =+INDEX(DataEx!$1:$1048576,MATCH('2015'!$A21,DataEx!$D:$D,0),MATCH('2015'!M$6,DataEx!$7:$7,0)) -> 25263471 | N21: =+INDEX(DataEx!$1:$1048576,MATCH('2015'!$A21,DataEx!$D:$D,0),MATCH('2015'!N$6,DataEx!$7:$7,0)) -> 0 | ... R21: =+INDEX(DataEx!$1:$1048576,MATCH('2015'!$A21,DataEx!$D:$D,0),MATCH('2015'!R$6,DataEx!$7:$7,0)) -> 0 | S21: =+SUM(G21:R21) -> 1.385756e+08 | T21: =+S21/$T$7 -> 0.038707186
A22: 7122 | B22: =+VLOOKUP($A22,Master!$D$22:$G$218,4,FALSE) -> Doprinosi za zdravstveno osiguranje | G22: =+INDEX(DataEx!$1:$1048576,MATCH('2015'!$A22,DataEx!$D:$D,0),MATCH('2015'!G$6,DataEx!$7:$7,0)) -> 6634782.4 | H22: =+INDEX(DataEx!$1:$1048576,MATCH('2015'!$A22,DataEx!$D:$D,0),MATCH('2015'!H$6,DataEx!$7:$7,0)) -> 10232820 | I22: =+INDEX(DataEx!$1:$1048576,MATCH('2015'!$A22,DataEx!$D:$D,0),MATCH('2015'!I$6,DataEx!$7:$7,0)) -> 11914746 | J22: =+INDEX(DataEx!$1:$1048576,MATCH('2015'!$A22,DataEx!$D:$D,0),MATCH('2015'!J$6,DataEx!$7:$7,0)) -> 12374415 | K22: =+INDEX(DataEx!$1:$1048576,MATCH('2015'!$A22,DataEx!$D:$D,0),MATCH('2015'!K$6,DataEx!$7:$7,0)) -> 10681951 | L22: =+INDEX(DataEx!$1:$1048576,MATCH('2015'!$A22,DataEx!$D:$D,0),MATCH('2015'!L$6,DataEx!$7:$7,0)) -> 12634485 | M22: =+INDEX(DataEx!$1:$1048576,MATCH('2015'!$A22,DataEx!$D:$D,0),MATCH('2015'!M$6,DataEx!$7:$7,0)) -> 14433362 | N22: =+INDEX(DataEx!$1:$1048576,MATCH('2015'!$A22,DataEx!$D:$D,0),MATCH('2015'!N$6,DataEx!$7:$7,0)) -> 0 | ... R22: =+INDEX(DataEx!$1:$1048576,MATCH('2015'!$A22,DataEx!$D:$D,0),MATCH('2015'!R$6,DataEx!$7:$7,0)) -> 0 | S22: =+SUM(G22:R22) -> 78906561 | T22: =+S22/$T$7 -> 0.022040323
A23: 7123 | B23: =+VLOOKUP($A23,Master!$D$22:$G$218,4,FALSE) -> Doprinosi za osiguranje od nezaposlenosti | G23: =+INDEX(DataEx!$1:$1048576,MATCH('2015'!$A23,DataEx!$D:$D,0),MATCH('2015'!G$6,DataEx!$7:$7,0)) -> 533032.3 | H23: =+INDEX(DataEx!$1:$1048576,MATCH('2015'!$A23,DataEx!$D:$D,0),MATCH('2015'!H$6,DataEx!$7:$7,0)) -> 825014.53 | I23: =+INDEX(DataEx!$1:$1048576,MATCH('2015'!$A23,DataEx!$D:$D,0),MATCH('2015'!I$6,DataEx!$7:$7,0)) -> 963008.57 | J23: =+INDEX(DataEx!$1:$1048576,MATCH('2015'!$A23,DataEx!$D:$D,0),MATCH('2015'!J$6,DataEx!$7:$7,0)) -> 1000044.4 | K23: =+INDEX(DataEx!$1:$1048576,MATCH('2015'!$A23,DataEx!$D:$D,0),MATCH('2015'!K$6,DataEx!$7:$7,0)) -> 865659.34 | L23: =+INDEX(DataEx!$1:$1048576,MATCH('2015'!$A23,DataEx!$D:$D,0),MATCH('2015'!L$6,DataEx!$7:$7,0)) -> 1020289 | M23: =+INDEX(DataEx!$1:$1048576,MATCH('2015'!$A23,DataEx!$D:$D,0),MATCH('2015'!M$6,DataEx!$7:$7,0)) -> 1165990.1 | N23: =+INDEX(DataEx!$1:$1048576,MATCH('2015'!$A23,DataEx!$D:$D,0),MATCH('2015'!N$6,DataEx!$7:$7,0)) -> 0 | ... R23: =+INDEX(DataEx!$1:$1048576,MATCH('2015'!$A23,DataEx!$D:$D,0),MATCH('2015'!R$6,DataEx!$7:$7,0)) -> 0 | S23: =+SUM(G23:R23) -> 6373038.2 | T23: =+S23/$T$7 -> 0.0017801286
... A29: 74 | B29: =+VLOOKUP($A29,Master!$D$22:$G$218,4,FALSE) -> Donacije i transferi | G29: =+INDEX(DataEx!$1:$1048576,MATCH('2015'!$A29,DataEx!$D:$D,0),MATCH('2015'!G$6,DataEx!$7:$7,0)) -> 261888.06 | H29: =+INDEX(DataEx!$1:$1048576,MATCH('2015'!$A29,DataEx!$D:$D,0),MATCH('2015'!H$6,DataEx!$7:$7,0)) -> 275848.11 | I29: =+INDEX(DataEx!$1:$1048576,MATCH('2015'!$A29,DataEx!$D:$D,0),MATCH('2015'!I$6,DataEx!$7:$7,0)) -> 287203.82 | J29: =+INDEX(DataEx!$1:$1048576,MATCH('2015'!$A29,DataEx!$D:$D,0),MATCH('2015'!J$6,DataEx!$7:$7,0)) -> 570763.19 | K29: =+INDEX(DataEx!$1:$1048576,MATCH('2015'!$A29,DataEx!$D:$D,0),MATCH('2015'!K$6,DataEx!$7:$7,0)) -> 142862.19 | L29: =+INDEX(DataEx!$1:$1048576,MATCH('2015'!$A29,DataEx!$D:$D,0),MATCH('2015'!L$6,DataEx!$7:$7,0)) -> 464110.18 | M29: =+INDEX(DataEx!$1:$1048576,MATCH('2015'!$A29,DataEx!$D:$D,0),MATCH('2015'!M$6,DataEx!$7:$7,0)) -> 752588.29 | N29: =+INDEX(DataEx!$1:$1048576,MATCH('2015'!$A29,DataEx!$D:$D,0),MATCH('2015'!N$6,DataEx!$7:$7,0)) -> 0 | ... R29: =+INDEX(DataEx!$1:$1048576,MATCH('2015'!$A29,DataEx!$D:$D,0),MATCH('2015'!R$6,DataEx!$7:$7,0)) -> 0 | S29: =+SUM(G29:R29) -> 2755263.8 | T29: =+S29/$T$7 -> 0.00076960527
A30: 4 | B30: =+VLOOKUP($A30,Master!$D$22:$G$218,4,FALSE) -> Budžetki izdaci | G30: =+G32+G43+G49+SUM(G50:G54) -> 93119537 | H30: =+H32+H43+H49+SUM(H50:H54) -> 1.0805743e+08 | I30: =+I32+I43+I49+SUM(I50:I54) -> 1.1131369e+08 | J30: =+J32+J43+J49+SUM(J50:J54) -> 1.407419e+08 | K30: =+K32+K43+K49+SUM(K50:K54) -> 1.1329505e+08 | L30: =+L32+L43+L49+SUM(L50:L54) -> 1.3923903e+08 | M30: =+M32+M43+M49+SUM(M50:M54) -> 1.2507057e+08 | N30: =+N32+N43+N49+SUM(N50:N54) -> 0 | ... R30: =+R32+R43+R49+SUM(R50:R54) -> 0 | S30: =+SUM(G30:R30) -> 8.308372e+08 | T30: =+S30/$T$7 -> 0.23207095
A31: 41 | B31: =+VLOOKUP($A31,Master!$D$22:$G$218,4,FALSE) -> Tekući izdaci | G31: =+G30-G50 -> 92906938 | H31: =+H30-H50 -> 95015308 | I31: =+I30-I50 -> 1.0788822e+08 | J31: =+J30-J50 -> 1.2472504e+08 | K31: =+K30-K50 -> 1.1092145e+08 | L31: =+L30-L50 -> 1.2682514e+08 | M31: =+M30-M50 -> 1.2037342e+08 | N31: =+N30-N50 -> 0 | ... R31: =+R30-R50 -> 0 | S31: =+SUM(G31:R31) -> 7.7865552e+08 | T31: =+S31/$T$7 -> 0.21749547
A32: 40 | B32: =+VLOOKUP($A32,Master!$D$22:$G$218,4,FALSE) -> Tekući budžetski izdaci | G32: =+SUM(G33:G42) -> 40114151 | H32: =+SUM(H33:H42) -> 45951425 | I32: =+SUM(I33:I42) -> 52780143 | J32: =+SUM(J33:J42) -> 62848965 | K32: =+SUM(K33:K42) -> 59572005 | L32: =+SUM(L33:L42) -> 46791451 | M32: =+SUM(M33:M42) -> 53421896 | N32: =+SUM(N33:N42) -> 0 | ... R32: =+SUM(R33:R42) -> 0 | S32: =+SUM(G32:R32) -> 3.6148004e+08 | T32: =+S32/$T$7 -> 0.10096926
A33: 411 | B33: =+VLOOKUP($A33,Master!$D$22:$G$218,4,FALSE) -> Bruto zarade i doprinosi na teret poslodavca | G33: =+INDEX(DataEx!$1:$1048576,MATCH('2015'!$A33,DataEx!$D:$D,0),MATCH('2015'!G$6,DataEx!$7:$7,0)) -> 31417131 | H33: =+INDEX(DataEx!$1:$1048576,MATCH('2015'!$A33,DataEx!$D:$D,0),MATCH('2015'!H$6,DataEx!$7:$7,0)) -> 31713123 | I33: =+INDEX(DataEx!$1:$1048576,MATCH('2015'!$A33,DataEx!$D:$D,0),MATCH('2015'!I$6,DataEx!$7:$7,0)) -> 31097646 | J33: =+INDEX(DataEx!$1:$1048576,MATCH('2015'!$A33,DataEx!$D:$D,0),MATCH('2015'!J$6,DataEx!$7:$7,0)) -> 30027107 | K33: =+INDEX(DataEx!$1:$1048576,MATCH('2015'!$A33,DataEx!$D:$D,0),MATCH('2015'!K$6,DataEx!$7:$7,0)) -> 30719874 | L33: =+INDEX(DataEx!$1:$1048576,MATCH('2015'!$A33,DataEx!$D:$D,0),MATCH('2015'!L$6,DataEx!$7:$7,0)) -> 31555486 | M33: =+INDEX(DataEx!$1:$1048576,MATCH('2015'!$A33,DataEx!$D:$D,0),MATCH('2015'!M$6,DataEx!$7:$7,0)) -> 33924787 | N33: =+INDEX(DataEx!$1:$1048576,MATCH('2015'!$A33,DataEx!$D:$D,0),MATCH('2015'!N$6,DataEx!$7:$7,0)) -> 0 | ... R33: =+INDEX(DataEx!$1:$1048576,MATCH('2015'!$A33,DataEx!$D:$D,0),MATCH('2015'!R$6,DataEx!$7:$7,0)) -> 0 | S33: =+SUM(G33:R33) -> 2.2045516e+08 | T33: =+S33/$T$7 -> 0.061577932
A34: 412 | B34: =+VLOOKUP($A34,Master!$D$22:$G$218,4,FALSE) -> Ostala lična primanja | G34: =+INDEX(DataEx!$1:$1048576,MATCH('2015'!$A34,DataEx!$D:$D,0),MATCH('2015'!G$6,DataEx!$7:$7,0)) -> 328535.11 | H34: =+INDEX(DataEx!$1:$1048576,MATCH('2015'!$A34,DataEx!$D:$D,0),MATCH('2015'!H$6,DataEx!$7:$7,0)) -> 786646.23 | I34: =+INDEX(DataEx!$1:$1048576,MATCH('2015'!$A34,DataEx!$D:$D,0),MATCH('2015'!I$6,DataEx!$7:$7,0)) -> 1465514.3 | J34: =+INDEX(DataEx!$1:$1048576,MATCH('2015'!$A34,DataEx!$D:$D,0),MATCH('2015'!J$6,DataEx!$7:$7,0)) -> 2142337 | K34: =+INDEX(DataEx!$1:$1048576,MATCH('2015'!$A34,DataEx!$D:$D,0),MATCH('2015'!K$6,DataEx!$7:$7,0)) -> 810226.86 | L34: =+INDEX(DataEx!$1:$1048576,MATCH('2015'!$A34,DataEx!$D:$D,0),MATCH('2015'!L$6,DataEx!$7:$7,0)) -> 1128717 | M34: =+INDEX(DataEx!$1:$1048576,MATCH('2015'!$A34,DataEx!$D:$D,0),MATCH('2015'!M$6,DataEx!$7:$7,0)) -> 1168960.3 | N34: =+INDEX(DataEx!$1:$1048576,MATCH('2015'!$A34,DataEx!$D:$D,0),MATCH('2015'!N$6,DataEx!$7:$7,0)) -> 0 | ... R34: =+INDEX(DataEx!$1:$1048576,MATCH('2015'!$A34,DataEx!$D:$D,0),MATCH('2015'!R$6,DataEx!$7:$7,0)) -> 0 | S34: =+SUM(G34:R34) -> 7830936.8 | T34: =+S34/$T$7 -> 0.0021873514
A35: 413 | B35: =+VLOOKUP($A35,Master!$D$22:$G$218,4,FALSE) -> Rashodi za materijal | G35: =+INDEX(DataEx!$1:$1048576,MATCH('2015'!$A35,DataEx!$D:$D,0),MATCH('2015'!G$6,DataEx!$7:$7,0)) -> 641443.39 | H35: =+INDEX(DataEx!$1:$1048576,MATCH('2015'!$A35,DataEx!$D:$D,0),MATCH('2015'!H$6,DataEx!$7:$7,0)) -> 2630606.9 | I35: =+INDEX(DataEx!$1:$1048576,MATCH('2015'!$A35,DataEx!$D:$D,0),MATCH('2015'!I$6,DataEx!$7:$7,0)) -> 2148164.2 | J35: =+INDEX(DataEx!$1:$1048576,MATCH('2015'!$A35,DataEx!$D:$D,0),MATCH('2015'!J$6,DataEx!$7:$7,0)) -> 1773807.4 | K35: =+INDEX(DataEx!$1:$1048576,MATCH('2015'!$A35,DataEx!$D:$D,0),MATCH('2015'!K$6,DataEx!$7:$7,0)) -> 1663095.6 | L35: =+INDEX(DataEx!$1:$1048576,MATCH('2015'!$A35,DataEx!$D:$D,0),MATCH('2015'!L$6,DataEx!$7:$7,0)) -> 1398739 | M35: =+INDEX(DataEx!$1:$1048576,MATCH('2015'!$A35,DataEx!$D:$D,0),MATCH('2015'!M$6,DataEx!$7:$7,0)) -> 1570319.5 | N35: =+INDEX(DataEx!$1:$1048576,MATCH('2015'!$A35,DataEx!$D:$D,0),MATCH('2015'!N$6,DataEx!$7:$7,0)) -> 0 | ... R35: =+INDEX(DataEx!$1:$1048576,MATCH('2015'!$A35,DataEx!$D:$D,0),MATCH('2015'!R$6,DataEx!$7:$7,0)) -> 0 | S35: =+SUM(G35:R35) -> 11826176 | T35: =+S35/$T$7 -> 0.0033033089
A36: 414 | B36: =+VLOOKUP($A36,Master!$D$22:$G$218,4,FALSE) -> Rashodi za usluge | G36: =+INDEX(DataEx!$1:$1048576,MATCH('2015'!$A36,DataEx!$D:$D,0),MATCH('2015'!G$6,DataEx!$7:$7,0)) -> 1667941.3 | H36: =+INDEX(DataEx!$1:$1048576,MATCH('2015'!$A36,DataEx!$D:$D,0),MATCH('2015'!H$6,DataEx!$7:$7,0)) -> 2872903.5 | I36: =+INDEX(DataEx!$1:$1048576,MATCH('2015'!$A36,DataEx!$D:$D,0),MATCH('2015'!I$6,DataEx!$7:$7,0)) -> 3755417.1 | J36: =+INDEX(DataEx!$1:$1048576,MATCH('2015'!$A36,DataEx!$D:$D,0),MATCH('2015'!J$6,DataEx!$7:$7,0)) -> 4647276.9 | K36: =+INDEX(DataEx!$1:$1048576,MATCH('2015'!$A36,DataEx!$D:$D,0),MATCH('2015'!K$6,DataEx!$7:$7,0)) -> 3742204.5 | L36: =+INDEX(DataEx!$1:$1048576,MATCH('2015'!$A36,DataEx!$D:$D,0),MATCH('2015'!L$6,DataEx!$7:$7,0)) -> 3232228.6 | M36: =+INDEX(DataEx!$1:$1048576,MATCH('2015'!$A36,DataEx!$D:$D,0),MATCH('2015'!M$6,DataEx!$7:$7,0)) -> 5116631.2 | N36: =+INDEX(DataEx!$1:$1048576,MATCH('2015'!$A36,DataEx!$D:$D,0),MATCH('2015'!N$6,DataEx!$7:$7,0)) -> 0 | ... R36: =+INDEX(DataEx!$1:$1048576,MATCH('2015'!$A36,DataEx!$D:$D,0),MATCH('2015'!R$6,DataEx!$7:$7,0)) -> 0 | S36: =+SUM(G36:R36) -> 25034603 | T36: =+S36/$T$7 -> 0.0069927105
A37: 415 | B37: =+VLOOKUP($A37,Master!$D$22:$G$218,4,FALSE) -> Rashodi za tekuće održavanje | G37: =+INDEX(DataEx!$1:$1048576,MATCH('2015'!$A37,DataEx!$D:$D,0),MATCH('2015'!G$6,DataEx!$7:$7,0)) -> 605572.42 | H37: =+INDEX(DataEx!$1:$1048576,MATCH('2015'!$A37,DataEx!$D:$D,0),MATCH('2015'!H$6,DataEx!$7:$7,0)) -> 1430948.3 | I37: =+INDEX(DataEx!$1:$1048576,MATCH('2015'!$A37,DataEx!$D:$D,0),MATCH('2015'!I$6,DataEx!$7:$7,0)) -> 1541160 | J37: =+INDEX(DataEx!$1:$1048576,MATCH('2015'!$A37,DataEx!$D:$D,0),MATCH('2015'!J$6,DataEx!$7:$7,0)) -> 1495923.9 | K37: =+INDEX(DataEx!$1:$1048576,MATCH('2015'!$A37,DataEx!$D:$D,0),MATCH('2015'!K$6,DataEx!$7:$7,0)) -> 1537431.4 | L37: =+INDEX(DataEx!$1:$1048576,MATCH('2015'!$A37,DataEx!$D:$D,0),MATCH('2015'!L$6,DataEx!$7:$7,0)) -> 1471949.1 | M37: =+INDEX(DataEx!$1:$1048576,MATCH('2015'!$A37,DataEx!$D:$D,0),MATCH('2015'!M$6,DataEx!$7:$7,0)) -> 787559.14 | N37: =+INDEX(DataEx!$1:$1048576,MATCH('2015'!$A37,DataEx!$D:$D,0),MATCH('2015'!N$6,DataEx!$7:$7,0)) -> 0 | ... R37: =+INDEX(DataEx!$1:$1048576,MATCH('2015'!$A37,DataEx!$D:$D,0),MATCH('2015'!R$6,DataEx!$7:$7,0)) -> 0 | S37: =+SUM(G37:R37) -> 8870544.1 | T37: =+S37/$T$7 -> 0.0024777364
A38: 416 | B38: =+VLOOKUP($A38,Master!$D$22:$G$218,4,FALSE) -> Kamate | G38: =+INDEX(DataEx!$1:$1048576,MATCH('2015'!$A38,DataEx!$D:$D,0),MATCH('2015'!G$6,DataEx!$7:$7,0)) -> 2231451 | H38: =+INDEX(DataEx!$1:$1048576,MATCH('2015'!$A38,DataEx!$D:$D,0),MATCH('2015'!H$6,DataEx!$7:$7,0)) -> 2890207.9 | I38: =+INDEX(DataEx!$1:$1048576,MATCH('2015'!$A38,DataEx!$D:$D,0),MATCH('2015'!I$6,DataEx!$7:$7,0)) -> 5040574 | J38: =+INDEX(DataEx!$1:$1048576,MATCH('2015'!$A38,DataEx!$D:$D,0),MATCH('2015'!J$6,DataEx!$7:$7,0)) -> 19073853 | K38: =+INDEX(DataEx!$1:$1048576,MATCH('2015'!$A38,DataEx!$D:$D,0),MATCH('2015'!K$6,DataEx!$7:$7,0)) -> 15976194 | L38: =+INDEX(DataEx!$1:$1048576,MATCH('2015'!$A38,DataEx!$D:$D,0),MATCH('2015'!L$6,DataEx!$7:$7,0)) -> 4369899.5 | M38: =+INDEX(DataEx!$1:$1048576,MATCH('2015'!$A38,DataEx!$D:$D,0),MATCH('2015'!M$6,DataEx!$7:$7,0)) -> 5104939.2 | N38: =+INDEX(DataEx!$1:$1048576,MATCH('2015'!$A38,DataEx!$D:$D,0),MATCH('2015'!N$6,DataEx!$7:$7,0)) -> 0 | ... R38: =+INDEX(DataEx!$1:$1048576,MATCH('2015'!$A38,DataEx!$D:$D,0),MATCH('2015'!R$6,DataEx!$7:$7,0)) -> 0 | S38: =+SUM(G38:R38) -> 54687118 | T38: =+S38/$T$7 -> 0.015275305
A39: 417 | B39: =+VLOOKUP($A39,Master!$D$22:$G$218,4,FALSE) -> Renta | G39: =+INDEX(DataEx!$1:$1048576,MATCH('2015'!$A39,DataEx!$D:$D,0),MATCH('2015'!G$6,DataEx!$7:$7,0)) -> 1031507.5 | H39: =+INDEX(DataEx!$1:$1048576,MATCH('2015'!$A39,DataEx!$D:$D,0),MATCH('2015'!H$6,DataEx!$7:$7,0)) -> 317157.6 | I39: =+INDEX(DataEx!$1:$1048576,MATCH('2015'!$A39,DataEx!$D:$D,0),MATCH('2015'!I$6,DataEx!$7:$7,0)) -> 1109766.8 | J39: =+INDEX(DataEx!$1:$1048576,MATCH('2015'!$A39,DataEx!$D:$D,0),MATCH('2015'!J$6,DataEx!$7:$7,0)) -> 602143.53 | K39: =+INDEX(DataEx!$1:$1048576,MATCH('2015'!$A39,DataEx!$D:$D,0),MATCH('2015'!K$6,DataEx!$7:$7,0)) -> 694433.44 | L39: =+INDEX(DataEx!$1:$1048576,MATCH('2015'!$A39,DataEx!$D:$D,0),MATCH('2015'!L$6,DataEx!$7:$7,0)) -> 646801.95 | M39: =+INDEX(DataEx!$1:$1048576,MATCH('2015'!$A39,DataEx!$D:$D,0),MATCH('2015'!M$6,DataEx!$7:$7,0)) -> 742385.64 | N39: =+INDEX(DataEx!$1:$1048576,MATCH('2015'!$A39,DataEx!$D:$D,0),MATCH('2015'!N$6,DataEx!$7:$7,0)) -> 0 | ... R39: =+INDEX(DataEx!$1:$1048576,MATCH('2015'!$A39,DataEx!$D:$D,0),MATCH('2015'!R$6,DataEx!$7:$7,0)) -> 0 | S39: =+SUM(G39:R39) -> 5144196.5 | T39: =+S39/$T$7 -> 0.0014368863
A40: 418 | B40: =+VLOOKUP($A40,Master!$D$22:$G$218,4,FALSE) -> Subvencije | G40: =+INDEX(DataEx!$1:$1048576,MATCH('2015'!$A40,DataEx!$D:$D,0),MATCH('2015'!G$6,DataEx!$7:$7,0)) -> 1086971.1 | H40: =+INDEX(DataEx!$1:$1048576,MATCH('2015'!$A40,DataEx!$D:$D,0),MATCH('2015'!H$6,DataEx!$7:$7,0)) -> 1306305.7 | I40: =+INDEX(DataEx!$1:$1048576,MATCH('2015'!$A40,DataEx!$D:$D,0),MATCH('2015'!I$6,DataEx!$7:$7,0)) -> 2404016.9 | J40: =+INDEX(DataEx!$1:$1048576,MATCH('2015'!$A40,DataEx!$D:$D,0),MATCH('2015'!J$6,DataEx!$7:$7,0)) -> 539463.15 | K40: =+INDEX(DataEx!$1:$1048576,MATCH('2015'!$A40,DataEx!$D:$D,0),MATCH('2015'!K$6,DataEx!$7:$7,0)) -> 455124.37 | L40: =+INDEX(DataEx!$1:$1048576,MATCH('2015'!$A40,DataEx!$D:$D,0),MATCH('2015'!L$6,DataEx!$7:$7,0)) -> 403939.29 | M40: =+INDEX(DataEx!$1:$1048576,MATCH('2015'!$A40,DataEx!$D:$D,0),MATCH('2015'!M$6,DataEx!$7:$7,0)) -> 762127.46 | N40: =+INDEX(DataEx!$1:$1048576,MATCH('2015'!$A40,DataEx!$D:$D,0),MATCH('2015'!N$6,DataEx!$7:$7,0)) -> 0 | ... R40: =+INDEX(DataEx!$1:$1048576,MATCH('2015'!$A40,DataEx!$D:$D,0),MATCH('2015'!R$6,DataEx!$7:$7,0)) -> 0 | S40: =+SUM(G40:R40) -> 6957948 | T40: =+S40/$T$7 -> 0.0019435066
A41: 419 | B41: =+VLOOKUP($A41,Master!$D$22:$G$218,4,FALSE) -> Ostali izdaci | G41: =+INDEX(DataEx!$1:$1048576,MATCH('2015'!$A41,DataEx!$D:$D,0),MATCH('2015'!G$6,DataEx!$7:$7,0)) -> 1041875.1 | H41: =+INDEX(DataEx!$1:$1048576,MATCH('2015'!$A41,DataEx!$D:$D,0),MATCH('2015'!H$6,DataEx!$7:$7,0)) -> 1690971.1 | I41: =+INDEX(DataEx!$1:$1048576,MATCH('2015'!$A41,DataEx!$D:$D,0),MATCH('2015'!I$6,DataEx!$7:$7,0)) -> 2599611.3 | J41: =+INDEX(DataEx!$1:$1048576,MATCH('2015'!$A41,DataEx!$D:$D,0),MATCH('2015'!J$6,DataEx!$7:$7,0)) -> 1938086.8 | K41: =+INDEX(DataEx!$1:$1048576,MATCH('2015'!$A41,DataEx!$D:$D,0),MATCH('2015'!K$6,DataEx!$7:$7,0)) -> 2819257.6 | L41: =+INDEX(DataEx!$1:$1048576,MATCH('2015'!$A41,DataEx!$D:$D,0),MATCH('2015'!L$6,DataEx!$7:$7,0)) -> 1615135.1 | M41: =+INDEX(DataEx!$1:$1048576,MATCH('2015'!$A41,DataEx!$D:$D,0),MATCH('2015'!M$6,DataEx!$7:$7,0)) -> 3404287.6 | N41: =+INDEX(DataEx!$1:$1048576,MATCH('2015'!$A41,DataEx!$D:$D,0),MATCH('2015'!N$6,DataEx!$7:$7,0)) -> 0 | ... R41: =+INDEX(DataEx!$1:$1048576,MATCH('2015'!$A41,DataEx!$D:$D,0),MATCH('2015'!R$6,DataEx!$7:$7,0)) -> 0 | S41: =+SUM(G41:R41) -> 15109225 | T41: =+S41/$T$7 -> 0.004220336
A42: 440 | B42: =+VLOOKUP($A42,Master!$D$22:$G$218,4,FALSE) -> Kapitalni izdaci u tekućem budžetu | G42: =+INDEX(DataEx!$1:$1048576,MATCH('2015'!$A42,DataEx!$D:$D,0),MATCH('2015'!G$6,DataEx!$7:$7,0)) -> 61723.01 | H42: =+INDEX(DataEx!$1:$1048576,MATCH('2015'!$A42,DataEx!$D:$D,0),MATCH('2015'!H$6,DataEx!$7:$7,0)) -> 312554.87 | I42: =+INDEX(DataEx!$1:$1048576,MATCH('2015'!$A42,DataEx!$D:$D,0),MATCH('2015'!I$6,DataEx!$7:$7,0)) -> 1618272.2 | J42: =+INDEX(DataEx!$1:$1048576,MATCH('2015'!$A42,DataEx!$D:$D,0),MATCH('2015'!J$6,DataEx!$7:$7,0)) -> 608967.27 | K42: =+INDEX(DataEx!$1:$1048576,MATCH('2015'!$A42,DataEx!$D:$D,0),MATCH('2015'!K$6,DataEx!$7:$7,0)) -> 1154162.4 | L42: =+INDEX(DataEx!$1:$1048576,MATCH('2015'!$A42,DataEx!$D:$D,0),MATCH('2015'!L$6,DataEx!$7:$7,0)) -> 968554.92 | M42: =+INDEX(DataEx!$1:$1048576,MATCH('2015'!$A42,DataEx!$D:$D,0),MATCH('2015'!M$6,DataEx!$7:$7,0)) -> 839899 | N42: =+INDEX(DataEx!$1:$1048576,MATCH('2015'!$A42,DataEx!$D:$D,0),MATCH('2015'!N$6,DataEx!$7:$7,0)) -> 0 | ... R42: =+INDEX(DataEx!$1:$1048576,MATCH('2015'!$A42,DataEx!$D:$D,0),MATCH('2015'!R$6,DataEx!$7:$7,0)) -> 0 | S42: =+SUM(G42:R42) -> 5564133.7 | T42: =+S42/$T$7 -> 0.0015541839
A43: 42 | B43: =+VLOOKUP($A43,Master!$D$22:$G$218,4,FALSE) -> Transferi za socijalnu zaštitu | G43: =+SUM(G44:G48) -> 39786086 | H43: =+SUM(H44:H48) -> 40069752 | I43: =+SUM(I44:I48) -> 40864097 | J43: =+SUM(J44:J48) -> 40502348 | K43: =+SUM(K44:K48) -> 40971407 | L43: =+SUM(L44:L48) -> 40988720 | M43: =+SUM(M44:M48) -> 40367487 | N43: =+SUM(N44:N48) -> 0 | ... R43: =+SUM(R44:R48) -> 0 | S43: =+SUM(G43:R43) -> 2.835499e+08 | T43: =+S43/$T$7 -> 0.079201669
A44: 421 | B44: =+VLOOKUP($A44,Master!$D$22:$G$218,4,FALSE) -> Prava iz oblasti socijalne zaštite | G44: =+INDEX(DataEx!$1:$1048576,MATCH('2015'!$A44,DataEx!$D:$D,0),MATCH('2015'!G$6,DataEx!$7:$7,0)) -> 4939929.9 | H44: =+INDEX(DataEx!$1:$1048576,MATCH('2015'!$A44,DataEx!$D:$D,0),MATCH('2015'!H$6,DataEx!$7:$7,0)) -> 5097441.2 | I44: =+INDEX(DataEx!$1:$1048576,MATCH('2015'!$A44,DataEx!$D:$D,0),MATCH('2015'!I$6,DataEx!$7:$7,0)) -> 5071055.1 | J44: =+INDEX(DataEx!$1:$1048576,MATCH('2015'!$A44,DataEx!$D:$D,0),MATCH('2015'!J$6,DataEx!$7:$7,0)) -> 5139689.6 | K44: =+INDEX(DataEx!$1:$1048576,MATCH('2015'!$A44,DataEx!$D:$D,0),MATCH('2015'!K$6,DataEx!$7:$7,0)) -> 4851223.5 | L44: =+INDEX(DataEx!$1:$1048576,MATCH('2015'!$A44,DataEx!$D:$D,0),MATCH('2015'!L$6,DataEx!$7:$7,0)) -> 4951711.9 | M44: =+INDEX(DataEx!$1:$1048576,MATCH('2015'!$A44,DataEx!$D:$D,0),MATCH('2015'!M$6,DataEx!$7:$7,0)) -> 5250320.3 | N44: =+INDEX(DataEx!$1:$1048576,MATCH('2015'!$A44,DataEx!$D:$D,0),MATCH('2015'!N$6,DataEx!$7:$7,0)) -> 0 | ... R44: =+INDEX(DataEx!$1:$1048576,MATCH('2015'!$A44,DataEx!$D:$D,0),MATCH('2015'!R$6,DataEx!$7:$7,0)) -> 0 | S44: =+SUM(G44:R44) -> 35301371 | T44: =+S44/$T$7 -> 0.0098604429
A45: 422 | B45: =+VLOOKUP($A45,Master!$D$22:$G$218,4,FALSE) -> Sredstva za tehnološke viškove | G45: =+INDEX(DataEx!$1:$1048576,MATCH('2015'!$A45,DataEx!$D:$D,0),MATCH('2015'!G$6,DataEx!$7:$7,0)) -> 123264 | H45: =+INDEX(DataEx!$1:$1048576,MATCH('2015'!$A45,DataEx!$D:$D,0),MATCH('2015'!H$6,DataEx!$7:$7,0)) -> 1502573.8 | I45: =+INDEX(DataEx!$1:$1048576,MATCH('2015'!$A45,DataEx!$D:$D,0),MATCH('2015'!I$6,DataEx!$7:$7,0)) -> 1308387.6 | J45: =+INDEX(DataEx!$1:$1048576,MATCH('2015'!$A45,DataEx!$D:$D,0),MATCH('2015'!J$6,DataEx!$7:$7,0)) -> 1469394.4 | K45: =+INDEX(DataEx!$1:$1048576,MATCH('2015'!$A45,DataEx!$D:$D,0),MATCH('2015'!K$6,DataEx!$7:$7,0)) -> 2049731.9 | L45: =+INDEX(DataEx!$1:$1048576,MATCH('2015'!$A45,DataEx!$D:$D,0),MATCH('2015'!L$6,DataEx!$7:$7,0)) -> 2688479.9 | M45: =+INDEX(DataEx!$1:$1048576,MATCH('2015'!$A45,DataEx!$D:$D,0),MATCH('2015'!M$6,DataEx!$7:$7,0)) -> 975222.94 | N45: =+INDEX(DataEx!$1:$1048576,MATCH('2015'!$A45,DataEx!$D:$D,0),MATCH('2015'!N$6,DataEx!$7:$7,0)) -> 0 | ... R45: =+INDEX(DataEx!$1:$1048576,MATCH('2015'!$A45,DataEx!$D:$D,0),MATCH('2015'!R$6,DataEx!$7:$7,0)) -> 0 | S45: =+SUM(G45:R45) -> 10117055 | T45: =+S45/$T$7 -> 0.002825914
A46: 423 | B46: =+VLOOKUP($A46,Master!$D$22:$G$218,4,FALSE) -> Prava iz oblasti penzijskog i invalidskog osiguranja | G46: =+INDEX(DataEx!$1:$1048576,MATCH('2015'!$A46,DataEx!$D:$D,0),MATCH('2015'!G$6,DataEx!$7:$7,0)) -> 31902605 | H46: =+INDEX(DataEx!$1:$1048576,MATCH('2015'!$A46,DataEx!$D:$D,0),MATCH('2015'!H$6,DataEx!$7:$7,0)) -> 31653949 | I46: =+INDEX(DataEx!$1:$1048576,MATCH('2015'!$A46,DataEx!$D:$D,0),MATCH('2015'!I$6,DataEx!$7:$7,0)) -> 32846294 | J46: =+INDEX(DataEx!$1:$1048576,MATCH('2015'!$A46,DataEx!$D:$D,0),MATCH('2015'!J$6,DataEx!$7:$7,0)) -> 32093070 | K46: =+INDEX(DataEx!$1:$1048576,MATCH('2015'!$A46,DataEx!$D:$D,0),MATCH('2015'!K$6,DataEx!$7:$7,0)) -> 32083695 | L46: =+INDEX(DataEx!$1:$1048576,MATCH('2015'!$A46,DataEx!$D:$D,0),MATCH('2015'!L$6,DataEx!$7:$7,0)) -> 32184678 | M46: =+INDEX(DataEx!$1:$1048576,MATCH('2015'!$A46,DataEx!$D:$D,0),MATCH('2015'!M$6,DataEx!$7:$7,0)) -> 32230821 | N46: =+INDEX(DataEx!$1:$1048576,MATCH('2015'!$A46,DataEx!$D:$D,0),MATCH('2015'!N$6,DataEx!$7:$7,0)) -> 0 | ... R46: =+INDEX(DataEx!$1:$1048576,MATCH('2015'!$A46,DataEx!$D:$D,0),MATCH('2015'!R$6,DataEx!$7:$7,0)) -> 0 | S46: =+SUM(G46:R46) -> 2.2499511e+08 | T46: =+S46/$T$7 -> 0.062846041
A47: 424 | B47: =+VLOOKUP($A47,Master!$D$22:$G$218,4,FALSE) -> Ostala prava iz oblasti zdravstvene zaštite | G47: =+INDEX(DataEx!$1:$1048576,MATCH('2015'!$A47,DataEx!$D:$D,0),MATCH('2015'!G$6,DataEx!$7:$7,0)) -> 2071244.1 | H47: =+INDEX(DataEx!$1:$1048576,MATCH('2015'!$A47,DataEx!$D:$D,0),MATCH('2015'!H$6,DataEx!$7:$7,0)) -> 1199019.9 | I47: =+INDEX(DataEx!$1:$1048576,MATCH('2015'!$A47,DataEx!$D:$D,0),MATCH('2015'!I$6,DataEx!$7:$7,0)) -> 1102979.5 | J47: =+INDEX(DataEx!$1:$1048576,MATCH('2015'!$A47,DataEx!$D:$D,0),MATCH('2015'!J$6,DataEx!$7:$7,0)) -> 1146889.2 | K47: =+INDEX(DataEx!$1:$1048576,MATCH('2015'!$A47,DataEx!$D:$D,0),MATCH('2015'!K$6,DataEx!$7:$7,0)) -> 1220185.3 | L47: =+INDEX(DataEx!$1:$1048576,MATCH('2015'!$A47,DataEx!$D:$D,0),MATCH('2015'!L$6,DataEx!$7:$7,0)) -> 594321.54 | M47: =+INDEX(DataEx!$1:$1048576,MATCH('2015'!$A47,DataEx!$D:$D,0),MATCH('2015'!M$6,DataEx!$7:$7,0)) -> 1273205 | N47: =+INDEX(DataEx!$1:$1048576,MATCH('2015'!$A47,DataEx!$D:$D,0),MATCH('2015'!N$6,DataEx!$7:$7,0)) -> 0 | ... R47: =+INDEX(DataEx!$1:$1048576,MATCH('2015'!$A47,DataEx!$D:$D,0),MATCH('2015'!R$6,DataEx!$7:$7,0)) -> 0 | S47: =+SUM(G47:R47) -> 8607844.6 | T47: =+S47/$T$7 -> 0.0024043587
A48: 425 | B48: =+VLOOKUP($A48,Master!$D$22:$G$218,4,FALSE) -> Ostala prava iz zdravstvenog osiguranja | G48: =+INDEX(DataEx!$1:$1048576,MATCH('2015'!$A48,DataEx!$D:$D,0),MATCH('2015'!G$6,DataEx!$7:$7,0)) -> 749043.34 | H48: =+INDEX(DataEx!$1:$1048576,MATCH('2015'!$A48,DataEx!$D:$D,0),MATCH('2015'!H$6,DataEx!$7:$7,0)) -> 616767.45 | I48: =+INDEX(DataEx!$1:$1048576,MATCH('2015'!$A48,DataEx!$D:$D,0),MATCH('2015'!I$6,DataEx!$7:$7,0)) -> 535380.03 | J48: =+INDEX(DataEx!$1:$1048576,MATCH('2015'!$A48,DataEx!$D:$D,0),MATCH('2015'!J$6,DataEx!$7:$7,0)) -> 653304.87 | K48: =+INDEX(DataEx!$1:$1048576,MATCH('2015'!$A48,DataEx!$D:$D,0),MATCH('2015'!K$6,DataEx!$7:$7,0)) -> 766570.99 | L48: =+INDEX(DataEx!$1:$1048576,MATCH('2015'!$A48,DataEx!$D:$D,0),MATCH('2015'!L$6,DataEx!$7:$7,0)) -> 569528.72 | M48: =+INDEX(DataEx!$1:$1048576,MATCH('2015'!$A48,DataEx!$D:$D,0),MATCH('2015'!M$6,DataEx!$7:$7,0)) -> 637917.59 | N48: =+INDEX(DataEx!$1:$1048576,MATCH('2015'!$A48,DataEx!$D:$D,0),MATCH('2015'!N$6,DataEx!$7:$7,0)) -> 0 | ... R48: =+INDEX(DataEx!$1:$1048576,MATCH('2015'!$A48,DataEx!$D:$D,0),MATCH('2015'!R$6,DataEx!$7:$7,0)) -> 0 | S48: =+SUM(G48:R48) -> 4528513 | T48: =+S48/$T$7 -> 0.0012649124
A49: 43 | B49: =+VLOOKUP($A49,Master!$D$22:$G$218,4,FALSE) -> Transferi institucijama, pojedincima, nevladinom i javnom sektoru | G49: =+INDEX(DataEx!$1:$1048576,MATCH('2015'!$A49,DataEx!$D:$D,0),MATCH('2015'!G$6,DataEx!$7:$7,0)) -> 11457601 | H49: =+INDEX(DataEx!$1:$1048576,MATCH('2015'!$A49,DataEx!$D:$D,0),MATCH('2015'!H$6,DataEx!$7:$7,0)) -> 6752624.3 | I49: =+INDEX(DataEx!$1:$1048576,MATCH('2015'!$A49,DataEx!$D:$D,0),MATCH('2015'!I$6,DataEx!$7:$7,0)) -> 11420502 | J49: =+INDEX(DataEx!$1:$1048576,MATCH('2015'!$A49,DataEx!$D:$D,0),MATCH('2015'!J$6,DataEx!$7:$7,0)) -> 14999479 | K49: =+INDEX(DataEx!$1:$1048576,MATCH('2015'!$A49,DataEx!$D:$D,0),MATCH('2015'!K$6,DataEx!$7:$7,0)) -> 7593694.9 | L49: =+INDEX(DataEx!$1:$1048576,MATCH('2015'!$A49,DataEx!$D:$D,0),MATCH('2015'!L$6,DataEx!$7:$7,0)) -> 8431005.1 | M49: =+INDEX(DataEx!$1:$1048576,MATCH('2015'!$A49,DataEx!$D:$D,0),MATCH('2015'!M$6,DataEx!$7:$7,0)) -> 10744093 | N49: =+INDEX(DataEx!$1:$1048576,MATCH('2015'!$A49,DataEx!$D:$D,0),MATCH('2015'!N$6,DataEx!$7:$7,0)) -> 0 | ... R49: =+INDEX(DataEx!$1:$1048576,MATCH('2015'!$A49,DataEx!$D:$D,0),MATCH('2015'!R$6,DataEx!$7:$7,0)) -> 0 | S49: =+SUM(G49:R49) -> 71398999 | T49: =+S49/$T$7 -> 0.019943297
A50: 44 | B50: =+VLOOKUP($A50,Master!$D$22:$G$218,4,FALSE) -> Kapitalni budžet | G50: =+INDEX(DataEx!$1:$1048576,MATCH('2015'!$A50,DataEx!$D:$D,0),MATCH('2015'!G$6,DataEx!$7:$7,0)) -> 212599.13 | H50: =+INDEX(DataEx!$1:$1048576,MATCH('2015'!$A50,DataEx!$D:$D,0),MATCH('2015'!H$6,DataEx!$7:$7,0)) -> 13042118 | I50: =+INDEX(DataEx!$1:$1048576,MATCH('2015'!$A50,DataEx!$D:$D,0),MATCH('2015'!I$6,DataEx!$7:$7,0)) -> 3425472.7 | J50: =+INDEX(DataEx!$1:$1048576,MATCH('2015'!$A50,DataEx!$D:$D,0),MATCH('2015'!J$6,DataEx!$7:$7,0)) -> 16016853 | K50: =+INDEX(DataEx!$1:$1048576,MATCH('2015'!$A50,DataEx!$D:$D,0),MATCH('2015'!K$6,DataEx!$7:$7,0)) -> 2373603.1 | L50: =+INDEX(DataEx!$1:$1048576,MATCH('2015'!$A50,DataEx!$D:$D,0),MATCH('2015'!L$6,DataEx!$7:$7,0)) -> 12413886 | M50: =+INDEX(DataEx!$1:$1048576,MATCH('2015'!$A50,DataEx!$D:$D,0),MATCH('2015'!M$6,DataEx!$7:$7,0)) -> 4697147.7 | N50: =+INDEX(DataEx!$1:$1048576,MATCH('2015'!$A50,DataEx!$D:$D,0),MATCH('2015'!N$6,DataEx!$7:$7,0)) -> 0 | ... R50: =+INDEX(DataEx!$1:$1048576,MATCH('2015'!$A50,DataEx!$D:$D,0),MATCH('2015'!R$6,DataEx!$7:$7,0)) -> 0 | S50: =+SUM(G50:R50) -> 52181681 | T50: =+S50/$T$7 -> 0.014575481
A51: 451 | B51: =+VLOOKUP($A51,Master!$D$22:$G$218,4,FALSE) -> Pozajmice i krediti | G51: =+INDEX(DataEx!$1:$1048576,MATCH('2015'!$A51,DataEx!$D:$D,0),MATCH('2015'!G$6,DataEx!$7:$7,0)) -> 13003.12 | H51: =+INDEX(DataEx!$1:$1048576,MATCH('2015'!$A51,DataEx!$D:$D,0),MATCH('2015'!H$6,DataEx!$7:$7,0)) -> 303628 | I51: =+INDEX(DataEx!$1:$1048576,MATCH('2015'!$A51,DataEx!$D:$D,0),MATCH('2015'!I$6,DataEx!$7:$7,0)) -> 0 | J51: =+INDEX(DataEx!$1:$1048576,MATCH('2015'!$A51,DataEx!$D:$D,0),MATCH('2015'!J$6,DataEx!$7:$7,0)) -> 287926 | K51: =+INDEX(DataEx!$1:$1048576,MATCH('2015'!$A51,DataEx!$D:$D,0),MATCH('2015'!K$6,DataEx!$7:$7,0)) -> 0 | L51: =+INDEX(DataEx!$1:$1048576,MATCH('2015'!$A51,DataEx!$D:$D,0),MATCH('2015'!L$6,DataEx!$7:$7,0)) -> 298266 | M51: =+INDEX(DataEx!$1:$1048576,MATCH('2015'!$A51,DataEx!$D:$D,0),MATCH('2015'!M$6,DataEx!$7:$7,0)) -> 163833.34 | N51: =+INDEX(DataEx!$1:$1048576,MATCH('2015'!$A51,DataEx!$D:$D,0),MATCH('2015'!N$6,DataEx!$7:$7,0)) -> 0 | ... R51: =+INDEX(DataEx!$1:$1048576,MATCH('2015'!$A51,DataEx!$D:$D,0),MATCH('2015'!R$6,DataEx!$7:$7,0)) -> 0 | S51: =+SUM(G51:R51) -> 1066656.5 | T51: =+S51/$T$7 -> 0.00029794041
A52: 47 | B52: =+VLOOKUP($A52,Master!$D$22:$G$218,4,FALSE) -> Rezerve | G52: =+INDEX(DataEx!$1:$1048576,MATCH('2015'!$A52,DataEx!$D:$D,0),MATCH('2015'!G$6,DataEx!$7:$7,0)) -> 0 | H52: =+INDEX(DataEx!$1:$1048576,MATCH('2015'!$A52,DataEx!$D:$D,0),MATCH('2015'!H$6,DataEx!$7:$7,0)) -> 0 | I52: =+INDEX(DataEx!$1:$1048576,MATCH('2015'!$A52,DataEx!$D:$D,0),MATCH('2015'!I$6,DataEx!$7:$7,0)) -> 851526.67 | J52: =+INDEX(DataEx!$1:$1048576,MATCH('2015'!$A52,DataEx!$D:$D,0),MATCH('2015'!J$6,DataEx!$7:$7,0)) -> 2065789.5 | K52: =+INDEX(DataEx!$1:$1048576,MATCH('2015'!$A52,DataEx!$D:$D,0),MATCH('2015'!K$6,DataEx!$7:$7,0)) -> 349813.47 | L52: =+INDEX(DataEx!$1:$1048576,MATCH('2015'!$A52,DataEx!$D:$D,0),MATCH('2015'!L$6,DataEx!$7:$7,0)) -> 2801716.9 | M52: =+INDEX(DataEx!$1:$1048576,MATCH('2015'!$A52,DataEx!$D:$D,0),MATCH('2015'!M$6,DataEx!$7:$7,0)) -> 4098120.6 | N52: =+INDEX(DataEx!$1:$1048576,MATCH('2015'!$A52,DataEx!$D:$D,0),MATCH('2015'!N$6,DataEx!$7:$7,0)) -> 0 | ... R52: =+INDEX(DataEx!$1:$1048576,MATCH('2015'!$A52,DataEx!$D:$D,0),MATCH('2015'!R$6,DataEx!$7:$7,0)) -> 0 | S52: =+SUM(G52:R52) -> 10166967 | T52: =+S52/$T$7 -> 0.0028398556
A53: 462 | B53: =+VLOOKUP($A53,Master!$D$22:$G$218,4,FALSE) -> Otplata garancija | G53: =+INDEX(DataEx!$1:$1048576,MATCH('2015'!$A53,DataEx!$D:$D,0),MATCH('2015'!G$6,DataEx!$7:$7,0)) -> 0 | H53: =+INDEX(DataEx!$1:$1048576,MATCH('2015'!$A53,DataEx!$D:$D,0),MATCH('2015'!H$6,DataEx!$7:$7,0)) -> 0 | I53: =+INDEX(DataEx!$1:$1048576,MATCH('2015'!$A53,DataEx!$D:$D,0),MATCH('2015'!I$6,DataEx!$7:$7,0)) -> 0 | J53: =+INDEX(DataEx!$1:$1048576,MATCH('2015'!$A53,DataEx!$D:$D,0),MATCH('2015'!J$6,DataEx!$7:$7,0)) -> 0 | K53: =+INDEX(DataEx!$1:$1048576,MATCH('2015'!$A53,DataEx!$D:$D,0),MATCH('2015'!K$6,DataEx!$7:$7,0)) -> 0 | L53: =+INDEX(DataEx!$1:$1048576,MATCH('2015'!$A53,DataEx!$D:$D,0),MATCH('2015'!L$6,DataEx!$7:$7,0)) -> 0 | M53: =+INDEX(DataEx!$1:$1048576,MATCH('2015'!$A53,DataEx!$D:$D,0),MATCH('2015'!M$6,DataEx!$7:$7,0)) -> 0 | N53: =+INDEX(DataEx!$1:$1048576,MATCH('2015'!$A53,DataEx!$D:$D,0),MATCH('2015'!N$6,DataEx!$7:$7,0)) -> 0 | ... R53: =+INDEX(DataEx!$1:$1048576,MATCH('2015'!$A53,DataEx!$D:$D,0),MATCH('2015'!R$6,DataEx!$7:$7,0)) -> 0 | S53: =+SUM(G53:R53) -> 0 | T53: =+S53/$T$7 -> 0
A54: 4630 | B54: =+VLOOKUP($A54,Master!$D$22:$G$218,4,TRUE) -> Otplata obaveza iz prethodnih godina | G54: =+INDEX(DataEx!$1:$1048576,MATCH('2015'!$A54,DataEx!$D:$D,0),MATCH('2015'!G$6,DataEx!$7:$7,0)) -> 1536097.2 | H54: =+INDEX(DataEx!$1:$1048576,MATCH('2015'!$A54,DataEx!$D:$D,0),MATCH('2015'!H$6,DataEx!$7:$7,0)) -> 1937879 | I54: =+INDEX(DataEx!$1:$1048576,MATCH('2015'!$A54,DataEx!$D:$D,0),MATCH('2015'!I$6,DataEx!$7:$7,0)) -> 1971947.6 | J54: =+INDEX(DataEx!$1:$1048576,MATCH('2015'!$A54,DataEx!$D:$D,0),MATCH('2015'!J$6,DataEx!$7:$7,0)) -> 4020535.4 | K54: =+INDEX(DataEx!$1:$1048576,MATCH('2015'!$A54,DataEx!$D:$D,0),MATCH('2015'!K$6,DataEx!$7:$7,0)) -> 2434526.9 | L54: =+INDEX(DataEx!$1:$1048576,MATCH('2015'!$A54,DataEx!$D:$D,0),MATCH('2015'!L$6,DataEx!$7:$7,0)) -> 27513982 | M54: =+INDEX(DataEx!$1:$1048576,MATCH('2015'!$A54,DataEx!$D:$D,0),MATCH('2015'!M$6,DataEx!$7:$7,0)) -> 11577993 | N54: =+INDEX(DataEx!$1:$1048576,MATCH('2015'!$A54,DataEx!$D:$D,0),MATCH('2015'!N$6,DataEx!$7:$7,0)) -> 0 | ... R54: =+INDEX(DataEx!$1:$1048576,MATCH('2015'!$A54,DataEx!$D:$D,0),MATCH('2015'!R$6,DataEx!$7:$7,0)) -> 0 | S54: =+SUM(G54:R54) -> 50992961 | T54: =+S54/$T$7 -> 0.014243446
A55: 1005 | B55: =+VLOOKUP($A55,Master!$D$22:$G$220,4,FALSE) -> Neto povećanje obaveza | G55: =+INDEX(DataEx!$1:$1048576,MATCH('2015'!$A55,DataEx!$D:$D,0),MATCH('2015'!G$6,DataEx!$7:$7,0)) -> 0 | H55: =+INDEX(DataEx!$1:$1048576,MATCH('2015'!$A55,DataEx!$D:$D,0),MATCH('2015'!H$6,DataEx!$7:$7,0)) -> 0 | I55: =+INDEX(DataEx!$1:$1048576,MATCH('2015'!$A55,DataEx!$D:$D,0),MATCH('2015'!I$6,DataEx!$7:$7,0)) -> 0 | J55: =+INDEX(DataEx!$1:$1048576,MATCH('2015'!$A55,DataEx!$D:$D,0),MATCH('2015'!J$6,DataEx!$7:$7,0)) -> 0 | K55: =+INDEX(DataEx!$1:$1048576,MATCH('2015'!$A55,DataEx!$D:$D,0),MATCH('2015'!K$6,DataEx!$7:$7,0)) -> 0 | L55: =+INDEX(DataEx!$1:$1048576,MATCH('2015'!$A55,DataEx!$D:$D,0),MATCH('2015'!L$6,DataEx!$7:$7,0)) -> 0 | M55: =+INDEX(DataEx!$1:$1048576,MATCH('2015'!$A55,DataEx!$D:$D,0),MATCH('2015'!M$6,DataEx!$7:$7,0)) -> 0 | N55: =+INDEX(DataEx!$1:$1048576,MATCH('2015'!$A55,DataEx!$D:$D,0),MATCH('2015'!N$6,DataEx!$7:$7,0)) -> 0 | ... R55: =+INDEX(DataEx!$1:$1048576,MATCH('2015'!$A55,DataEx!$D:$D,0),MATCH('2015'!R$6,DataEx!$7:$7,0)) -> 0 | S55: =+SUM(G55:R55) -> 0 | T55: =+S55/$T$7 -> 0
A56: 1000 | B56: =+VLOOKUP($A56,Master!$D$22:$G$218,4,FALSE) -> Suficit / deficit | G56: =+G10-G30 -> -21938191 | H56: =+H10-H30 -> -21285412 | I56: =+I10-I30 -> -10982932 | J56: =+J10-J30 -> -29188751 | K56: =+K10-K30 -> -13492773 | L56: =+L10-L30 -> -21043576 | M56: =+M10-M30 -> 2404385.3 | N56: =+N10-N30 -> 0 | ... R56: =+R10-R30 -> 0 | S56: =+SUM(G56:R56) -> -1.1552725e+08 | T56: =+S56/$T$7 -> -0.03226928
A57: 1001 | B57: =+VLOOKUP($A57,Master!$D$22:$G$218,4,FALSE) -> Primarni bilans | G57: =+G56+G38 -> -19706740 | H57: =+H56+H38 -> -18395204 | I57: =+I56+I38 -> -5942357.7 | J57: =+J56+J38 -> -10114898 | K57: =+K56+K38 -> 2483421.7 | L57: =+L56+L38 -> -16673676 | M57: =+M56+M38 -> 7509324.5 | N57: =+N56+N38 -> 0 | ... R57: =+R56+R38 -> 0 | S57: =+SUM(G57:R57) -> -60840130 | T57: =+S57/$T$7 -> -0.016993975
A58: 46 | B58: =+VLOOKUP($A58,Master!$D$22:$G$218,4,FALSE) -> Otplata dugova | G58: =+SUM(G59:G60) -> 17043988 | H58: =+SUM(H59:H60) -> 1933056.2 | I58: =+SUM(I59:I60) -> 30815577 | J58: =+SUM(J59:J60) -> 39716380 | K58: =+SUM(K59:K60) -> 5165036.2 | L58: =+SUM(L59:L60) -> 34898792 | M58: =+SUM(M59:M60) -> 47031347 | N58: =+SUM(N59:N60) -> 0 | ... R58: =+SUM(R59:R60) -> 0 | S58: =+SUM(G58:R58) -> 1.7660418e+08 | T58: =+S58/$T$7 -> 0.049329398
A59: 4611 | B59: =+VLOOKUP($A59,Master!$D$22:$G$218,4,FALSE) -> Otplata hartija od vrijednosti i kredita rezidentima | G59: =+INDEX(DataEx!$1:$1048576,MATCH('2015'!$A59,DataEx!$D:$D,0),MATCH('2015'!G$6,DataEx!$7:$7,0)) -> 610568.83 | H59: =+INDEX(DataEx!$1:$1048576,MATCH('2015'!$A59,DataEx!$D:$D,0),MATCH('2015'!H$6,DataEx!$7:$7,0)) -> 814379.62 | I59: =+INDEX(DataEx!$1:$1048576,MATCH('2015'!$A59,DataEx!$D:$D,0),MATCH('2015'!I$6,DataEx!$7:$7,0)) -> 18805288 | J59: =+INDEX(DataEx!$1:$1048576,MATCH('2015'!$A59,DataEx!$D:$D,0),MATCH('2015'!J$6,DataEx!$7:$7,0)) -> 4348886.4 | K59: =+INDEX(DataEx!$1:$1048576,MATCH('2015'!$A59,DataEx!$D:$D,0),MATCH('2015'!K$6,DataEx!$7:$7,0)) -> 97613.57 | L59: =+INDEX(DataEx!$1:$1048576,MATCH('2015'!$A59,DataEx!$D:$D,0),MATCH('2015'!L$6,DataEx!$7:$7,0)) -> 13454297 | M59: =+INDEX(DataEx!$1:$1048576,MATCH('2015'!$A59,DataEx!$D:$D,0),MATCH('2015'!M$6,DataEx!$7:$7,0)) -> 22397928 | N59: =+INDEX(DataEx!$1:$1048576,MATCH('2015'!$A59,DataEx!$D:$D,0),MATCH('2015'!N$6,DataEx!$7:$7,0)) -> 0 | ... R59: =+INDEX(DataEx!$1:$1048576,MATCH('2015'!$A59,DataEx!$D:$D,0),MATCH('2015'!R$6,DataEx!$7:$7,0)) -> 0 | S59: =+SUM(G59:R59) -> 60528962 | T59: =+S59/$T$7 -> 0.016907059
A60: 4612 | B60: =+VLOOKUP($A60,Master!$D$22:$G$218,4,FALSE) -> Otplata hartija od vrijednosti i kredita nerezidentima | G60: =+INDEX(DataEx!$1:$1048576,MATCH('2015'!$A60,DataEx!$D:$D,0),MATCH('2015'!G$6,DataEx!$7:$7,0)) -> 16433419 | H60: =+INDEX(DataEx!$1:$1048576,MATCH('2015'!$A60,DataEx!$D:$D,0),MATCH('2015'!H$6,DataEx!$7:$7,0)) -> 1118676.6 | I60: =+INDEX(DataEx!$1:$1048576,MATCH('2015'!$A60,DataEx!$D:$D,0),MATCH('2015'!I$6,DataEx!$7:$7,0)) -> 12010289 | J60: =+INDEX(DataEx!$1:$1048576,MATCH('2015'!$A60,DataEx!$D:$D,0),MATCH('2015'!J$6,DataEx!$7:$7,0)) -> 35367494 | K60: =+INDEX(DataEx!$1:$1048576,MATCH('2015'!$A60,DataEx!$D:$D,0),MATCH('2015'!K$6,DataEx!$7:$7,0)) -> 5067422.6 | L60: =+INDEX(DataEx!$1:$1048576,MATCH('2015'!$A60,DataEx!$D:$D,0),MATCH('2015'!L$6,DataEx!$7:$7,0)) -> 21444495 | M60: =+INDEX(DataEx!$1:$1048576,MATCH('2015'!$A60,DataEx!$D:$D,0),MATCH('2015'!M$6,DataEx!$7:$7,0)) -> 24633419 | N60: =+INDEX(DataEx!$1:$1048576,MATCH('2015'!$A60,DataEx!$D:$D,0),MATCH('2015'!N$6,DataEx!$7:$7,0)) -> 0 | ... R60: =+INDEX(DataEx!$1:$1048576,MATCH('2015'!$A60,DataEx!$D:$D,0),MATCH('2015'!R$6,DataEx!$7:$7,0)) -> 0 | S60: =+SUM(G60:R60) -> 1.1607521e+08 | T60: =+S60/$T$7 -> 0.032422339
A61: 1002 | B61: =+VLOOKUP($A61,Master!$D$22:$G$218,4,FALSE) -> Nedostajuća sredstva | G61: =+G56-G58 -> -38982179 | H61: =+H56-H58 -> -23218468 | I61: =+I56-I58 -> -41798508 | J61: =+J56-J58 -> -68905131 | K61: =+K56-K58 -> -18657809 | L61: =+L56-L58 -> -55942367 | M61: =+M56-M58 -> -44626962 | N61: =+N56-N58 -> 0 | ... R61: =+R56-R58 -> 0 | S61: =+SUM(G61:R61) -> -2.9213142e+08 | T61: =+S61/$T$7 -> -0.081598677
A62: 1003 | B62: =+VLOOKUP($A62,Master!$D$22:$G$218,4,FALSE) -> Finansiranje | G62: =+SUM(G63:G66) -> 38982179 | H62: =+SUM(H63:H66) -> 23218468 | I62: =+SUM(I63:I66) -> 41798508 | J62: =+SUM(J63:J66) -> 68905131 | K62: =+SUM(K63:K66) -> 18657809 | L62: =+SUM(L63:L66) -> 55942367 | M62: =+SUM(M63:M66) -> 44626962 | N62: =+SUM(N63:N66) -> 0 | ... R62: =+SUM(R63:R66) -> 0 | S62: =+SUM(G62:R62) -> 2.9213142e+08 | T62: =+S62/$T$7 -> 0.081598677
A63: 7511 | B63: =+VLOOKUP($A63,Master!$D$22:$G$218,4,FALSE) -> Pozajmice i krediti od domaćih izvora | G63: =+INDEX(DataEx!$1:$1048576,MATCH('2015'!$A63,DataEx!$D:$D,0),MATCH('2015'!G$6,DataEx!$7:$7,0)) -> 21128188 | H63: =+INDEX(DataEx!$1:$1048576,MATCH('2015'!$A63,DataEx!$D:$D,0),MATCH('2015'!H$6,DataEx!$7:$7,0)) -> 1515711.6 | I63: =+INDEX(DataEx!$1:$1048576,MATCH('2015'!$A63,DataEx!$D:$D,0),MATCH('2015'!I$6,DataEx!$7:$7,0)) -> 12751233 | J63: =+INDEX(DataEx!$1:$1048576,MATCH('2015'!$A63,DataEx!$D:$D,0),MATCH('2015'!J$6,DataEx!$7:$7,0)) -> 0 | K63: =+INDEX(DataEx!$1:$1048576,MATCH('2015'!$A63,DataEx!$D:$D,0),MATCH('2015'!K$6,DataEx!$7:$7,0)) -> 0 | L63: =+INDEX(DataEx!$1:$1048576,MATCH('2015'!$A63,DataEx!$D:$D,0),MATCH('2015'!L$6,DataEx!$7:$7,0)) -> 0 | M63: =+INDEX(DataEx!$1:$1048576,MATCH('2015'!$A63,DataEx!$D:$D,0),MATCH('2015'!M$6,DataEx!$7:$7,0)) -> 0 | N63: =+INDEX(DataEx!$1:$1048576,MATCH('2015'!$A63,DataEx!$D:$D,0),MATCH('2015'!N$6,DataEx!$7:$7,0)) -> 0 | ... R63: =+INDEX(DataEx!$1:$1048576,MATCH('2015'!$A63,DataEx!$D:$D,0),MATCH('2015'!R$6,DataEx!$7:$7,0)) -> 0 | S63: =+SUM(G63:R63) -> 35395133 | T63: =+S63/$T$7 -> 0.0098866325
A64: 7512 | B64: =+VLOOKUP($A64,Master!$D$22:$G$218,4,FALSE) -> Pozajmice i krediti od inostranih izvora | G64: =+INDEX(DataEx!$1:$1048576,MATCH('2015'!$A64,DataEx!$D:$D,0),MATCH('2015'!G$6,DataEx!$7:$7,0)) -> 31032.59 | H64: =+INDEX(DataEx!$1:$1048576,MATCH('2015'!$A64,DataEx!$D:$D,0),MATCH('2015'!H$6,DataEx!$7:$7,0)) -> 329970.52 | I64: =+INDEX(DataEx!$1:$1048576,MATCH('2015'!$A64,DataEx!$D:$D,0),MATCH('2015'!I$6,DataEx!$7:$7,0)) -> 4.9652978e+08 | J64: =+INDEX(DataEx!$1:$1048576,MATCH('2015'!$A64,DataEx!$D:$D,0),MATCH('2015'!J$6,DataEx!$7:$7,0)) -> 360049 | K64: =+INDEX(DataEx!$1:$1048576,MATCH('2015'!$A64,DataEx!$D:$D,0),MATCH('2015'!K$6,DataEx!$7:$7,0)) -> 844590.43 | L64: =+INDEX(DataEx!$1:$1048576,MATCH('2015'!$A64,DataEx!$D:$D,0),MATCH('2015'!L$6,DataEx!$7:$7,0)) -> 858399.54 | M64: =+INDEX(DataEx!$1:$1048576,MATCH('2015'!$A64,DataEx!$D:$D,0),MATCH('2015'!M$6,DataEx!$7:$7,0)) -> 2048899.5 | N64: =+INDEX(DataEx!$1:$1048576,MATCH('2015'!$A64,DataEx!$D:$D,0),MATCH('2015'!N$6,DataEx!$7:$7,0)) -> 0 | ... R64: =+INDEX(DataEx!$1:$1048576,MATCH('2015'!$A64,DataEx!$D:$D,0),MATCH('2015'!R$6,DataEx!$7:$7,0)) -> 0 | S64: =+SUM(G64:R64) -> 5.0100272e+08 | T64: =+S64/$T$7 -> 0.13994099
A65: 72 | B65: =+VLOOKUP($A65,Master!$D$22:$G$218,4,FALSE) -> Primici od prodaje imovine | G65: =+INDEX(DataEx!$1:$1048576,MATCH('2015'!$A65,DataEx!$D:$D,0),MATCH('2015'!G$6,DataEx!$7:$7,0)) -> 282802.6 | H65: =+INDEX(DataEx!$1:$1048576,MATCH('2015'!$A65,DataEx!$D:$D,0),MATCH('2015'!H$6,DataEx!$7:$7,0)) -> 170462.88 | I65: =+INDEX(DataEx!$1:$1048576,MATCH('2015'!$A65,DataEx!$D:$D,0),MATCH('2015'!I$6,DataEx!$7:$7,0)) -> 996410.07 | J65: =+INDEX(DataEx!$1:$1048576,MATCH('2015'!$A65,DataEx!$D:$D,0),MATCH('2015'!J$6,DataEx!$7:$7,0)) -> 23946.27 | K65: =+INDEX(DataEx!$1:$1048576,MATCH('2015'!$A65,DataEx!$D:$D,0),MATCH('2015'!K$6,DataEx!$7:$7,0)) -> 2673826.1 | L65: =+INDEX(DataEx!$1:$1048576,MATCH('2015'!$A65,DataEx!$D:$D,0),MATCH('2015'!L$6,DataEx!$7:$7,0)) -> 40019.59 | M65: =+INDEX(DataEx!$1:$1048576,MATCH('2015'!$A65,DataEx!$D:$D,0),MATCH('2015'!M$6,DataEx!$7:$7,0)) -> 827672.56 | N65: =+INDEX(DataEx!$1:$1048576,MATCH('2015'!$A65,DataEx!$D:$D,0),MATCH('2015'!N$6,DataEx!$7:$7,0)) -> 0 | ... R65: =+INDEX(DataEx!$1:$1048576,MATCH('2015'!$A65,DataEx!$D:$D,0),MATCH('2015'!R$6,DataEx!$7:$7,0)) -> 0 | S65: =+SUM(G65:R65) -> 5015140.1 | T65: =+S65/$T$7 -> 0.001400838
A66: 1004 | B66: =+VLOOKUP($A66,Master!$D$22:$G$218,4,FALSE) -> Povećanje / smanjenje depozita | G66: =-G61-SUM(G63:G65) -> 17540155 | H66: =-H61-SUM(H63:H65) -> 21202323 | I66: =-I61-SUM(I63:I65) -> -4.6847892e+08 | J66: =-J61-SUM(J63:J65) -> 68521136 | K66: =-K61-SUM(K63:K65) -> 15139392 | L66: =-L61-SUM(L63:L65) -> 55043948 | M66: =-M61-SUM(M63:M65) -> 41750390 | N66: =-N61-SUM(N63:N65) -> 0 | ... R66: =-R61-SUM(R63:R65) -> 0 | S66: =+SUM(G66:R66) -> -2.4928157e+08 | T66: =+S66/$T$7 -> -0.069629779
G101: =+CONCATENATE(G6,"p") -> 2015-01p | H101: =+CONCATENATE(H6,"p") -> 2015-02p | I101: =+CONCATENATE(I6,"p") -> 2015-03p | J101: =+CONCATENATE(J6,"p") -> 2015-04p | K101: =+CONCATENATE(K6,"p") -> 2015-05p | L101: =+CONCATENATE(L6,"p") -> 2015-06p | M101: =+CONCATENATE(M6,"p") -> 2015-07p | N101: =+CONCATENATE(N6,"p") -> 2015-08p | ... R101: =+CONCATENATE(R6,"p") -> 2015-12p
B102: =+Master!G245 -> Plan ostvarenja budžeta | G102: 2015 | S102: =+S7 -> BDP | T102: =+T7 -> 3580100000
G103: =+G8 -> Januar | H103: =+H8 -> Februar | I103: =+I8 -> Mart | J103: =+J8 -> April | K103: =+K8 -> Maj | L103: =+L8 -> Jun | M103: =+M8 -> Jul | N103: =+N8 -> Avgust | ... R103: =+R8 -> Decembar | S103: =+Master!G239 -> Jan - Dec | T103: =+T8 -> 0
G104: mil. € | H104: mil. € | I104: mil. € | J104: mil. € | K104: mil. € | L104: mil. € | M104: mil. € | N104: mil. € | O104: mil. € | P104: mil. € | Q104: mil. € | R104: mil. € | S104: mil. € | T104: =+T9 -> % BDP
A105: =+CONCATENATE(A10,"p") -> 7p | B105: =+VLOOKUP(LEFT($A105,LEN(A105)-1)*1,Master!$D$22:$G$218,4,FALSE) -> Prihodi budžeta | G105: =+G106+G115+SUM(G120:G124) -> 69711124 | H105: =+H106+H115+SUM(H120:H124) -> 81327458 | I105: =+I106+I115+SUM(I120:I124) -> 1.0107477e+08 | J105: =+J106+J115+SUM(J120:J124) -> 1.1086834e+08 | K105: =+K106+K115+SUM(K120:K124) -> 1.0394145e+08 | L105: =+L106+L115+SUM(L120:L124) -> 1.1239887e+08 | M105: =+M106+M115+SUM(M120:M124) -> 1.2471798e+08 | N105: =+N106+N115+SUM(N120:N124) -> 1.2991681e+08 | ... R105: =+R106+R115+SUM(R120:R124) -> 1.5694802e+08 | S105: =+SUM(G105:R105) -> 1.3291793e+09 | T105: =+S105/$T$7 -> 0.37126875
A106: =+CONCATENATE(A11,"p") -> 711p | B106: =+VLOOKUP(LEFT($A106,LEN(A106)-1)*1,Master!$D$22:$G$218,4,FALSE) -> Porezi | G106: =+SUM(G107:G114) -> 47438462 | H106: =+SUM(H107:H114) -> 48051254 | I106: =+SUM(I107:I114) -> 68643021 | J106: =+SUM(J107:J114) -> 74644325 | K106: =+SUM(K107:K114) -> 62371540 | L106: =+SUM(L107:L114) -> 70088729 | M106: =+SUM(M107:M114) -> 83389342 | N106: =+SUM(N107:N114) -> 87963081 | ... R106: =+SUM(R107:R114) -> 78264034 | S106: =+SUM(G106:R106) -> 8.3267262e+08 | T106: =+S106/$T$7 -> 0.23258362
A107: =+CONCATENATE(A12,"p") -> 7111p | B107: =+VLOOKUP(LEFT($A107,LEN(A107)-1)*1,Master!$D$22:$G$218,4,FALSE) -> Porez na dohodak fizičkih lica | G107: =+INDEX(DataEx!$1:$1048576,MATCH('2015'!$A107,DataEx!$D:$D,0),MATCH('2015'!G$101,DataEx!$222:$222,0)) -> 3573995.4 | H107: =+INDEX(DataEx!$1:$1048576,MATCH('2015'!$A107,DataEx!$D:$D,0),MATCH('2015'!H$101,DataEx!$222:$222,0)) -> 6873844 | I107: =+INDEX(DataEx!$1:$1048576,MATCH('2015'!$A107,DataEx!$D:$D,0),MATCH('2015'!I$101,DataEx!$222:$222,0)) -> 8628957.8 | J107: =+INDEX(DataEx!$1:$1048576,MATCH('2015'!$A107,DataEx!$D:$D,0),MATCH('2015'!J$101,DataEx!$222:$222,0)) -> 8483434.6 | K107: =+INDEX(DataEx!$1:$1048576,MATCH('2015'!$A107,DataEx!$D:$D,0),MATCH('2015'!K$101,DataEx!$222:$222,0)) -> 9434922.6 | L107: =+INDEX(DataEx!$1:$1048576,MATCH('2015'!$A107,DataEx!$D:$D,0),MATCH('2015'!L$101,DataEx!$222:$222,0)) -> 8991934.7 | M107: =+INDEX(DataEx!$1:$1048576,MATCH('2015'!$A107,DataEx!$D:$D,0),MATCH('2015'!M$101,DataEx!$222:$222,0)) -> 9046366.1 | N107: =+INDEX(DataEx!$1:$1048576,MATCH('2015'!$A107,DataEx!$D:$D,0),MATCH('2015'!N$101,DataEx!$222:$222,0)) -> 9922440.4 | ... R107: =+INDEX(DataEx!$1:$1048576,MATCH('2015'!$A107,DataEx!$D:$D,0),MATCH('2015'!R$101,DataEx!$222:$222,0)) -> 17086876 | S107: =+SUM(G107:R107) -> 1.0792964e+08 | T107: =+S107/$T$7 -> 0.030147103
A108: =+CONCATENATE(A13,"p") -> 7112p | B108: =+VLOOKUP(LEFT($A108,LEN(A108)-1)*1,Master!$D$22:$G$218,4,FALSE) -> Porez na dobit pravnih lica | G108: =+INDEX(DataEx!$1:$1048576,MATCH('2015'!$A108,DataEx!$D:$D,0),MATCH('2015'!G$101,DataEx!$222:$222,0)) -> 932399.7 | H108: =+INDEX(DataEx!$1:$1048576,MATCH('2015'!$A108,DataEx!$D:$D,0),MATCH('2015'!H$101,DataEx!$222:$222,0)) -> 960648.11 | I108: =+INDEX(DataEx!$1:$1048576,MATCH('2015'!$A108,DataEx!$D:$D,0),MATCH('2015'!I$101,DataEx!$222:$222,0)) -> 11938576 | J108: =+INDEX(DataEx!$1:$1048576,MATCH('2015'!$A108,DataEx!$D:$D,0),MATCH('2015'!J$101,DataEx!$222:$222,0)) -> 12301967 | K108: =+INDEX(DataEx!$1:$1048576,MATCH('2015'!$A108,DataEx!$D:$D,0),MATCH('2015'!K$101,DataEx!$222:$222,0)) -> 2674098 | L108: =+INDEX(DataEx!$1:$1048576,MATCH('2015'!$A108,DataEx!$D:$D,0),MATCH('2015'!L$101,DataEx!$222:$222,0)) -> 3180140.9 | M108: =+INDEX(DataEx!$1:$1048576,MATCH('2015'!$A108,DataEx!$D:$D,0),MATCH('2015'!M$101,DataEx!$222:$222,0)) -> 5395660.8 | N108: =+INDEX(DataEx!$1:$1048576,MATCH('2015'!$A108,DataEx!$D:$D,0),MATCH('2015'!N$101,DataEx!$222:$222,0)) -> 2863130.1 | ... R108: =+INDEX(DataEx!$1:$1048576,MATCH('2015'!$A108,DataEx!$D:$D,0),MATCH('2015'!R$101,DataEx!$222:$222,0)) -> 1507473.9 | S108: =+SUM(G108:R108) -> 46635558 | T108: =+S108/$T$7 -> 0.013026328
A109: =+CONCATENATE(A14,"p") -> 7113p | B109: =+VLOOKUP(LEFT($A109,LEN(A109)-1)*1,Master!$D$22:$G$218,4,FALSE) -> Porez na promet nepokretnosti | G109: =+INDEX(DataEx!$1:$1048576,MATCH('2015'!$A109,DataEx!$D:$D,0),MATCH('2015'!G$101,DataEx!$222:$222,0)) -> 106071.8 | H109: =+INDEX(DataEx!$1:$1048576,MATCH('2015'!$A109,DataEx!$D:$D,0),MATCH('2015'!H$101,DataEx!$222:$222,0)) -> 113039.15 | I109: =+INDEX(DataEx!$1:$1048576,MATCH('2015'!$A109,DataEx!$D:$D,0),MATCH('2015'!I$101,DataEx!$222:$222,0)) -> 152502.19 | J109: =+INDEX(DataEx!$1:$1048576,MATCH('2015'!$A109,DataEx!$D:$D,0),MATCH('2015'!J$101,DataEx!$222:$222,0)) -> 145745.81 | K109: =+INDEX(DataEx!$1:$1048576,MATCH('2015'!$A109,DataEx!$D:$D,0),MATCH('2015'!K$101,DataEx!$222:$222,0)) -> 101292.24 | L109: =+INDEX(DataEx!$1:$1048576,MATCH('2015'!$A109,DataEx!$D:$D,0),MATCH('2015'!L$101,DataEx!$222:$222,0)) -> 111819.65 | M109: =+INDEX(DataEx!$1:$1048576,MATCH('2015'!$A109,DataEx!$D:$D,0),MATCH('2015'!M$101,DataEx!$222:$222,0)) -> 140720.55 | N109: =+INDEX(DataEx!$1:$1048576,MATCH('2015'!$A109,DataEx!$D:$D,0),MATCH('2015'!N$101,DataEx!$222:$222,0)) -> 137458.83 | ... R109: =+INDEX(DataEx!$1:$1048576,MATCH('2015'!$A109,DataEx!$D:$D,0),MATCH('2015'!R$101,DataEx!$222:$222,0)) -> 165968.97 | S109: =+SUM(G109:R109) -> 1555527.9 | T109: =+S109/$T$7 -> 0.00043449285
A110: =+CONCATENATE(A15,"p") -> 7114p | B110: =+VLOOKUP(LEFT($A110,LEN(A110)-1)*1,Master!$D$22:$G$218,4,FALSE) -> Porez na dodatu vrijednost | G110: =+INDEX(DataEx!$1:$1048576,MATCH('2015'!$A110,DataEx!$D:$D,0),MATCH('2015'!G$101,DataEx!$222:$222,0)) -> 30830394 | H110: =+INDEX(DataEx!$1:$1048576,MATCH('2015'!$A110,DataEx!$D:$D,0),MATCH('2015'!H$101,DataEx!$222:$222,0)) -> 29918551 | I110: =+INDEX(DataEx!$1:$1048576,MATCH('2015'!$A110,DataEx!$D:$D,0),MATCH('2015'!I$101,DataEx!$222:$222,0)) -> 35625079 | J110: =+INDEX(DataEx!$1:$1048576,MATCH('2015'!$A110,DataEx!$D:$D,0),MATCH('2015'!J$101,DataEx!$222:$222,0)) -> 39690661 | K110: =+INDEX(DataEx!$1:$1048576,MATCH('2015'!$A110,DataEx!$D:$D,0),MATCH('2015'!K$101,DataEx!$222:$222,0)) -> 34500291 | L110: =+INDEX(DataEx!$1:$1048576,MATCH('2015'!$A110,DataEx!$D:$D,0),MATCH('2015'!L$101,DataEx!$222:$222,0)) -> 39877523 | M110: =+INDEX(DataEx!$1:$1048576,MATCH('2015'!$A110,DataEx!$D:$D,0),MATCH('2015'!M$101,DataEx!$222:$222,0)) -> 48690602 | N110: =+INDEX(DataEx!$1:$1048576,MATCH('2015'!$A110,DataEx!$D:$D,0),MATCH('2015'!N$101,DataEx!$222:$222,0)) -> 51015618 | ... R110: =+INDEX(DataEx!$1:$1048576,MATCH('2015'!$A110,DataEx!$D:$D,0),MATCH('2015'!R$101,DataEx!$222:$222,0)) -> 42606371 | S110: =+SUM(G110:R110) -> 4.8024515e+08 | T110: =+S110/$T$7 -> 0.13414294
A111: =+CONCATENATE(A16,"p") -> 7115p | B111: =+VLOOKUP(LEFT($A111,LEN(A111)-1)*1,Master!$D$22:$G$218,4,FALSE) -> Akcize | G111: =+INDEX(DataEx!$1:$1048576,MATCH('2015'!$A111,DataEx!$D:$D,0),MATCH('2015'!G$101,DataEx!$222:$222,0)) -> 10746683 | H111: =+INDEX(DataEx!$1:$1048576,MATCH('2015'!$A111,DataEx!$D:$D,0),MATCH('2015'!H$101,DataEx!$222:$222,0)) -> 8544013.8 | I111: =+INDEX(DataEx!$1:$1048576,MATCH('2015'!$A111,DataEx!$D:$D,0),MATCH('2015'!I$101,DataEx!$222:$222,0)) -> 10140031 | J111: =+INDEX(DataEx!$1:$1048576,MATCH('2015'!$A111,DataEx!$D:$D,0),MATCH('2015'!J$101,DataEx!$222:$222,0)) -> 11606567 | K111: =+INDEX(DataEx!$1:$1048576,MATCH('2015'!$A111,DataEx!$D:$D,0),MATCH('2015'!K$101,DataEx!$222:$222,0)) -> 13190871 | L111: =+INDEX(DataEx!$1:$1048576,MATCH('2015'!$A111,DataEx!$D:$D,0),MATCH('2015'!L$101,DataEx!$222:$222,0)) -> 15159197 | M111: =+INDEX(DataEx!$1:$1048576,MATCH('2015'!$A111,DataEx!$D:$D,0),MATCH('2015'!M$101,DataEx!$222:$222,0)) -> 16918855 | N111: =+INDEX(DataEx!$1:$1048576,MATCH('2015'!$A111,DataEx!$D:$D,0),MATCH('2015'!N$101,DataEx!$222:$222,0)) -> 21078349 | ... R111: =+INDEX(DataEx!$1:$1048576,MATCH('2015'!$A111,DataEx!$D:$D,0),MATCH('2015'!R$101,DataEx!$222:$222,0)) -> 14437025 | S111: =+SUM(G111:R111) -> 1.6770979e+08 | T111: =+S111/$T$7 -> 0.046845002
A112: =+CONCATENATE(A17,"p") -> 7116p | B112: =+VLOOKUP(LEFT($A112,LEN(A112)-1)*1,Master!$D$22:$G$218,4,FALSE) -> Porez na međunarodnu trgovinu i transakcije | G112: =+INDEX(DataEx!$1:$1048576,MATCH('2015'!$A112,DataEx!$D:$D,0),MATCH('2015'!G$101,DataEx!$222:$222,0)) -> 997113.98 | H112: =+INDEX(DataEx!$1:$1048576,MATCH('2015'!$A112,DataEx!$D:$D,0),MATCH('2015'!H$101,DataEx!$222:$222,0)) -> 1331009.2 | I112: =+INDEX(DataEx!$1:$1048576,MATCH('2015'!$A112,DataEx!$D:$D,0),MATCH('2015'!I$101,DataEx!$222:$222,0)) -> 1733008.8 | J112: =+INDEX(DataEx!$1:$1048576,MATCH('2015'!$A112,DataEx!$D:$D,0),MATCH('2015'!J$101,DataEx!$222:$222,0)) -> 1927566 | K112: =+INDEX(DataEx!$1:$1048576,MATCH('2015'!$A112,DataEx!$D:$D,0),MATCH('2015'!K$101,DataEx!$222:$222,0)) -> 1957633.1 | L112: =+INDEX(DataEx!$1:$1048576,MATCH('2015'!$A112,DataEx!$D:$D,0),MATCH('2015'!L$101,DataEx!$222:$222,0)) -> 2209426.9 | M112: =+INDEX(DataEx!$1:$1048576,MATCH('2015'!$A112,DataEx!$D:$D,0),MATCH('2015'!M$101,DataEx!$222:$222,0)) -> 2614239.4 | N112: =+INDEX(DataEx!$1:$1048576,MATCH('2015'!$A112,DataEx!$D:$D,0),MATCH('2015'!N$101,DataEx!$222:$222,0)) -> 2369436.9 | ... R112: =+INDEX(DataEx!$1:$1048576,MATCH('2015'!$A112,DataEx!$D:$D,0),MATCH('2015'!R$101,DataEx!$222:$222,0)) -> 1969417.9 | S112: =+SUM(G112:R112) -> 22876442 | T112: =+S112/$T$7 -> 0.0063898892
A113: =+CONCATENATE(A18,"p") -> 7117p | B113: =+VLOOKUP(LEFT($A113,LEN(A113)-1)*1,Master!$D$22:$G$218,4,FALSE) -> Lokalni porezi | G113: =+INDEX(DataEx!$1:$1048576,MATCH('2015'!$A113,DataEx!$D:$D,0),MATCH('2015'!G$101,DataEx!$222:$222,0)) -> 0 | H113: =+INDEX(DataEx!$1:$1048576,MATCH('2015'!$A113,DataEx!$D:$D,0),MATCH('2015'!H$101,DataEx!$222:$222,0)) -> 0 | I113: =+INDEX(DataEx!$1:$1048576,MATCH('2015'!$A113,DataEx!$D:$D,0),MATCH('2015'!I$101,DataEx!$222:$222,0)) -> 0 | J113: =+INDEX(DataEx!$1:$1048576,MATCH('2015'!$A113,DataEx!$D:$D,0),MATCH('2015'!J$101,DataEx!$222:$222,0)) -> 0 | K113: =+INDEX(DataEx!$1:$1048576,MATCH('2015'!$A113,DataEx!$D:$D,0),MATCH('2015'!K$101,DataEx!$222:$222,0)) -> 0 | L113: =+INDEX(DataEx!$1:$1048576,MATCH('2015'!$A113,DataEx!$D:$D,0),MATCH('2015'!L$101,DataEx!$222:$222,0)) -> 0 | M113: =+INDEX(DataEx!$1:$1048576,MATCH('2015'!$A113,DataEx!$D:$D,0),MATCH('2015'!M$101,DataEx!$222:$222,0)) -> 0 | N113: =+INDEX(DataEx!$1:$1048576,MATCH('2015'!$A113,DataEx!$D:$D,0),MATCH('2015'!N$101,DataEx!$222:$222,0)) -> 0 | ... R113: =+INDEX(DataEx!$1:$1048576,MATCH('2015'!$A113,DataEx!$D:$D,0),MATCH('2015'!R$101,DataEx!$222:$222,0)) -> 0 | S113: =+SUM(G113:R113) -> 0 | T113: =+S113/$T$7 -> 0
A114: =+CONCATENATE(A19,"p") -> 7118p | B114: =+VLOOKUP(LEFT($A114,LEN(A114)-1)*1,Master!$D$22:$G$218,4,FALSE) -> Ostali republički porezi | G114: =+INDEX(DataEx!$1:$1048576,MATCH('2015'!$A114,DataEx!$D:$D,0),MATCH('2015'!G$101,DataEx!$222:$222,0)) -> 251804.38 | H114: =+INDEX(DataEx!$1:$1048576,MATCH('2015'!$A114,DataEx!$D:$D,0),MATCH('2015'!H$101,DataEx!$222:$222,0)) -> 310149.49 | I114: =+INDEX(DataEx!$1:$1048576,MATCH('2015'!$A114,DataEx!$D:$D,0),MATCH('2015'!I$101,DataEx!$222:$222,0)) -> 424865.45 | J114: =+INDEX(DataEx!$1:$1048576,MATCH('2015'!$A114,DataEx!$D:$D,0),MATCH('2015'!J$101,DataEx!$222:$222,0)) -> 488382.49 | K114: =+INDEX(DataEx!$1:$1048576,MATCH('2015'!$A114,DataEx!$D:$D,0),MATCH('2015'!K$101,DataEx!$222:$222,0)) -> 512432.56 | L114: =+INDEX(DataEx!$1:$1048576,MATCH('2015'!$A114,DataEx!$D:$D,0),MATCH('2015'!L$101,DataEx!$222:$222,0)) -> 558687.11 | M114: =+INDEX(DataEx!$1:$1048576,MATCH('2015'!$A114,DataEx!$D:$D,0),MATCH('2015'!M$101,DataEx!$222:$222,0)) -> 582898.83 | N114: =+INDEX(DataEx!$1:$1048576,MATCH('2015'!$A114,DataEx!$D:$D,0),MATCH('2015'!N$101,DataEx!$222:$222,0)) -> 576646.61 | ... R114: =+INDEX(DataEx!$1:$1048576,MATCH('2015'!$A114,DataEx!$D:$D,0),MATCH('2015'!R$101,DataEx!$222:$222,0)) -> 490901.32 | S114: =+SUM(G114:R114) -> 5720506.3 | T114: =+S114/$T$7 -> 0.0015978621
A115: =+CONCATENATE(A20,"p") -> 712p | B115: =+VLOOKUP(LEFT($A115,LEN(A115)-1)*1,Master!$D$22:$G$218,4,FALSE) -> Doprinosi | G115: =+SUM(G116:G119) -> 17453194 | H115: =+SUM(H116:H119) -> 27390143 | I115: =+SUM(I116:I119) -> 28082312 | J115: =+SUM(J116:J119) -> 30124961 | K115: =+SUM(K116:K119) -> 34683059 | L115: =+SUM(L116:L119) -> 35520128 | M115: =+SUM(M116:M119) -> 34214609 | N115: =+SUM(N116:N119) -> 35699733 | ... R115: =+SUM(R116:R119) -> 68390080 | S115: =+SUM(G115:R115) -> 4.1749217e+08 | T115: =+S115/$T$7 -> 0.11661467
A116: =+CONCATENATE(A21,"p") -> 7121p | B116: =+VLOOKUP(LEFT($A116,LEN(A116)-1)*1,Master!$D$22:$G$218,4,FALSE) -> Doprinosi za penzijsko i invalidsko osiguranje | G116: =+INDEX(DataEx!$1:$1048576,MATCH('2015'!$A116,DataEx!$D:$D,0),MATCH('2015'!G$101,DataEx!$222:$222,0)) -> 10835215 | H116: =+INDEX(DataEx!$1:$1048576,MATCH('2015'!$A116,DataEx!$D:$D,0),MATCH('2015'!H$101,DataEx!$222:$222,0)) -> 17287568 | I116: =+INDEX(DataEx!$1:$1048576,MATCH('2015'!$A116,DataEx!$D:$D,0),MATCH('2015'!I$101,DataEx!$222:$222,0)) -> 16133815 | J116: =+INDEX(DataEx!$1:$1048576,MATCH('2015'!$A116,DataEx!$D:$D,0),MATCH('2015'!J$101,DataEx!$222:$222,0)) -> 17634570 | K116: =+INDEX(DataEx!$1:$1048576,MATCH('2015'!$A116,DataEx!$D:$D,0),MATCH('2015'!K$101,DataEx!$222:$222,0)) -> 20199574 | L116: =+INDEX(DataEx!$1:$1048576,MATCH('2015'!$A116,DataEx!$D:$D,0),MATCH('2015'!L$101,DataEx!$222:$222,0)) -> 20913507 | M116: =+INDEX(DataEx!$1:$1048576,MATCH('2015'!$A116,DataEx!$D:$D,0),MATCH('2015'!M$101,DataEx!$222:$222,0)) -> 20397161 | N116: =+INDEX(DataEx!$1:$1048576,MATCH('2015'!$A116,DataEx!$D:$D,0),MATCH('2015'!N$101,DataEx!$222:$222,0)) -> 20719280 | ... R116: =+INDEX(DataEx!$1:$1048576,MATCH('2015'!$A116,DataEx!$D:$D,0),MATCH('2015'!R$101,DataEx!$222:$222,0)) -> 40201163 | S116: =+SUM(G116:R116) -> 2.464054e+08 | T116: =+S116/$T$7 -> 0.068826401
A117: =+CONCATENATE(A22,"p") -> 7122p | B117: =+VLOOKUP(LEFT($A117,LEN(A117)-1)*1,Master!$D$22:$G$218,4,FALSE) -> Doprinosi za zdravstveno osiguranje | G117: =+INDEX(DataEx!$1:$1048576,MATCH('2015'!$A117,DataEx!$D:$D,0),MATCH('2015'!G$101,DataEx!$222:$222,0)) -> 5947210.2 | H117: =+INDEX(DataEx!$1:$1048576,MATCH('2015'!$A117,DataEx!$D:$D,0),MATCH('2015'!H$101,DataEx!$222:$222,0)) -> 8737953.1 | I117: =+INDEX(DataEx!$1:$1048576,MATCH('2015'!$A117,DataEx!$D:$D,0),MATCH('2015'!I$101,DataEx!$222:$222,0)) -> 10128218 | J117: =+INDEX(DataEx!$1:$1048576,MATCH('2015'!$A117,DataEx!$D:$D,0),MATCH('2015'!J$101,DataEx!$222:$222,0)) -> 10506186 | K117: =+INDEX(DataEx!$1:$1048576,MATCH('2015'!$A117,DataEx!$D:$D,0),MATCH('2015'!K$101,DataEx!$222:$222,0)) -> 12414423 | L117: =+INDEX(DataEx!$1:$1048576,MATCH('2015'!$A117,DataEx!$D:$D,0),MATCH('2015'!L$101,DataEx!$222:$222,0)) -> 12300410 | M117: =+INDEX(DataEx!$1:$1048576,MATCH('2015'!$A117,DataEx!$D:$D,0),MATCH('2015'!M$101,DataEx!$222:$222,0)) -> 11649339 | N117: =+INDEX(DataEx!$1:$1048576,MATCH('2015'!$A117,DataEx!$D:$D,0),MATCH('2015'!N$101,DataEx!$222:$222,0)) -> 12715929 | ... R117: =+INDEX(DataEx!$1:$1048576,MATCH('2015'!$A117,DataEx!$D:$D,0),MATCH('2015'!R$101,DataEx!$222:$222,0)) -> 23899153 | S117: =+SUM(G117:R117) -> 1.4545586e+08 | T117: =+S117/$T$7 -> 0.040628993
A118: =+CONCATENATE(A23,"p") -> 7123p | B118: =+VLOOKUP(LEFT($A118,LEN(A118)-1)*1,Master!$D$22:$G$218,4,FALSE) -> Doprinosi za osiguranje od nezaposlenosti | G118: =+INDEX(DataEx!$1:$1048576,MATCH('2015'!$A118,DataEx!$D:$D,0),MATCH('2015'!G$101,DataEx!$222:$222,0)) -> 405204.02 | H118: =+INDEX(DataEx!$1:$1048576,MATCH('2015'!$A118,DataEx!$D:$D,0),MATCH('2015'!H$101,DataEx!$222:$222,0)) -> 738084.51 | I118: =+INDEX(DataEx!$1:$1048576,MATCH('2015'!$A118,DataEx!$D:$D,0),MATCH('2015'!I$101,DataEx!$222:$222,0)) -> 913696.8 | J118: =+INDEX(DataEx!$1:$1048576,MATCH('2015'!$A118,DataEx!$D:$D,0),MATCH('2015'!J$101,DataEx!$222:$222,0)) -> 970828.39 | K118: =+INDEX(DataEx!$1:$1048576,MATCH('2015'!$A118,DataEx!$D:$D,0),MATCH('2015'!K$101,DataEx!$222:$222,0)) -> 1071963.8 | L118: =+INDEX(DataEx!$1:$1048576,MATCH('2015'!$A118,DataEx!$D:$D,0),MATCH('2015'!L$101,DataEx!$222:$222,0)) -> 1078875.1 | M118: =+INDEX(DataEx!$1:$1048576,MATCH('2015'!$A118,DataEx!$D:$D,0),MATCH('2015'!M$101,DataEx!$222:$222,0)) -> 1021891.8 | N118: =+INDEX(DataEx!$1:$1048576,MATCH('2015'!$A118,DataEx!$D:$D,0),MATCH('2015'!N$101,DataEx!$222:$222,0)) -> 1115094.7 | ... R118: =+INDEX(DataEx!$1:$1048576,MATCH('2015'!$A118,DataEx!$D:$D,0),MATCH('2015'!R$101,DataEx!$222:$222,0)) -> 2120234.2 | S118: =+SUM(G118:R118) -> 12721702 | T118: =+S118/$T$7 -> 0.0035534487
A119: =+CONCATENATE(A24,"p") -> 7124p | B119: =+VLOOKUP(LEFT($A119,LEN(A119)-1)*1,Master!$D$22:$G$218,4,FALSE) -> Ostali doprinosi | G119: =+INDEX(DataEx!$1:$1048576,MATCH('2015'!$A119,DataEx!$D:$D,0),MATCH('2015'!G$101,DataEx!$222:$222,0)) -> 265564.88 | H119: =+INDEX(DataEx!$1:$1048576,MATCH('2015'!$A119,DataEx!$D:$D,0),MATCH('2015'!H$101,DataEx!$222:$222,0)) -> 626537.1 | I119: =+INDEX(DataEx!$1:$1048576,MATCH('2015'!$A119,DataEx!$D:$D,0),MATCH('2015'!I$101,DataEx!$222:$222,0)) -> 906582.94 | J119: =+INDEX(DataEx!$1:$1048576,MATCH('2015'!$A119,DataEx!$D:$D,0),MATCH('2015'!J$101,DataEx!$222:$222,0)) -> 1013376.4 | K119: =+INDEX(DataEx!$1:$1048576,MATCH('2015'!$A119,DataEx!$D:$D,0),MATCH('2015'!K$101,DataEx!$222:$222,0)) -> 997097.93 | L119: =+INDEX(DataEx!$1:$1048576,MATCH('2015'!$A119,DataEx!$D:$D,0),MATCH('2015'!L$101,DataEx!$222:$222,0)) -> 1227335.1 | M119: =+INDEX(DataEx!$1:$1048576,MATCH('2015'!$A119,DataEx!$D:$D,0),MATCH('2015'!M$101,DataEx!$222:$222,0)) -> 1146217 | N119: =+INDEX(DataEx!$1:$1048576,MATCH('2015'!$A119,DataEx!$D:$D,0),MATCH('2015'!N$101,DataEx!$222:$222,0)) -> 1149429.7 | ... R119: =+INDEX(DataEx!$1:$1048576,MATCH('2015'!$A119,DataEx!$D:$D,0),MATCH('2015'!R$101,DataEx!$222:$222,0)) -> 2169530.6 | S119: =+SUM(G119:R119) -> 12909215 | T119: =+S119/$T$7 -> 0.0036058251
A120: =+CONCATENATE(A25,"p") -> 713p | B120: =+VLOOKUP(LEFT($A120,LEN(A120)-1)*1,Master!$D$22:$G$218,4,FALSE) -> Takse | G120: =+INDEX(DataEx!$1:$1048576,MATCH('2015'!$A120,DataEx!$D:$D,0),MATCH('2015'!G$101,DataEx!$222:$222,0)) -> 1017432.9 | H120: =+INDEX(DataEx!$1:$1048576,MATCH('2015'!$A120,DataEx!$D:$D,0),MATCH('2015'!H$101,DataEx!$222:$222,0)) -> 2806441.8 | I120: =+INDEX(DataEx!$1:$1048576,MATCH('2015'!$A120,DataEx!$D:$D,0),MATCH('2015'!I$101,DataEx!$222:$222,0)) -> 1117006.3 | J120: =+INDEX(DataEx!$1:$1048576,MATCH('2015'!$A120,DataEx!$D:$D,0),MATCH('2015'!J$101,DataEx!$222:$222,0)) -> 1264717.5 | K120: =+INDEX(DataEx!$1:$1048576,MATCH('2015'!$A120,DataEx!$D:$D,0),MATCH('2015'!K$101,DataEx!$222:$222,0)) -> 1093045.5 | L120: =+INDEX(DataEx!$1:$1048576,MATCH('2015'!$A120,DataEx!$D:$D,0),MATCH('2015'!L$101,DataEx!$222:$222,0)) -> 1395345 | M120: =+INDEX(DataEx!$1:$1048576,MATCH('2015'!$A120,DataEx!$D:$D,0),MATCH('2015'!M$101,DataEx!$222:$222,0)) -> 1446144.3 | N120: =+INDEX(DataEx!$1:$1048576,MATCH('2015'!$A120,DataEx!$D:$D,0),MATCH('2015'!N$101,DataEx!$222:$222,0)) -> 1356791.6 | ... R120: =+INDEX(DataEx!$1:$1048576,MATCH('2015'!$A120,DataEx!$D:$D,0),MATCH('2015'!R$101,DataEx!$222:$222,0)) -> 1474390.5 | S120: =+SUM(G120:R120) -> 16902887 | T120: =+S120/$T$7 -> 0.0047213448
A121: =+CONCATENATE(A26,"p") -> 714p | B121: =+VLOOKUP(LEFT($A121,LEN(A121)-1)*1,Master!$D$22:$G$218,4,FALSE) -> Naknade | G121: =+INDEX(DataEx!$1:$1048576,MATCH('2015'!$A121,DataEx!$D:$D,0),MATCH('2015'!G$101,DataEx!$222:$222,0)) -> 1138267 | H121: =+INDEX(DataEx!$1:$1048576,MATCH('2015'!$A121,DataEx!$D:$D,0),MATCH('2015'!H$101,DataEx!$222:$222,0)) -> 756483.77 | I121: =+INDEX(DataEx!$1:$1048576,MATCH('2015'!$A121,DataEx!$D:$D,0),MATCH('2015'!I$101,DataEx!$222:$222,0)) -> 784896.45 | J121: =+INDEX(DataEx!$1:$1048576,MATCH('2015'!$A121,DataEx!$D:$D,0),MATCH('2015'!J$101,DataEx!$222:$222,0)) -> 716357.12 | K121: =+INDEX(DataEx!$1:$1048576,MATCH('2015'!$A121,DataEx!$D:$D,0),MATCH('2015'!K$101,DataEx!$222:$222,0)) -> 1133208.6 | L121: =+INDEX(DataEx!$1:$1048576,MATCH('2015'!$A121,DataEx!$D:$D,0),MATCH('2015'!L$101,DataEx!$222:$222,0)) -> 1267103 | M121: =+INDEX(DataEx!$1:$1048576,MATCH('2015'!$A121,DataEx!$D:$D,0),MATCH('2015'!M$101,DataEx!$222:$222,0)) -> 1342917.6 | N121: =+INDEX(DataEx!$1:$1048576,MATCH('2015'!$A121,DataEx!$D:$D,0),MATCH('2015'!N$101,DataEx!$222:$222,0)) -> 1226756.4 | ... R121: =+INDEX(DataEx!$1:$1048576,MATCH('2015'!$A121,DataEx!$D:$D,0),MATCH('2015'!R$101,DataEx!$222:$222,0)) -> 933609.97 | S121: =+SUM(G121:R121) -> 13478729 | T121: =+S121/$T$7 -> 0.0037649028
A122: =+CONCATENATE(A27,"p") -> 715p | B122: =+VLOOKUP(LEFT($A122,LEN(A122)-1)*1,Master!$D$22:$G$218,4,FALSE) -> Ostali prihodi | G122: =+INDEX(DataEx!$1:$1048576,MATCH('2015'!$A122,DataEx!$D:$D,0),MATCH('2015'!G$101,DataEx!$222:$222,0)) -> 2409154.4 | H122: =+INDEX(DataEx!$1:$1048576,MATCH('2015'!$A122,DataEx!$D:$D,0),MATCH('2015'!H$101,DataEx!$222:$222,0)) -> 1483280.4 | I122: =+INDEX(DataEx!$1:$1048576,MATCH('2015'!$A122,DataEx!$D:$D,0),MATCH('2015'!I$101,DataEx!$222:$222,0)) -> 2006908.2 | J122: =+INDEX(DataEx!$1:$1048576,MATCH('2015'!$A122,DataEx!$D:$D,0),MATCH('2015'!J$101,DataEx!$222:$222,0)) -> 3182290 | K122: =+INDEX(DataEx!$1:$1048576,MATCH('2015'!$A122,DataEx!$D:$D,0),MATCH('2015'!K$101,DataEx!$222:$222,0)) -> 4231375.2 | L122: =+INDEX(DataEx!$1:$1048576,MATCH('2015'!$A122,DataEx!$D:$D,0),MATCH('2015'!L$101,DataEx!$222:$222,0)) -> 3386394 | M122: =+INDEX(DataEx!$1:$1048576,MATCH('2015'!$A122,DataEx!$D:$D,0),MATCH('2015'!M$101,DataEx!$222:$222,0)) -> 3090447 | N122: =+INDEX(DataEx!$1:$1048576,MATCH('2015'!$A122,DataEx!$D:$D,0),MATCH('2015'!N$101,DataEx!$222:$222,0)) -> 3087498.4 | ... R122: =+INDEX(DataEx!$1:$1048576,MATCH('2015'!$A122,DataEx!$D:$D,0),MATCH('2015'!R$101,DataEx!$222:$222,0)) -> 5396946.7 | S122: =+SUM(G122:R122) -> 36966986 | T122: =+S122/$T$7 -> 0.010325685
A123: =+CONCATENATE(A28,"p") -> 73p | B123: =+VLOOKUP(LEFT($A123,LEN(A123)-1)*1,Master!$D$22:$G$218,4,FALSE) -> Primici od otplate kredita i sredstva prenesena iz prethodne godine | G123: =+INDEX(DataEx!$1:$1048576,MATCH('2015'!$A123,DataEx!$D:$D,0),MATCH('2015'!G$101,DataEx!$222:$222,0)) -> 102742.57 | H123: =+INDEX(DataEx!$1:$1048576,MATCH('2015'!$A123,DataEx!$D:$D,0),MATCH('2015'!H$101,DataEx!$222:$222,0)) -> 80570.776 | I123: =+INDEX(DataEx!$1:$1048576,MATCH('2015'!$A123,DataEx!$D:$D,0),MATCH('2015'!I$101,DataEx!$222:$222,0)) -> 207943.58 | J123: =+INDEX(DataEx!$1:$1048576,MATCH('2015'!$A123,DataEx!$D:$D,0),MATCH('2015'!J$101,DataEx!$222:$222,0)) -> 255508.98 | K123: =+INDEX(DataEx!$1:$1048576,MATCH('2015'!$A123,DataEx!$D:$D,0),MATCH('2015'!K$101,DataEx!$222:$222,0)) -> 94657.993 | L123: =+INDEX(DataEx!$1:$1048576,MATCH('2015'!$A123,DataEx!$D:$D,0),MATCH('2015'!L$101,DataEx!$222:$222,0)) -> 451041.31 | M123: =+INDEX(DataEx!$1:$1048576,MATCH('2015'!$A123,DataEx!$D:$D,0),MATCH('2015'!M$101,DataEx!$222:$222,0)) -> 850260.28 | N123: =+INDEX(DataEx!$1:$1048576,MATCH('2015'!$A123,DataEx!$D:$D,0),MATCH('2015'!N$101,DataEx!$222:$222,0)) -> 271751.71 | ... R123: =+INDEX(DataEx!$1:$1048576,MATCH('2015'!$A123,DataEx!$D:$D,0),MATCH('2015'!R$101,DataEx!$222:$222,0)) -> 1332064.8 | S123: =+SUM(G123:R123) -> 5073747.9 | T123: =+S123/$T$7 -> 0.0014172084
A124: =+CONCATENATE(A29,"p") -> 74p | B124: =+VLOOKUP(LEFT($A124,LEN(A124)-1)*1,Master!$D$22:$G$218,4,FALSE) -> Donacije i transferi | G124: =+INDEX(DataEx!$1:$1048576,MATCH('2015'!$A124,DataEx!$D:$D,0),MATCH('2015'!G$101,DataEx!$222:$222,0)) -> 151870.61 | H124: =+INDEX(DataEx!$1:$1048576,MATCH('2015'!$A124,DataEx!$D:$D,0),MATCH('2015'!H$101,DataEx!$222:$222,0)) -> 759284.21 | I124: =+INDEX(DataEx!$1:$1048576,MATCH('2015'!$A124,DataEx!$D:$D,0),MATCH('2015'!I$101,DataEx!$222:$222,0)) -> 232686.29 | J124: =+INDEX(DataEx!$1:$1048576,MATCH('2015'!$A124,DataEx!$D:$D,0),MATCH('2015'!J$101,DataEx!$222:$222,0)) -> 680176.81 | K124: =+INDEX(DataEx!$1:$1048576,MATCH('2015'!$A124,DataEx!$D:$D,0),MATCH('2015'!K$101,DataEx!$222:$222,0)) -> 334566.54 | L124: =+INDEX(DataEx!$1:$1048576,MATCH('2015'!$A124,DataEx!$D:$D,0),MATCH('2015'!L$101,DataEx!$222:$222,0)) -> 290134.08 | M124: =+INDEX(DataEx!$1:$1048576,MATCH('2015'!$A124,DataEx!$D:$D,0),MATCH('2015'!M$101,DataEx!$222:$222,0)) -> 384254.59 | N124: =+INDEX(DataEx!$1:$1048576,MATCH('2015'!$A124,DataEx!$D:$D,0),MATCH('2015'!N$101,DataEx!$222:$222,0)) -> 311193.37 | ... R124: =+INDEX(DataEx!$1:$1048576,MATCH('2015'!$A124,DataEx!$D:$D,0),MATCH('2015'!R$101,DataEx!$222:$222,0)) -> 1156891.5 | S124: =+SUM(G124:R124) -> 6592119.8 | T124: =+S124/$T$7 -> 0.0018413228
A125: =+CONCATENATE(A30,"p") -> 4p | B125: =+VLOOKUP(LEFT($A125,LEN(A125)-1)*1,Master!$D$22:$G$218,4,FALSE) -> Budžetki izdaci | G125: =+G127+G138+G144+SUM(G145:G148) -> 1.3041407e+08 | H125: =+H127+H138+H144+SUM(H145:H148) -> 1.3041407e+08 | I125: =+I127+I138+I144+SUM(I145:I148) -> 1.3041407e+08 | J125: =+J127+J138+J144+SUM(J145:J148) -> 1.3041407e+08 | K125: =+K127+K138+K144+SUM(K145:K148) -> 1.3041407e+08 | L125: =+L127+L138+L144+SUM(L145:L148) -> 1.3041407e+08 | M125: =+M127+M138+M144+SUM(M145:M148) -> 1.3041407e+08 | N125: =+N127+N138+N144+SUM(N145:N148) -> 1.3041407e+08 | ... R125: =+R127+R138+R144+SUM(R145:R148) -> 1.3041407e+08 | S125: =+SUM(G125:R125) -> 1.5649688e+09 | T125: =+S125/$T$7 -> 0.43712992
A126: =+CONCATENATE(A31,"p") -> 41p | B126: =+VLOOKUP(LEFT($A126,LEN(A126)-1)*1,Master!$D$22:$G$218,4,FALSE) -> Tekući izdaci | G126: =+G125-G145 -> 1.0668931e+08 | H126: =+H125-H145 -> 1.0668931e+08 | I126: =+I125-I145 -> 1.0668931e+08 | J126: =+J125-J145 -> 1.0668931e+08 | K126: =+K125-K145 -> 1.0668931e+08 | L126: =+L125-L145 -> 1.0668931e+08 | M126: =+M125-M145 -> 1.0668931e+08 | N126: =+N125-N145 -> 1.0668931e+08 | ... R126: =+R125-R145 -> 1.0668931e+08 | S126: =+SUM(G126:R126) -> 1.2802717e+09 | T126: =+S126/$T$7 -> 0.35760782
A127: =+CONCATENATE(A32,"p") -> 40p | B127: =+VLOOKUP(LEFT($A127,LEN(A127)-1)*1,Master!$D$22:$G$218,4,FALSE) -> Tekući budžetski izdaci | G127: =+SUM(G128:G137) -> 52652196 | H127: =+SUM(H128:H137) -> 52652196 | I127: =+SUM(I128:I137) -> 52652196 | J127: =+SUM(J128:J137) -> 52652196 | K127: =+SUM(K128:K137) -> 52652196 | L127: =+SUM(L128:L137) -> 52652196 | M127: =+SUM(M128:M137) -> 52652196 | N127: =+SUM(N128:N137) -> 52652196 | ... R127: =+SUM(R128:R137) -> 52652196 | S127: =+SUM(G127:R127) -> 6.3182635e+08 | T127: =+S127/$T$7 -> 0.17648288
A128: =+CONCATENATE(A33,"p") -> 411p | B128: =+VLOOKUP(LEFT($A128,LEN(A128)-1)*1,Master!$D$22:$G$218,4,FALSE) -> Bruto zarade i doprinosi na teret poslodavca | G128: =+INDEX(DataEx!$1:$1048576,MATCH('2015'!$A128,DataEx!$D:$D,0),MATCH('2015'!G$101,DataEx!$222:$222,0)) -> 31613633 | H128: =+INDEX(DataEx!$1:$1048576,MATCH('2015'!$A128,DataEx!$D:$D,0),MATCH('2015'!H$101,DataEx!$222:$222,0)) -> 31613633 | I128: =+INDEX(DataEx!$1:$1048576,MATCH('2015'!$A128,DataEx!$D:$D,0),MATCH('2015'!I$101,DataEx!$222:$222,0)) -> 31613633 | J128: =+INDEX(DataEx!$1:$1048576,MATCH('2015'!$A128,DataEx!$D:$D,0),MATCH('2015'!J$101,DataEx!$222:$222,0)) -> 31613633 | K128: =+INDEX(DataEx!$1:$1048576,MATCH('2015'!$A128,DataEx!$D:$D,0),MATCH('2015'!K$101,DataEx!$222:$222,0)) -> 31613633 | L128: =+INDEX(DataEx!$1:$1048576,MATCH('2015'!$A128,DataEx!$D:$D,0),MATCH('2015'!L$101,DataEx!$222:$222,0)) -> 31613633 | M128: =+INDEX(DataEx!$1:$1048576,MATCH('2015'!$A128,DataEx!$D:$D,0),MATCH('2015'!M$101,DataEx!$222:$222,0)) -> 31613633 | N128: =+INDEX(DataEx!$1:$1048576,MATCH('2015'!$A128,DataEx!$D:$D,0),MATCH('2015'!N$101,DataEx!$222:$222,0)) -> 31613633 | ... R128: =+INDEX(DataEx!$1:$1048576,MATCH('2015'!$A128,DataEx!$D:$D,0),MATCH('2015'!R$101,DataEx!$222:$222,0)) -> 31613633 | S128: =+SUM(G128:R128) -> 3.793636e+08 | T128: =+S128/$T$7 -> 0.10596453
A129: =+CONCATENATE(A34,"p") -> 412p | B129: =+VLOOKUP(LEFT($A129,LEN(A129)-1)*1,Master!$D$22:$G$218,4,FALSE) -> Ostala lična primanja | G129: =+INDEX(DataEx!$1:$1048576,MATCH('2015'!$A129,DataEx!$D:$D,0),MATCH('2015'!G$101,DataEx!$222:$222,0)) -> 968300.42 | H129: =+INDEX(DataEx!$1:$1048576,MATCH('2015'!$A129,DataEx!$D:$D,0),MATCH('2015'!H$101,DataEx!$222:$222,0)) -> 968300.42 | I129: =+INDEX(DataEx!$1:$1048576,MATCH('2015'!$A129,DataEx!$D:$D,0),MATCH('2015'!I$101,DataEx!$222:$222,0)) -> 968300.42 | J129: =+INDEX(DataEx!$1:$1048576,MATCH('2015'!$A129,DataEx!$D:$D,0),MATCH('2015'!J$101,DataEx!$222:$222,0)) -> 968300.42 | K129: =+INDEX(DataEx!$1:$1048576,MATCH('2015'!$A129,DataEx!$D:$D,0),MATCH('2015'!K$101,DataEx!$222:$222,0)) -> 968300.42 | L129: =+INDEX(DataEx!$1:$1048576,MATCH('2015'!$A129,DataEx!$D:$D,0),MATCH('2015'!L$101,DataEx!$222:$222,0)) -> 968300.42 | M129: =+INDEX(DataEx!$1:$1048576,MATCH('2015'!$A129,DataEx!$D:$D,0),MATCH('2015'!M$101,DataEx!$222:$222,0)) -> 968300.42 | N129: =+INDEX(DataEx!$1:$1048576,MATCH('2015'!$A129,DataEx!$D:$D,0),MATCH('2015'!N$101,DataEx!$222:$222,0)) -> 968300.42 | ... R129: =+INDEX(DataEx!$1:$1048576,MATCH('2015'!$A129,DataEx!$D:$D,0),MATCH('2015'!R$101,DataEx!$222:$222,0)) -> 968300.42 | S129: =+SUM(G129:R129) -> 11619605 | T129: =+S129/$T$7 -> 0.0032456091
A130: =+CONCATENATE(A35,"p") -> 413p | B130: =+VLOOKUP(LEFT($A130,LEN(A130)-1)*1,Master!$D$22:$G$218,4,FALSE) -> Rashodi za materijal | G130: =+INDEX(DataEx!$1:$1048576,MATCH('2015'!$A130,DataEx!$D:$D,0),MATCH('2015'!G$101,DataEx!$222:$222,0)) -> 2450506.8 | H130: =+INDEX(DataEx!$1:$1048576,MATCH('2015'!$A130,DataEx!$D:$D,0),MATCH('2015'!H$101,DataEx!$222:$222,0)) -> 2450506.8 | I130: =+INDEX(DataEx!$1:$1048576,MATCH('2015'!$A130,DataEx!$D:$D,0),MATCH('2015'!I$101,DataEx!$222:$222,0)) -> 2450506.8 | J130: =+INDEX(DataEx!$1:$1048576,MATCH('2015'!$A130,DataEx!$D:$D,0),MATCH('2015'!J$101,DataEx!$222:$222,0)) -> 2450506.8 | K130: =+INDEX(DataEx!$1:$1048576,MATCH('2015'!$A130,DataEx!$D:$D,0),MATCH('2015'!K$101,DataEx!$222:$222,0)) -> 2450506.8 | L130: =+INDEX(DataEx!$1:$1048576,MATCH('2015'!$A130,DataEx!$D:$D,0),MATCH('2015'!L$101,DataEx!$222:$222,0)) -> 2450506.8 | M130: =+INDEX(DataEx!$1:$1048576,MATCH('2015'!$A130,DataEx!$D:$D,0),MATCH('2015'!M$101,DataEx!$222:$222,0)) -> 2450506.8 | N130: =+INDEX(DataEx!$1:$1048576,MATCH('2015'!$A130,DataEx!$D:$D,0),MATCH('2015'!N$101,DataEx!$222:$222,0)) -> 2450506.8 | ... R130: =+INDEX(DataEx!$1:$1048576,MATCH('2015'!$A130,DataEx!$D:$D,0),MATCH('2015'!R$101,DataEx!$222:$222,0)) -> 2450506.8 | S130: =+SUM(G130:R130) -> 29406082 | T130: =+S130/$T$7 -> 0.00821376
A131: =+CONCATENATE(A36,"p") -> 414p | B131: =+VLOOKUP(LEFT($A131,LEN(A131)-1)*1,Master!$D$22:$G$218,4,FALSE) -> Rashodi za usluge | G131: =+INDEX(DataEx!$1:$1048576,MATCH('2015'!$A131,DataEx!$D:$D,0),MATCH('2015'!G$101,DataEx!$222:$222,0)) -> 3460881.1 | H131: =+INDEX(DataEx!$1:$1048576,MATCH('2015'!$A131,DataEx!$D:$D,0),MATCH('2015'!H$101,DataEx!$222:$222,0)) -> 3460881.1 | I131: =+INDEX(DataEx!$1:$1048576,MATCH('2015'!$A131,DataEx!$D:$D,0),MATCH('2015'!I$101,DataEx!$222:$222,0)) -> 3460881.1 | J131: =+INDEX(DataEx!$1:$1048576,MATCH('2015'!$A131,DataEx!$D:$D,0),MATCH('2015'!J$101,DataEx!$222:$222,0)) -> 3460881.1 | K131: =+INDEX(DataEx!$1:$1048576,MATCH('2015'!$A131,DataEx!$D:$D,0),MATCH('2015'!K$101,DataEx!$222:$222,0)) -> 3460881.1 | L131: =+INDEX(DataEx!$1:$1048576,MATCH('2015'!$A131,DataEx!$D:$D,0),MATCH('2015'!L$101,DataEx!$222:$222,0)) -> 3460881.1 | M131: =+INDEX(DataEx!$1:$1048576,MATCH('2015'!$A131,DataEx!$D:$D,0),MATCH('2015'!M$101,DataEx!$222:$222,0)) -> 3460881.1 | N131: =+INDEX(DataEx!$1:$1048576,MATCH('2015'!$A131,DataEx!$D:$D,0),MATCH('2015'!N$101,DataEx!$222:$222,0)) -> 3460881.1 | ... R131: =+INDEX(DataEx!$1:$1048576,MATCH('2015'!$A131,DataEx!$D:$D,0),MATCH('2015'!R$101,DataEx!$222:$222,0)) -> 3460881.1 | S131: =+SUM(G131:R131) -> 41530574 | T131: =+S131/$T$7 -> 0.011600395
A132: =+CONCATENATE(A37,"p") -> 415p | B132: =+VLOOKUP(LEFT($A132,LEN(A132)-1)*1,Master!$D$22:$G$218,4,FALSE) -> Rashodi za tekuće održavanje | G132: =+INDEX(DataEx!$1:$1048576,MATCH('2015'!$A132,DataEx!$D:$D,0),MATCH('2015'!G$101,DataEx!$222:$222,0)) -> 1734268.4 | H132: =+INDEX(DataEx!$1:$1048576,MATCH('2015'!$A132,DataEx!$D:$D,0),MATCH('2015'!H$101,DataEx!$222:$222,0)) -> 1734268.4 | I132: =+INDEX(DataEx!$1:$1048576,MATCH('2015'!$A132,DataEx!$D:$D,0),MATCH('2015'!I$101,DataEx!$222:$222,0)) -> 1734268.4 | J132: =+INDEX(DataEx!$1:$1048576,MATCH('2015'!$A132,DataEx!$D:$D,0),MATCH('2015'!J$101,DataEx!$222:$222,0)) -> 1734268.4 | K132: =+INDEX(DataEx!$1:$1048576,MATCH('2015'!$A132,DataEx!$D:$D,0),MATCH('2015'!K$101,DataEx!$222:$222,0)) -> 1734268.4 | L132: =+INDEX(DataEx!$1:$1048576,MATCH('2015'!$A132,DataEx!$D:$D,0),MATCH('2015'!L$101,DataEx!$222:$222,0)) -> 1734268.4 | M132: =+INDEX(DataEx!$1:$1048576,MATCH('2015'!$A132,DataEx!$D:$D,0),MATCH('2015'!M$101,DataEx!$222:$222,0)) -> 1734268.4 | N132: =+INDEX(DataEx!$1:$1048576,MATCH('2015'!$A132,DataEx!$D:$D,0),MATCH('2015'!N$101,DataEx!$222:$222,0)) -> 1734268.4 | ... R132: =+INDEX(DataEx!$1:$1048576,MATCH('2015'!$A132,DataEx!$D:$D,0),MATCH('2015'!R$101,DataEx!$222:$222,0)) -> 1734268.4 | S132: =+SUM(G132:R132) -> 20811221 | T132: =+S132/$T$7 -> 0.0058130279
A133: =+CONCATENATE(A38,"p") -> 416p | B133: =+VLOOKUP(LEFT($A133,LEN(A133)-1)*1,Master!$D$22:$G$218,4,FALSE) -> Kamate | G133: =+INDEX(DataEx!$1:$1048576,MATCH('2015'!$A133,DataEx!$D:$D,0),MATCH('2015'!G$101,DataEx!$222:$222,0)) -> 6313823.7 | H133: =+INDEX(DataEx!$1:$1048576,MATCH('2015'!$A133,DataEx!$D:$D,0),MATCH('2015'!H$101,DataEx!$222:$222,0)) -> 6313823.7 | I133: =+INDEX(DataEx!$1:$1048576,MATCH('2015'!$A133,DataEx!$D:$D,0),MATCH('2015'!I$101,DataEx!$222:$222,0)) -> 6313823.7 | J133: =+INDEX(DataEx!$1:$1048576,MATCH('2015'!$A133,DataEx!$D:$D,0),MATCH('2015'!J$101,DataEx!$222:$222,0)) -> 6313823.7 | K133: =+INDEX(DataEx!$1:$1048576,MATCH('2015'!$A133,DataEx!$D:$D,0),MATCH('2015'!K$101,DataEx!$222:$222,0)) -> 6313823.7 | L133: =+INDEX(DataEx!$1:$1048576,MATCH('2015'!$A133,DataEx!$D:$D,0),MATCH('2015'!L$101,DataEx!$222:$222,0)) -> 6313823.7 | M133: =+INDEX(DataEx!$1:$1048576,MATCH('2015'!$A133,DataEx!$D:$D,0),MATCH('2015'!M$101,DataEx!$222:$222,0)) -> 6313823.7 | N133: =+INDEX(DataEx!$1:$1048576,MATCH('2015'!$A133,DataEx!$D:$D,0),MATCH('2015'!N$101,DataEx!$222:$222,0)) -> 6313823.7 | ... R133: =+INDEX(DataEx!$1:$1048576,MATCH('2015'!$A133,DataEx!$D:$D,0),MATCH('2015'!R$101,DataEx!$222:$222,0)) -> 6313823.7 | S133: =+SUM(G133:R133) -> 75765884 | T133: =+S133/$T$7 -> 0.021163064
A134: =+CONCATENATE(A39,"p") -> 417p | B134: =+VLOOKUP(LEFT($A134,LEN(A134)-1)*1,Master!$D$22:$G$218,4,FALSE) -> Renta | G134: =+INDEX(DataEx!$1:$1048576,MATCH('2015'!$A134,DataEx!$D:$D,0),MATCH('2015'!G$101,DataEx!$222:$222,0)) -> 693996.71 | H134: =+INDEX(DataEx!$1:$1048576,MATCH('2015'!$A134,DataEx!$D:$D,0),MATCH('2015'!H$101,DataEx!$222:$222,0)) -> 693996.71 | I134: =+INDEX(DataEx!$1:$1048576,MATCH('2015'!$A134,DataEx!$D:$D,0),MATCH('2015'!I$101,DataEx!$222:$222,0)) -> 693996.71 | J134: =+INDEX(DataEx!$1:$1048576,MATCH('2015'!$A134,DataEx!$D:$D,0),MATCH('2015'!J$101,DataEx!$222:$222,0)) -> 693996.71 | K134: =+INDEX(DataEx!$1:$1048576,MATCH('2015'!$A134,DataEx!$D:$D,0),MATCH('2015'!K$101,DataEx!$222:$222,0)) -> 693996.71 | L134: =+INDEX(DataEx!$1:$1048576,MATCH('2015'!$A134,DataEx!$D:$D,0),MATCH('2015'!L$101,DataEx!$222:$222,0)) -> 693996.71 | M134: =+INDEX(DataEx!$1:$1048576,MATCH('2015'!$A134,DataEx!$D:$D,0),MATCH('2015'!M$101,DataEx!$222:$222,0)) -> 693996.71 | N134: =+INDEX(DataEx!$1:$1048576,MATCH('2015'!$A134,DataEx!$D:$D,0),MATCH('2015'!N$101,DataEx!$222:$222,0)) -> 693996.71 | ... R134: =+INDEX(DataEx!$1:$1048576,MATCH('2015'!$A134,DataEx!$D:$D,0),MATCH('2015'!R$101,DataEx!$222:$222,0)) -> 693996.71 | S134: =+SUM(G134:R134) -> 8327960.5 | T134: =+S134/$T$7 -> 0.002326181
A135: =+CONCATENATE(A40,"p") -> 418p | B135: =+VLOOKUP(LEFT($A135,LEN(A135)-1)*1,Master!$D$22:$G$218,4,FALSE) -> Subvencije | G135: =+INDEX(DataEx!$1:$1048576,MATCH('2015'!$A135,DataEx!$D:$D,0),MATCH('2015'!G$101,DataEx!$222:$222,0)) -> 1770966.7 | H135: =+INDEX(DataEx!$1:$1048576,MATCH('2015'!$A135,DataEx!$D:$D,0),MATCH('2015'!H$101,DataEx!$222:$222,0)) -> 1770966.7 | I135: =+INDEX(DataEx!$1:$1048576,MATCH('2015'!$A135,DataEx!$D:$D,0),MATCH('2015'!I$101,DataEx!$222:$222,0)) -> 1770966.7 | J135: =+INDEX(DataEx!$1:$1048576,MATCH('2015'!$A135,DataEx!$D:$D,0),MATCH('2015'!J$101,DataEx!$222:$222,0)) -> 1770966.7 | K135: =+INDEX(DataEx!$1:$1048576,MATCH('2015'!$A135,DataEx!$D:$D,0),MATCH('2015'!K$101,DataEx!$222:$222,0)) -> 1770966.7 | L135: =+INDEX(DataEx!$1:$1048576,MATCH('2015'!$A135,DataEx!$D:$D,0),MATCH('2015'!L$101,DataEx!$222:$222,0)) -> 1770966.7 | M135: =+INDEX(DataEx!$1:$1048576,MATCH('2015'!$A135,DataEx!$D:$D,0),MATCH('2015'!M$101,DataEx!$222:$222,0)) -> 1770966.7 | N135: =+INDEX(DataEx!$1:$1048576,MATCH('2015'!$A135,DataEx!$D:$D,0),MATCH('2015'!N$101,DataEx!$222:$222,0)) -> 1770966.7 | ... R135: =+INDEX(DataEx!$1:$1048576,MATCH('2015'!$A135,DataEx!$D:$D,0),MATCH('2015'!R$101,DataEx!$222:$222,0)) -> 1770966.7 | S135: =+SUM(G135:R135) -> 21251600 | T135: =+S135/$T$7 -> 0.0059360353
A136: =+CONCATENATE(A41,"p") -> 419p | B136: =+VLOOKUP(LEFT($A136,LEN(A136)-1)*1,Master!$D$22:$G$218,4,FALSE) -> Ostali izdaci | G136: =+INDEX(DataEx!$1:$1048576,MATCH('2015'!$A136,DataEx!$D:$D,0),MATCH('2015'!G$101,DataEx!$222:$222,0)) -> 2491662.8 | H136: =+INDEX(DataEx!$1:$1048576,MATCH('2015'!$A136,DataEx!$D:$D,0),MATCH('2015'!H$101,DataEx!$222:$222,0)) -> 2491662.8 | I136: =+INDEX(DataEx!$1:$1048576,MATCH('2015'!$A136,DataEx!$D:$D,0),MATCH('2015'!I$101,DataEx!$222:$222,0)) -> 2491662.8 | J136: =+INDEX(DataEx!$1:$1048576,MATCH('2015'!$A136,DataEx!$D:$D,0),MATCH('2015'!J$101,DataEx!$222:$222,0)) -> 2491662.8 | K136: =+INDEX(DataEx!$1:$1048576,MATCH('2015'!$A136,DataEx!$D:$D,0),MATCH('2015'!K$101,DataEx!$222:$222,0)) -> 2491662.8 | L136: =+INDEX(DataEx!$1:$1048576,MATCH('2015'!$A136,DataEx!$D:$D,0),MATCH('2015'!L$101,DataEx!$222:$222,0)) -> 2491662.8 | M136: =+INDEX(DataEx!$1:$1048576,MATCH('2015'!$A136,DataEx!$D:$D,0),MATCH('2015'!M$101,DataEx!$222:$222,0)) -> 2491662.8 | N136: =+INDEX(DataEx!$1:$1048576,MATCH('2015'!$A136,DataEx!$D:$D,0),MATCH('2015'!N$101,DataEx!$222:$222,0)) -> 2491662.8 | ... R136: =+INDEX(DataEx!$1:$1048576,MATCH('2015'!$A136,DataEx!$D:$D,0),MATCH('2015'!R$101,DataEx!$222:$222,0)) -> 2491662.8 | S136: =+SUM(G136:R136) -> 29899954 | T136: =+S136/$T$7 -> 0.0083517091
A137: =+CONCATENATE(A42,"p") -> 440p | B137: =+VLOOKUP(LEFT($A137,LEN(A137)-1)*1,Master!$D$22:$G$218,4,FALSE) -> Kapitalni izdaci u tekućem budžetu | G137: =+INDEX(DataEx!$1:$1048576,MATCH('2015'!$A137,DataEx!$D:$D,0),MATCH('2015'!G$101,DataEx!$222:$222,0)) -> 1154156.4 | H137: =+INDEX(DataEx!$1:$1048576,MATCH('2015'!$A137,DataEx!$D:$D,0),MATCH('2015'!H$101,DataEx!$222:$222,0)) -> 1154156.4 | I137: =+INDEX(DataEx!$1:$1048576,MATCH('2015'!$A137,DataEx!$D:$D,0),MATCH('2015'!I$101,DataEx!$222:$222,0)) -> 1154156.4 | J137: =+INDEX(DataEx!$1:$1048576,MATCH('2015'!$A137,DataEx!$D:$D,0),MATCH('2015'!J$101,DataEx!$222:$222,0)) -> 1154156.4 | K137: =+INDEX(DataEx!$1:$1048576,MATCH('2015'!$A137,DataEx!$D:$D,0),MATCH('2015'!K$101,DataEx!$222:$222,0)) -> 1154156.4 | L137: =+INDEX(DataEx!$1:$1048576,MATCH('2015'!$A137,DataEx!$D:$D,0),MATCH('2015'!L$101,DataEx!$222:$222,0)) -> 1154156.4 | M137: =+INDEX(DataEx!$1:$1048576,MATCH('2015'!$A137,DataEx!$D:$D,0),MATCH('2015'!M$101,DataEx!$222:$222,0)) -> 1154156.4 | N137: =+INDEX(DataEx!$1:$1048576,MATCH('2015'!$A137,DataEx!$D:$D,0),MATCH('2015'!N$101,DataEx!$222:$222,0)) -> 1154156.4 | ... R137: =+INDEX(DataEx!$1:$1048576,MATCH('2015'!$A137,DataEx!$D:$D,0),MATCH('2015'!R$101,DataEx!$222:$222,0)) -> 1154156.4 | S137: =+SUM(G137:R137) -> 13849877 | T137: =+S137/$T$7 -> 0.0038685727
A138: =+CONCATENATE(A43,"p") -> 42p | B138: =+VLOOKUP(LEFT($A138,LEN(A138)-1)*1,Master!$D$22:$G$218,4,FALSE) -> Transferi za socijalnu zaštitu | G138: =+SUM(G139:G143) -> 42070460 | H138: =+SUM(H139:H143) -> 42070460 | I138: =+SUM(I139:I143) -> 42070460 | J138: =+SUM(J139:J143) -> 42070460 | K138: =+SUM(K139:K143) -> 42070460 | L138: =+SUM(L139:L143) -> 42070460 | M138: =+SUM(M139:M143) -> 42070460 | N138: =+SUM(N139:N143) -> 42070460 | ... R138: =+SUM(R139:R143) -> 42070460 | S138: =+SUM(G138:R138) -> 5.0484553e+08 | T138: =+S138/$T$7 -> 0.14101436
A139: =+CONCATENATE(A44,"p") -> 421p | B139: =+VLOOKUP(LEFT($A139,LEN(A139)-1)*1,Master!$D$22:$G$218,4,FALSE) -> Prava iz oblasti socijalne zaštite | G139: =+INDEX(DataEx!$1:$1048576,MATCH('2015'!$A139,DataEx!$D:$D,0),MATCH('2015'!G$101,DataEx!$222:$222,0)) -> 5044218.8 | H139: =+INDEX(DataEx!$1:$1048576,MATCH('2015'!$A139,DataEx!$D:$D,0),MATCH('2015'!H$101,DataEx!$222:$222,0)) -> 5044218.8 | I139: =+INDEX(DataEx!$1:$1048576,MATCH('2015'!$A139,DataEx!$D:$D,0),MATCH('2015'!I$101,DataEx!$222:$222,0)) -> 5044218.8 | J139: =+INDEX(DataEx!$1:$1048576,MATCH('2015'!$A139,DataEx!$D:$D,0),MATCH('2015'!J$101,DataEx!$222:$222,0)) -> 5044218.8 | K139: =+INDEX(DataEx!$1:$1048576,MATCH('2015'!$A139,DataEx!$D:$D,0),MATCH('2015'!K$101,DataEx!$222:$222,0)) -> 5044218.8 | L139: =+INDEX(DataEx!$1:$1048576,MATCH('2015'!$A139,DataEx!$D:$D,0),MATCH('2015'!L$101,DataEx!$222:$222,0)) -> 5044218.8 | M139: =+INDEX(DataEx!$1:$1048576,MATCH('2015'!$A139,DataEx!$D:$D,0),MATCH('2015'!M$101,DataEx!$222:$222,0)) -> 5044218.8 | N139: =+INDEX(DataEx!$1:$1048576,MATCH('2015'!$A139,DataEx!$D:$D,0),MATCH('2015'!N$101,DataEx!$222:$222,0)) -> 5044218.8 | ... R139: =+INDEX(DataEx!$1:$1048576,MATCH('2015'!$A139,DataEx!$D:$D,0),MATCH('2015'!R$101,DataEx!$222:$222,0)) -> 5044218.8 | S139: =+SUM(G139:R139) -> 60530625 | T139: =+S139/$T$7 -> 0.016907524
A140: =+CONCATENATE(A45,"p") -> 422p | B140: =+VLOOKUP(LEFT($A140,LEN(A140)-1)*1,Master!$D$22:$G$218,4,FALSE) -> Sredstva za tehnološke viškove | G140: =+INDEX(DataEx!$1:$1048576,MATCH('2015'!$A140,DataEx!$D:$D,0),MATCH('2015'!G$101,DataEx!$222:$222,0)) -> 1620000 | H140: =+INDEX(DataEx!$1:$1048576,MATCH('2015'!$A140,DataEx!$D:$D,0),MATCH('2015'!H$101,DataEx!$222:$222,0)) -> 1620000 | I140: =+INDEX(DataEx!$1:$1048576,MATCH('2015'!$A140,DataEx!$D:$D,0),MATCH('2015'!I$101,DataEx!$222:$222,0)) -> 1620000 | J140: =+INDEX(DataEx!$1:$1048576,MATCH('2015'!$A140,DataEx!$D:$D,0),MATCH('2015'!J$101,DataEx!$222:$222,0)) -> 1620000 | K140: =+INDEX(DataEx!$1:$1048576,MATCH('2015'!$A140,DataEx!$D:$D,0),MATCH('2015'!K$101,DataEx!$222:$222,0)) -> 1620000 | L140: =+INDEX(DataEx!$1:$1048576,MATCH('2015'!$A140,DataEx!$D:$D,0),MATCH('2015'!L$101,DataEx!$222:$222,0)) -> 1620000 | M140: =+INDEX(DataEx!$1:$1048576,MATCH('2015'!$A140,DataEx!$D:$D,0),MATCH('2015'!M$101,DataEx!$222:$222,0)) -> 1620000 | N140: =+INDEX(DataEx!$1:$1048576,MATCH('2015'!$A140,DataEx!$D:$D,0),MATCH('2015'!N$101,DataEx!$222:$222,0)) -> 1620000 | ... R140: =+INDEX(DataEx!$1:$1048576,MATCH('2015'!$A140,DataEx!$D:$D,0),MATCH('2015'!R$101,DataEx!$222:$222,0)) -> 1620000 | S140: =+SUM(G140:R140) -> 19440000 | T140: =+S140/$T$7 -> 0.0054300159
...

Sheet 2014
E2: =+Master!G6 -> Crna Gora
E3: =+Master!G7 -> Ministarstvo finansija
E4: =+Master!G8 -> Direktorat za ekonomsku politiku i razvoj
G5: =+RIGHT(G6,2)*1 -> 1 | H5: =+RIGHT(H6,2)*1 -> 2 | I5: =+RIGHT(I6,2)*1 -> 3 | J5: =+RIGHT(J6,2)*1 -> 4 | K5: =+RIGHT(K6,2)*1 -> 5 | L5: =+RIGHT(L6,2)*1 -> 6 | M5: =+RIGHT(M6,2)*1 -> 7 | N5: =+RIGHT(N6,2)*1 -> 8 | ... R5: =+RIGHT(R6,2)*1 -> 12
G6: 2014-01 | H6: 2014-02 | I6: 2014-03 | J6: 2014-04 | K6: 2014-05 | L6: 2014-06 | M6: 2014-07 | N6: 2014-08 | O6: 2014-09 | P6: 2014-10 | Q6: 2014-11 | R6: 2014-12
B7: =+Master!G244 -> Ostvarenje budžeta | G7: 2014 | S7: =+Master!G241 -> BDP | T7: 3424880000
G8: =+Master!G224 -> Januar | H8: =+Master!G225 -> Februar | I8: =+Master!G226 -> Mart | J8: =+Master!G227 -> April | K8: =+Master!G228 -> Maj | L8: =+Master!G229 -> Jun | M8: =+Master!G230 -> Jul | N8: =+Master!G231 -> Avgust | O8: =+Master!G232 -> Septembar | P8: =+Master!G233 -> Oktobar | Q8: =+Master!G234 -> Novembar | R8: =+Master!G235 -> Decembar | S8: Jan - Dec 2014
G9: mil. € | H9: mil. € | I9: mil. € | J9: mil. € | K9: mil. € | L9: mil. € | M9: mil. € | N9: mil. € | O9: mil. € | P9: mil. € | Q9: mil. € | R9: mil. € | S9: mil. € | T9: =+Master!G242 -> % BDP
A10: 7 | B10: =+VLOOKUP($A10,Master!$D$22:$G$218,4,FALSE) -> Prihodi budžeta | G10: =+G11+G20+SUM(G25:G29) -> 70782033 | H10: =+H11+H20+SUM(H25:H29) -> 82133336 | I10: =+I11+I20+SUM(I25:I29) -> 1.0070816e+08 | J10: =+J11+J20+SUM(J25:J29) -> 1.0908465e+08 | K10: =+K11+K20+SUM(K25:K29) -> 1.0207855e+08 | L10: =+L11+L20+SUM(L25:L29) -> 1.0993182e+08 | M10: =+M11+M20+SUM(M25:M29) -> 1.2072024e+08 | N10: =+N11+N20+SUM(N25:N29) -> 1.2655643e+08 | ... R10: =+R11+R20+SUM(R25:R29) -> 1.5524904e+08 | S10: =+SUM(G10:R10) -> 1.3518532e+09 | T10: =+S10/$T$7 -> 0.39471549
A11: 711 | B11: =+VLOOKUP($A11,Master!$D$22:$G$218,4,FALSE) -> Porezi | G11: =+SUM(G12:G19) -> 48388140 | H11: =+SUM(H12:H19) -> 48891681 | I11: =+SUM(I12:I19) -> 66983402 | J11: =+SUM(J12:J19) -> 71590015 | K11: =+SUM(K12:K19) -> 59304955 | L11: =+SUM(L12:L19) -> 65704527 | M11: =+SUM(M12:M19) -> 79435217 | N11: =+SUM(N12:N19) -> 84181706 | ... R11: =+SUM(R12:R19) -> 70043887 | S11: =+SUM(G11:R11) -> 8.3320358e+08 | T11: =+S11/$T$7 -> 0.24327964
A12: 7111 | B12: =+VLOOKUP($A12,Master!$D$22:$G$218,4,FALSE) -> Porez na dohodak fizičkih lica | G12: =+INDEX(DataEx!$1:$1048576,MATCH('2014'!$A12,DataEx!$D:$D,0),MATCH('2014'!G$6,DataEx!$7:$7,0)) -> 3618675.9 | H12: =+INDEX(DataEx!$1:$1048576,MATCH('2014'!$A12,DataEx!$D:$D,0),MATCH('2014'!H$6,DataEx!$7:$7,0)) -> 6667541.5 | I12: =+INDEX(DataEx!$1:$1048576,MATCH('2014'!$A12,DataEx!$D:$D,0),MATCH('2014'!I$6,DataEx!$7:$7,0)) -> 8194536 | J12: =+INDEX(DataEx!$1:$1048576,MATCH('2014'!$A12,DataEx!$D:$D,0),MATCH('2014'!J$6,DataEx!$7:$7,0)) -> 8012567.7 | K12: =+INDEX(DataEx!$1:$1048576,MATCH('2014'!$A12,DataEx!$D:$D,0),MATCH('2014'!K$6,DataEx!$7:$7,0)) -> 8930235.6 | L12: =+INDEX(DataEx!$1:$1048576,MATCH('2014'!$A12,DataEx!$D:$D,0),MATCH('2014'!L$6,DataEx!$7:$7,0)) -> 8873002.3 | M12: =+INDEX(DataEx!$1:$1048576,MATCH('2014'!$A12,DataEx!$D:$D,0),MATCH('2014'!M$6,DataEx!$7:$7,0)) -> 8846190.8 | N12: =+INDEX(DataEx!$1:$1048576,MATCH('2014'!$A12,DataEx!$D:$D,0),MATCH('2014'!N$6,DataEx!$7:$7,0)) -> 9451996.9 | ... R12: =+INDEX(DataEx!$1:$1048576,MATCH('2014'!$A12,DataEx!$D:$D,0),MATCH('2014'!R$6,DataEx!$7:$7,0)) -> 15621993 | S12: =+SUM(G12:R12) -> 1.0440582e+08 | T12: =+S12/$T$7 -> 0.03048452
A13: 7112 | B13: =+VLOOKUP($A13,Master!$D$22:$G$218,4,FALSE) -> Porez na dobit pravnih lica | G13: =+INDEX(DataEx!$1:$1048576,MATCH('2014'!$A13,DataEx!$D:$D,0),MATCH('2014'!G$6,DataEx!$7:$7,0)) -> 1541172.3 | H13: =+INDEX(DataEx!$1:$1048576,MATCH('2014'!$A13,DataEx!$D:$D,0),MATCH('2014'!H$6,DataEx!$7:$7,0)) -> 956251.9 | I13: =+INDEX(DataEx!$1:$1048576,MATCH('2014'!$A13,DataEx!$D:$D,0),MATCH('2014'!I$6,DataEx!$7:$7,0)) -> 12105724 | J13: =+INDEX(DataEx!$1:$1048576,MATCH('2014'!$A13,DataEx!$D:$D,0),MATCH('2014'!J$6,DataEx!$7:$7,0)) -> 11308141 | K13: =+INDEX(DataEx!$1:$1048576,MATCH('2014'!$A13,DataEx!$D:$D,0),MATCH('2014'!K$6,DataEx!$7:$7,0)) -> 2493246.8 | L13: =+INDEX(DataEx!$1:$1048576,MATCH('2014'!$A13,DataEx!$D:$D,0),MATCH('2014'!L$6,DataEx!$7:$7,0)) -> 2382596.1 | M13: =+INDEX(DataEx!$1:$1048576,MATCH('2014'!$A13,DataEx!$D:$D,0),MATCH('2014'!M$6,DataEx!$7:$7,0)) -> 5915301.1 | N13: =+INDEX(DataEx!$1:$1048576,MATCH('2014'!$A13,DataEx!$D:$D,0),MATCH('2014'!N$6,DataEx!$7:$7,0)) -> 2518646.2 | ... R13: =+INDEX(DataEx!$1:$1048576,MATCH('2014'!$A13,DataEx!$D:$D,0),MATCH('2014'!R$6,DataEx!$7:$7,0)) -> 1484776.3 | S13: =+SUM(G13:R13) -> 45020372 | T13: =+S13/$T$7 -> 0.013145095
A14: 7113 | B14: =+VLOOKUP($A14,Master!$D$22:$G$218,4,FALSE) -> Porez na promet nepokretnosti | G14: =+INDEX(DataEx!$1:$1048576,MATCH('2014'!$A14,DataEx!$D:$D,0),MATCH('2014'!G$6,DataEx!$7:$7,0)) -> 101912.43 | H14: =+INDEX(DataEx!$1:$1048576,MATCH('2014'!$A14,DataEx!$D:$D,0),MATCH('2014'!H$6,DataEx!$7:$7,0)) -> 108443.93 | I14: =+INDEX(DataEx!$1:$1048576,MATCH('2014'!$A14,DataEx!$D:$D,0),MATCH('2014'!I$6,DataEx!$7:$7,0)) -> 147063.39 | J14: =+INDEX(DataEx!$1:$1048576,MATCH('2014'!$A14,DataEx!$D:$D,0),MATCH('2014'!J$6,DataEx!$7:$7,0)) -> 141709.28 | K14: =+INDEX(DataEx!$1:$1048576,MATCH('2014'!$A14,DataEx!$D:$D,0),MATCH('2014'!K$6,DataEx!$7:$7,0)) -> 99243.1 | L14: =+INDEX(DataEx!$1:$1048576,MATCH('2014'!$A14,DataEx!$D:$D,0),MATCH('2014'!L$6,DataEx!$7:$7,0)) -> 122243.61 | M14: =+INDEX(DataEx!$1:$1048576,MATCH('2014'!$A14,DataEx!$D:$D,0),MATCH('2014'!M$6,DataEx!$7:$7,0)) -> 137366.94 | N14: =+INDEX(DataEx!$1:$1048576,MATCH('2014'!$A14,DataEx!$D:$D,0),MATCH('2014'!N$6,DataEx!$7:$7,0)) -> 107633.93 | ... R14: =+INDEX(DataEx!$1:$1048576,MATCH('2014'!$A14,DataEx!$D:$D,0),MATCH('2014'!R$6,DataEx!$7:$7,0)) -> 164005.83 | S14: =+SUM(G14:R14) -> 1479399.9 | T14: =+S14/$T$7 -> 0.00043195671
A15: 7114 | B15: =+VLOOKUP($A15,Master!$D$22:$G$218,4,FALSE) -> Porez na dodatu vrijednost | G15: =+INDEX(DataEx!$1:$1048576,MATCH('2014'!$A15,DataEx!$D:$D,0),MATCH('2014'!G$6,DataEx!$7:$7,0)) -> 32174210 | H15: =+INDEX(DataEx!$1:$1048576,MATCH('2014'!$A15,DataEx!$D:$D,0),MATCH('2014'!H$6,DataEx!$7:$7,0)) -> 31155050 | I15: =+INDEX(DataEx!$1:$1048576,MATCH('2014'!$A15,DataEx!$D:$D,0),MATCH('2014'!I$6,DataEx!$7:$7,0)) -> 34924207 | J15: =+INDEX(DataEx!$1:$1048576,MATCH('2014'!$A15,DataEx!$D:$D,0),MATCH('2014'!J$6,DataEx!$7:$7,0)) -> 39010711 | K15: =+INDEX(DataEx!$1:$1048576,MATCH('2014'!$A15,DataEx!$D:$D,0),MATCH('2014'!K$6,DataEx!$7:$7,0)) -> 33083867 | L15: =+INDEX(DataEx!$1:$1048576,MATCH('2014'!$A15,DataEx!$D:$D,0),MATCH('2014'!L$6,DataEx!$7:$7,0)) -> 37063130 | M15: =+INDEX(DataEx!$1:$1048576,MATCH('2014'!$A15,DataEx!$D:$D,0),MATCH('2014'!M$6,DataEx!$7:$7,0)) -> 45610499 | N15: =+INDEX(DataEx!$1:$1048576,MATCH('2014'!$A15,DataEx!$D:$D,0),MATCH('2014'!N$6,DataEx!$7:$7,0)) -> 49644682 | ... R15: =+INDEX(DataEx!$1:$1048576,MATCH('2014'!$A15,DataEx!$D:$D,0),MATCH('2014'!R$6,DataEx!$7:$7,0)) -> 37184323 | S15: =+SUM(G15:R15) -> 4.9758919e+08 | T15: =+S15/$T$7 -> 0.14528661
A16: 7115 | B16: =+VLOOKUP($A16,Master!$D$22:$G$218,4,FALSE) -> Akcize | G16: =+INDEX(DataEx!$1:$1048576,MATCH('2014'!$A16,DataEx!$D:$D,0),MATCH('2014'!G$6,DataEx!$7:$7,0)) -> 9737815.6 | H16: =+INDEX(DataEx!$1:$1048576,MATCH('2014'!$A16,DataEx!$D:$D,0),MATCH('2014'!H$6,DataEx!$7:$7,0)) -> 8372894.4 | I16: =+INDEX(DataEx!$1:$1048576,MATCH('2014'!$A16,DataEx!$D:$D,0),MATCH('2014'!I$6,DataEx!$7:$7,0)) -> 9529436.2 | J16: =+INDEX(DataEx!$1:$1048576,MATCH('2014'!$A16,DataEx!$D:$D,0),MATCH('2014'!J$6,DataEx!$7:$7,0)) -> 10780925 | K16: =+INDEX(DataEx!$1:$1048576,MATCH('2014'!$A16,DataEx!$D:$D,0),MATCH('2014'!K$6,DataEx!$7:$7,0)) -> 12293076 | L16: =+INDEX(DataEx!$1:$1048576,MATCH('2014'!$A16,DataEx!$D:$D,0),MATCH('2014'!L$6,DataEx!$7:$7,0)) -> 14553420 | M16: =+INDEX(DataEx!$1:$1048576,MATCH('2014'!$A16,DataEx!$D:$D,0),MATCH('2014'!M$6,DataEx!$7:$7,0)) -> 15754067 | N16: =+INDEX(DataEx!$1:$1048576,MATCH('2014'!$A16,DataEx!$D:$D,0),MATCH('2014'!N$6,DataEx!$7:$7,0)) -> 19490193 | ... R16: =+INDEX(DataEx!$1:$1048576,MATCH('2014'!$A16,DataEx!$D:$D,0),MATCH('2014'!R$6,DataEx!$7:$7,0)) -> 13096344 | S16: =+SUM(G16:R16) -> 1.5646695e+08 | T16: =+S16/$T$7 -> 0.045685381
A17: 7116 | B17: =+VLOOKUP($A17,Master!$D$22:$G$218,4,FALSE) -> Porez na međunarodnu trgovinu i transakcije | G17: =+INDEX(DataEx!$1:$1048576,MATCH('2014'!$A17,DataEx!$D:$D,0),MATCH('2014'!G$6,DataEx!$7:$7,0)) -> 956509.68 | H17: =+INDEX(DataEx!$1:$1048576,MATCH('2014'!$A17,DataEx!$D:$D,0),MATCH('2014'!H$6,DataEx!$7:$7,0)) -> 1301360.3 | I17: =+INDEX(DataEx!$1:$1048576,MATCH('2014'!$A17,DataEx!$D:$D,0),MATCH('2014'!I$6,DataEx!$7:$7,0)) -> 1639263.5 | J17: =+INDEX(DataEx!$1:$1048576,MATCH('2014'!$A17,DataEx!$D:$D,0),MATCH('2014'!J$6,DataEx!$7:$7,0)) -> 1828424.6 | K17: =+INDEX(DataEx!$1:$1048576,MATCH('2014'!$A17,DataEx!$D:$D,0),MATCH('2014'!K$6,DataEx!$7:$7,0)) -> 1872868.9 | L17: =+INDEX(DataEx!$1:$1048576,MATCH('2014'!$A17,DataEx!$D:$D,0),MATCH('2014'!L$6,DataEx!$7:$7,0)) -> 2141367 | M17: =+INDEX(DataEx!$1:$1048576,MATCH('2014'!$A17,DataEx!$D:$D,0),MATCH('2014'!M$6,DataEx!$7:$7,0)) -> 2584330.9 | N17: =+INDEX(DataEx!$1:$1048576,MATCH('2014'!$A17,DataEx!$D:$D,0),MATCH('2014'!N$6,DataEx!$7:$7,0)) -> 2351659.1 | ... R17: =+INDEX(DataEx!$1:$1048576,MATCH('2014'!$A17,DataEx!$D:$D,0),MATCH('2014'!R$6,DataEx!$7:$7,0)) -> 1965267.8 | S17: =+SUM(G17:R17) -> 22270229 | T17: =+S17/$T$7 -> 0.0065024846
A18: 7117 | B18: =+VLOOKUP($A18,Master!$D$22:$G$218,4,FALSE) -> Lokalni porezi | G18: =+INDEX(DataEx!$1:$1048576,MATCH('2014'!$A18,DataEx!$D:$D,0),MATCH('2014'!G$6,DataEx!$7:$7,0)) -> 0 | H18: =+INDEX(DataEx!$1:$1048576,MATCH('2014'!$A18,DataEx!$D:$D,0),MATCH('2014'!H$6,DataEx!$7:$7,0)) -> 0 | I18: =+INDEX(DataEx!$1:$1048576,MATCH('2014'!$A18,DataEx!$D:$D,0),MATCH('2014'!I$6,DataEx!$7:$7,0)) -> 0 | J18: =+INDEX(DataEx!$1:$1048576,MATCH('2014'!$A18,DataEx!$D:$D,0),MATCH('2014'!J$6,DataEx!$7:$7,0)) -> 0 | K18: =+INDEX(DataEx!$1:$1048576,MATCH('2014'!$A18,DataEx!$D:$D,0),MATCH('2014'!K$6,DataEx!$7:$7,0)) -> 0 | L18: =+INDEX(DataEx!$1:$1048576,MATCH('2014'!$A18,DataEx!$D:$D,0),MATCH('2014'!L$6,DataEx!$7:$7,0)) -> 0 | M18: =+INDEX(DataEx!$1:$1048576,MATCH('2014'!$A18,DataEx!$D:$D,0),MATCH('2014'!M$6,DataEx!$7:$7,0)) -> 0 | N18: =+INDEX(DataEx!$1:$1048576,MATCH('2014'!$A18,DataEx!$D:$D,0),MATCH('2014'!N$6,DataEx!$7:$7,0)) -> 0 | ... R18: =+INDEX(DataEx!$1:$1048576,MATCH('2014'!$A18,DataEx!$D:$D,0),MATCH('2014'!R$6,DataEx!$7:$7,0)) -> 0 | S18: =+SUM(G18:R18) -> 0 | T18: =+S18/$T$7 -> 0
A19: 7118 | B19: =+VLOOKUP($A19,Master!$D$22:$G$218,4,FALSE) -> Ostali republički porezi | G19: =+INDEX(DataEx!$1:$1048576,MATCH('2014'!$A19,DataEx!$D:$D,0),MATCH('2014'!G$6,DataEx!$7:$7,0)) -> 257844.3 | H19: =+INDEX(DataEx!$1:$1048576,MATCH('2014'!$A19,DataEx!$D:$D,0),MATCH('2014'!H$6,DataEx!$7:$7,0)) -> 330138.67 | I19: =+INDEX(DataEx!$1:$1048576,MATCH('2014'!$A19,DataEx!$D:$D,0),MATCH('2014'!I$6,DataEx!$7:$7,0)) -> 443171.56 | J19: =+INDEX(DataEx!$1:$1048576,MATCH('2014'!$A19,DataEx!$D:$D,0),MATCH('2014'!J$6,DataEx!$7:$7,0)) -> 507536.21 | K19: =+INDEX(DataEx!$1:$1048576,MATCH('2014'!$A19,DataEx!$D:$D,0),MATCH('2014'!K$6,DataEx!$7:$7,0)) -> 532418.4 | L19: =+INDEX(DataEx!$1:$1048576,MATCH('2014'!$A19,DataEx!$D:$D,0),MATCH('2014'!L$6,DataEx!$7:$7,0)) -> 568768.82 | M19: =+INDEX(DataEx!$1:$1048576,MATCH('2014'!$A19,DataEx!$D:$D,0),MATCH('2014'!M$6,DataEx!$7:$7,0)) -> 587460.77 | N19: =+INDEX(DataEx!$1:$1048576,MATCH('2014'!$A19,DataEx!$D:$D,0),MATCH('2014'!N$6,DataEx!$7:$7,0)) -> 616895.22 | ... R19: =+INDEX(DataEx!$1:$1048576,MATCH('2014'!$A19,DataEx!$D:$D,0),MATCH('2014'!R$6,DataEx!$7:$7,0)) -> 527177.4 | S19: =+SUM(G19:R19) -> 5971620.5 | T19: =+S19/$T$7 -> 0.0017435999
A20: 712 | B20: =+VLOOKUP($A20,Master!$D$22:$G$218,4,FALSE) -> Doprinosi | G20: =+INDEX(DataEx!$1:$1048576,MATCH('2014'!$A20,DataEx!$D:$D,0),MATCH('2014'!G$6,DataEx!$7:$7,0)) -> 17610366 | H20: =+INDEX(DataEx!$1:$1048576,MATCH('2014'!$A20,DataEx!$D:$D,0),MATCH('2014'!H$6,DataEx!$7:$7,0)) -> 27692963 | I20: =+INDEX(DataEx!$1:$1048576,MATCH('2014'!$A20,DataEx!$D:$D,0),MATCH('2014'!I$6,DataEx!$7:$7,0)) -> 29711005 | J20: =+INDEX(DataEx!$1:$1048576,MATCH('2014'!$A20,DataEx!$D:$D,0),MATCH('2014'!J$6,DataEx!$7:$7,0)) -> 32199861 | K20: =+INDEX(DataEx!$1:$1048576,MATCH('2014'!$A20,DataEx!$D:$D,0),MATCH('2014'!K$6,DataEx!$7:$7,0)) -> 36807892 | L20: =+INDEX(DataEx!$1:$1048576,MATCH('2014'!$A20,DataEx!$D:$D,0),MATCH('2014'!L$6,DataEx!$7:$7,0)) -> 36834320 | M20: =+INDEX(DataEx!$1:$1048576,MATCH('2014'!$A20,DataEx!$D:$D,0),MATCH('2014'!M$6,DataEx!$7:$7,0)) -> 35671054 | N20: =+INDEX(DataEx!$1:$1048576,MATCH('2014'!$A20,DataEx!$D:$D,0),MATCH('2014'!N$6,DataEx!$7:$7,0)) -> 35976379 | ... R20: =+INDEX(DataEx!$1:$1048576,MATCH('2014'!$A20,DataEx!$D:$D,0),MATCH('2014'!R$6,DataEx!$7:$7,0)) -> 75176039 | S20: =+SUM(G20:R20) -> 4.4430324e+08 | T20: =+S20/$T$7 -> 0.12972812
A21: 7121 | B21: =+VLOOKUP($A21,Master!$D$22:$G$218,4,FALSE) -> Doprinosi za penzijsko i invalidsko osiguranje | G21: =+INDEX(DataEx!$1:$1048576,MATCH('2014'!$A21,DataEx!$D:$D,0),MATCH('2014'!G$6,DataEx!$7:$7,0)) -> 11471498 | H21: =+INDEX(DataEx!$1:$1048576,MATCH('2014'!$A21,DataEx!$D:$D,0),MATCH('2014'!H$6,DataEx!$7:$7,0)) -> 17428110 | I21: =+INDEX(DataEx!$1:$1048576,MATCH('2014'!$A21,DataEx!$D:$D,0),MATCH('2014'!I$6,DataEx!$7:$7,0)) -> 17730616 | J21: =+INDEX(DataEx!$1:$1048576,MATCH('2014'!$A21,DataEx!$D:$D,0),MATCH('2014'!J$6,DataEx!$7:$7,0)) -> 19478759 | K21: =+INDEX(DataEx!$1:$1048576,MATCH('2014'!$A21,DataEx!$D:$D,0),MATCH('2014'!K$6,DataEx!$7:$7,0)) -> 22230623 | L21: =+INDEX(DataEx!$1:$1048576,MATCH('2014'!$A21,DataEx!$D:$D,0),MATCH('2014'!L$6,DataEx!$7:$7,0)) -> 22243648 | M21: =+INDEX(DataEx!$1:$1048576,MATCH('2014'!$A21,DataEx!$D:$D,0),MATCH('2014'!M$6,DataEx!$7:$7,0)) -> 21915813 | N21: =+INDEX(DataEx!$1:$1048576,MATCH('2014'!$A21,DataEx!$D:$D,0),MATCH('2014'!N$6,DataEx!$7:$7,0)) -> 21555701 | ... R21: =+INDEX(DataEx!$1:$1048576,MATCH('2014'!$A21,DataEx!$D:$D,0),MATCH('2014'!R$6,DataEx!$7:$7,0)) -> 45661636 | S21: =+SUM(G21:R21) -> 2.7012023e+08 | T21: =+S21/$T$7 -> 0.078869983
A22: 7122 | B22: =+VLOOKUP($A22,Master!$D$22:$G$218,4,FALSE) -> Doprinosi za zdravstveno osiguranje | G22: =+INDEX(DataEx!$1:$1048576,MATCH('2014'!$A22,DataEx!$D:$D,0),MATCH('2014'!G$6,DataEx!$7:$7,0)) -> 5448406.2 | H22: =+INDEX(DataEx!$1:$1048576,MATCH('2014'!$A22,DataEx!$D:$D,0),MATCH('2014'!H$6,DataEx!$7:$7,0)) -> 8879083.3 | I22: =+INDEX(DataEx!$1:$1048576,MATCH('2014'!$A22,DataEx!$D:$D,0),MATCH('2014'!I$6,DataEx!$7:$7,0)) -> 10464095 | J22: =+INDEX(DataEx!$1:$1048576,MATCH('2014'!$A22,DataEx!$D:$D,0),MATCH('2014'!J$6,DataEx!$7:$7,0)) -> 11013856 | K22: =+INDEX(DataEx!$1:$1048576,MATCH('2014'!$A22,DataEx!$D:$D,0),MATCH('2014'!K$6,DataEx!$7:$7,0)) -> 12764297 | L22: =+INDEX(DataEx!$1:$1048576,MATCH('2014'!$A22,DataEx!$D:$D,0),MATCH('2014'!L$6,DataEx!$7:$7,0)) -> 12628126 | M22: =+INDEX(DataEx!$1:$1048576,MATCH('2014'!$A22,DataEx!$D:$D,0),MATCH('2014'!M$6,DataEx!$7:$7,0)) -> 11914884 | N22: =+INDEX(DataEx!$1:$1048576,MATCH('2014'!$A22,DataEx!$D:$D,0),MATCH('2014'!N$6,DataEx!$7:$7,0)) -> 12465802 | ... R22: =+INDEX(DataEx!$1:$1048576,MATCH('2014'!$A22,DataEx!$D:$D,0),MATCH('2014'!R$6,DataEx!$7:$7,0)) -> 25500379 | S22: =+SUM(G22:R22) -> 1.510347e+08 | T22: =+S22/$T$7 -> 0.044099269
A23: 7123 | B23: =+VLOOKUP($A23,Master!$D$22:$G$218,4,FALSE) -> Doprinosi za osiguranje od nezaposlenosti | G23: =+INDEX(DataEx!$1:$1048576,MATCH('2014'!$A23,DataEx!$D:$D,0),MATCH('2014'!G$6,DataEx!$7:$7,0)) -> 423773.65 | H23: =+INDEX(DataEx!$1:$1048576,MATCH('2014'!$A23,DataEx!$D:$D,0),MATCH('2014'!H$6,DataEx!$7:$7,0)) -> 737969.6 | I23: =+INDEX(DataEx!$1:$1048576,MATCH('2014'!$A23,DataEx!$D:$D,0),MATCH('2014'!I$6,DataEx!$7:$7,0)) -> 824174.47 | J23: =+INDEX(DataEx!$1:$1048576,MATCH('2014'!$A23,DataEx!$D:$D,0),MATCH('2014'!J$6,DataEx!$7:$7,0)) -> 896402.02 | K23: =+INDEX(DataEx!$1:$1048576,MATCH('2014'!$A23,DataEx!$D:$D,0),MATCH('2014'!K$6,DataEx!$7:$7,0)) -> 1004316.6 | L23: =+INDEX(DataEx!$1:$1048576,MATCH('2014'!$A23,DataEx!$D:$D,0),MATCH('2014'!L$6,DataEx!$7:$7,0)) -> 1020288.9 | M23: =+INDEX(DataEx!$1:$1048576,MATCH('2014'!$A23,DataEx!$D:$D,0),MATCH('2014'!M$6,DataEx!$7:$7,0)) -> 956259.22 | N23: =+INDEX(DataEx!$1:$1048576,MATCH('2014'!$A23,DataEx!$D:$D,0),MATCH('2014'!N$6,DataEx!$7:$7,0)) -> 1012670.5 | ... R23: =+INDEX(DataEx!$1:$1048576,MATCH('2014'!$A23,DataEx!$D:$D,0),MATCH('2014'!R$6,DataEx!$7:$7,0)) -> 2051002.5 | S23: =+SUM(G23:R23) -> 12160117 | T23: =+S23/$T$7 -> 0.0035505236
... A29: 74 | B29: =+VLOOKUP($A29,Master!$D$22:$G$218,4,FALSE) -> Donacije i transferi | G29: =+INDEX(DataEx!$1:$1048576,MATCH('2014'!$A29,DataEx!$D:$D,0),MATCH('2014'!G$6,DataEx!$7:$7,0)) -> 149764.72 | H29: =+INDEX(DataEx!$1:$1048576,MATCH('2014'!$A29,DataEx!$D:$D,0),MATCH('2014'!H$6,DataEx!$7:$7,0)) -> 724986.19 | I29: =+INDEX(DataEx!$1:$1048576,MATCH('2014'!$A29,DataEx!$D:$D,0),MATCH('2014'!I$6,DataEx!$7:$7,0)) -> 173095.78 | J29: =+INDEX(DataEx!$1:$1048576,MATCH('2014'!$A29,DataEx!$D:$D,0),MATCH('2014'!J$6,DataEx!$7:$7,0)) -> 637220.35 | K29: =+INDEX(DataEx!$1:$1048576,MATCH('2014'!$A29,DataEx!$D:$D,0),MATCH('2014'!K$6,DataEx!$7:$7,0)) -> 295224.23 | L29: =+INDEX(DataEx!$1:$1048576,MATCH('2014'!$A29,DataEx!$D:$D,0),MATCH('2014'!L$6,DataEx!$7:$7,0)) -> 145661.5 | M29: =+INDEX(DataEx!$1:$1048576,MATCH('2014'!$A29,DataEx!$D:$D,0),MATCH('2014'!M$6,DataEx!$7:$7,0)) -> 289870.69 | N29: =+INDEX(DataEx!$1:$1048576,MATCH('2014'!$A29,DataEx!$D:$D,0),MATCH('2014'!N$6,DataEx!$7:$7,0)) -> 331260.12 | ... R29: =+INDEX(DataEx!$1:$1048576,MATCH('2014'!$A29,DataEx!$D:$D,0),MATCH('2014'!R$6,DataEx!$7:$7,0)) -> 1023748.7 | S29: =+SUM(G29:R29) -> 5470125.4 | T29: =+S29/$T$7 -> 0.0015971729
A30: 4 | B30: =+VLOOKUP($A30,Master!$D$22:$G$218,4,FALSE) -> Budžetki izdaci | G30: =+G32+G43+G49+SUM(G50:G54) -> 97859295 | H30: =+H32+H43+H49+SUM(H50:H54) -> 90550649 | I30: =+I32+I43+I49+SUM(I50:I54) -> 1.1772957e+08 | J30: =+J32+J43+J49+SUM(J50:J54) -> 1.240432e+08 | K30: =+K32+K43+K49+SUM(K50:K54) -> 1.075956e+08 | L30: =+L32+L43+L49+SUM(L50:L54) -> 1.152961e+08 | M30: =+M32+M43+M49+SUM(M50:M54) -> 1.1821787e+08 | N30: =+N32+N43+N49+SUM(N50:N54) -> 1.1609244e+08 | ... R30: =+R32+R43+R49+SUM(R50:R54) -> 1.7391863e+08 | S30: =+SUM(G30:R30) -> 1.4544246e+09 | T30: =+S30/$T$7 -> 0.42466439
A31: 41 | B31: =+VLOOKUP($A31,Master!$D$22:$G$218,4,FALSE) -> Tekući izdaci | G31: =+G30-G50 -> 96198313 | H31: =+H30-H50 -> 89844075 | I31: =+I30-I50 -> 1.1152892e+08 | J31: =+J30-J50 -> 1.2094146e+08 | K31: =+K30-K50 -> 1.0151102e+08 | L31: =+L30-L50 -> 1.0931495e+08 | M31: =+M30-M50 -> 1.1234875e+08 | N31: =+N30-N50 -> 1.0859993e+08 | ... R31: =+R30-R50 -> 1.5593357e+08 | S31: =+SUM(G31:R31) -> 1.3792722e+09 | T31: =+S31/$T$7 -> 0.40272133
A32: 40 | B32: =+VLOOKUP($A32,Master!$D$22:$G$218,4,FALSE) -> Tekući budžetski izdaci | G32: =+SUM(G33:G42) -> 42216036 | H32: =+SUM(H33:H42) -> 41130298 | I32: =+SUM(I33:I42) -> 49493170 | J32: =+SUM(J33:J42) -> 70051324 | K32: =+SUM(K33:K42) -> 51516752 | L32: =+SUM(L33:L42) -> 49625822 | M32: =+SUM(M33:M42) -> 50767489 | N32: =+SUM(N33:N42) -> 49252372 | ... R32: =+SUM(R33:R42) -> 79489436 | S32: =+SUM(G32:R32) -> 6.9152521e+08 | T32: =+S32/$T$7 -> 0.20191224
A33: 411 | B33: =+VLOOKUP($A33,Master!$D$22:$G$218,4,FALSE) -> Bruto zarade i doprinosi na teret poslodavca | G33: =+INDEX(DataEx!$1:$1048576,MATCH('2014'!$A33,DataEx!$D:$D,0),MATCH('2014'!G$6,DataEx!$7:$7,0)) -> 31746411 | H33: =+INDEX(DataEx!$1:$1048576,MATCH('2014'!$A33,DataEx!$D:$D,0),MATCH('2014'!H$6,DataEx!$7:$7,0)) -> 31990960 | I33: =+INDEX(DataEx!$1:$1048576,MATCH('2014'!$A33,DataEx!$D:$D,0),MATCH('2014'!I$6,DataEx!$7:$7,0)) -> 28950708 | J33: =+INDEX(DataEx!$1:$1048576,MATCH('2014'!$A33,DataEx!$D:$D,0),MATCH('2014'!J$6,DataEx!$7:$7,0)) -> 33400618 | K33: =+INDEX(DataEx!$1:$1048576,MATCH('2014'!$A33,DataEx!$D:$D,0),MATCH('2014'!K$6,DataEx!$7:$7,0)) -> 33991909 | L33: =+INDEX(DataEx!$1:$1048576,MATCH('2014'!$A33,DataEx!$D:$D,0),MATCH('2014'!L$6,DataEx!$7:$7,0)) -> 29160071 | M33: =+INDEX(DataEx!$1:$1048576,MATCH('2014'!$A33,DataEx!$D:$D,0),MATCH('2014'!M$6,DataEx!$7:$7,0)) -> 31638711 | N33: =+INDEX(DataEx!$1:$1048576,MATCH('2014'!$A33,DataEx!$D:$D,0),MATCH('2014'!N$6,DataEx!$7:$7,0)) -> 33567787 | ... R33: =+INDEX(DataEx!$1:$1048576,MATCH('2014'!$A33,DataEx!$D:$D,0),MATCH('2014'!R$6,DataEx!$7:$7,0)) -> 35561795 | S33: =+SUM(G33:R33) -> 3.8734322e+08 | T33: =+S33/$T$7 -> 0.11309687
A34: 412 | B34: =+VLOOKUP($A34,Master!$D$22:$G$218,4,FALSE) -> Ostala lična primanja | G34: =+INDEX(DataEx!$1:$1048576,MATCH('2014'!$A34,DataEx!$D:$D,0),MATCH('2014'!G$6,DataEx!$7:$7,0)) -> 439879.62 | H34: =+INDEX(DataEx!$1:$1048576,MATCH('2014'!$A34,DataEx!$D:$D,0),MATCH('2014'!H$6,DataEx!$7:$7,0)) -> 458274.38 | I34: =+INDEX(DataEx!$1:$1048576,MATCH('2014'!$A34,DataEx!$D:$D,0),MATCH('2014'!I$6,DataEx!$7:$7,0)) -> 1312845.2 | J34: =+INDEX(DataEx!$1:$1048576,MATCH('2014'!$A34,DataEx!$D:$D,0),MATCH('2014'!J$6,DataEx!$7:$7,0)) -> 817179.91 | K34: =+INDEX(DataEx!$1:$1048576,MATCH('2014'!$A34,DataEx!$D:$D,0),MATCH('2014'!K$6,DataEx!$7:$7,0)) -> 624959.4 | L34: =+INDEX(DataEx!$1:$1048576,MATCH('2014'!$A34,DataEx!$D:$D,0),MATCH('2014'!L$6,DataEx!$7:$7,0)) -> 907125.8 | M34: =+INDEX(DataEx!$1:$1048576,MATCH('2014'!$A34,DataEx!$D:$D,0),MATCH('2014'!M$6,DataEx!$7:$7,0)) -> 1035451.6 | N34: =+INDEX(DataEx!$1:$1048576,MATCH('2014'!$A34,DataEx!$D:$D,0),MATCH('2014'!N$6,DataEx!$7:$7,0)) -> 804790.16 | ... R34: =+INDEX(DataEx!$1:$1048576,MATCH('2014'!$A34,DataEx!$D:$D,0),MATCH('2014'!R$6,DataEx!$7:$7,0)) -> 2425531.4 | S34: =+SUM(G34:R34) -> 11826016 | T34: =+S34/$T$7 -> 0.0034529722
A35: 413 | B35: =+VLOOKUP($A35,Master!$D$22:$G$218,4,FALSE) -> Rashodi za materijal | G35: =+INDEX(DataEx!$1:$1048576,MATCH('2014'!$A35,DataEx!$D:$D,0),MATCH('2014'!G$6,DataEx!$7:$7,0)) -> 1654244.7 | H35: =+INDEX(DataEx!$1:$1048576,MATCH('2014'!$A35,DataEx!$D:$D,0),MATCH('2014'!H$6,DataEx!$7:$7,0)) -> 1756878.3 | I35: =+INDEX(DataEx!$1:$1048576,MATCH('2014'!$A35,DataEx!$D:$D,0),MATCH('2014'!I$6,DataEx!$7:$7,0)) -> 2361059.9 | J35: =+INDEX(DataEx!$1:$1048576,MATCH('2014'!$A35,DataEx!$D:$D,0),MATCH('2014'!J$6,DataEx!$7:$7,0)) -> 1598969.7 | K35: =+INDEX(DataEx!$1:$1048576,MATCH('2014'!$A35,DataEx!$D:$D,0),MATCH('2014'!K$6,DataEx!$7:$7,0)) -> 1736657.1 | L35: =+INDEX(DataEx!$1:$1048576,MATCH('2014'!$A35,DataEx!$D:$D,0),MATCH('2014'!L$6,DataEx!$7:$7,0)) -> 2742207.5 | M35: =+INDEX(DataEx!$1:$1048576,MATCH('2014'!$A35,DataEx!$D:$D,0),MATCH('2014'!M$6,DataEx!$7:$7,0)) -> 1644397.5 | N35: =+INDEX(DataEx!$1:$1048576,MATCH('2014'!$A35,DataEx!$D:$D,0),MATCH('2014'!N$6,DataEx!$7:$7,0)) -> 1795823.9 | ... R35: =+INDEX(DataEx!$1:$1048576,MATCH('2014'!$A35,DataEx!$D:$D,0),MATCH('2014'!R$6,DataEx!$7:$7,0)) -> 6753045.8 | S35: =+SUM(G35:R35) -> 28585285 | T35: =+S35/$T$7 -> 0.0083463611
A36: 414 | B36: =+VLOOKUP($A36,Master!$D$22:$G$218,4,FALSE) -> Rashodi za usluge | G36: =+INDEX(DataEx!$1:$1048576,MATCH('2014'!$A36,DataEx!$D:$D,0),MATCH('2014'!G$6,DataEx!$7:$7,0)) -> 1469717.7 | H36: =+INDEX(DataEx!$1:$1048576,MATCH('2014'!$A36,DataEx!$D:$D,0),MATCH('2014'!H$6,DataEx!$7:$7,0)) -> 2666787.4 | I36: =+INDEX(DataEx!$1:$1048576,MATCH('2014'!$A36,DataEx!$D:$D,0),MATCH('2014'!I$6,DataEx!$7:$7,0)) -> 4045459.9 | J36: =+INDEX(DataEx!$1:$1048576,MATCH('2014'!$A36,DataEx!$D:$D,0),MATCH('2014'!J$6,DataEx!$7:$7,0)) -> 3646674.5 | K36: =+INDEX(DataEx!$1:$1048576,MATCH('2014'!$A36,DataEx!$D:$D,0),MATCH('2014'!K$6,DataEx!$7:$7,0)) -> 4539346.8 | L36: =+INDEX(DataEx!$1:$1048576,MATCH('2014'!$A36,DataEx!$D:$D,0),MATCH('2014'!L$6,DataEx!$7:$7,0)) -> 3875089.4 | M36: =+INDEX(DataEx!$1:$1048576,MATCH('2014'!$A36,DataEx!$D:$D,0),MATCH('2014'!M$6,DataEx!$7:$7,0)) -> 4316636.2 | N36: =+INDEX(DataEx!$1:$1048576,MATCH('2014'!$A36,DataEx!$D:$D,0),MATCH('2014'!N$6,DataEx!$7:$7,0)) -> 4147376.1 | ... R36: =+INDEX(DataEx!$1:$1048576,MATCH('2014'!$A36,DataEx!$D:$D,0),MATCH('2014'!R$6,DataEx!$7:$7,0)) -> 9401300.2 | S36: =+SUM(G36:R36) -> 51906871 | T36: =+S36/$T$7 -> 0.015155822
A37: 415 | B37: =+VLOOKUP($A37,Master!$D$22:$G$218,4,FALSE) -> Rashodi za tekuće održavanje | G37: =+INDEX(DataEx!$1:$1048576,MATCH('2014'!$A37,DataEx!$D:$D,0),MATCH('2014'!G$6,DataEx!$7:$7,0)) -> 639522.21 | H37: =+INDEX(DataEx!$1:$1048576,MATCH('2014'!$A37,DataEx!$D:$D,0),MATCH('2014'!H$6,DataEx!$7:$7,0)) -> 185129.94 | I37: =+INDEX(DataEx!$1:$1048576,MATCH('2014'!$A37,DataEx!$D:$D,0),MATCH('2014'!I$6,DataEx!$7:$7,0)) -> 1189329.8 | J37: =+INDEX(DataEx!$1:$1048576,MATCH('2014'!$A37,DataEx!$D:$D,0),MATCH('2014'!J$6,DataEx!$7:$7,0)) -> 2186869.6 | K37: =+INDEX(DataEx!$1:$1048576,MATCH('2014'!$A37,DataEx!$D:$D,0),MATCH('2014'!K$6,DataEx!$7:$7,0)) -> 2500201.6 | L37: =+INDEX(DataEx!$1:$1048576,MATCH('2014'!$A37,DataEx!$D:$D,0),MATCH('2014'!L$6,DataEx!$7:$7,0)) -> 1421763.3 | M37: =+INDEX(DataEx!$1:$1048576,MATCH('2014'!$A37,DataEx!$D:$D,0),MATCH('2014'!M$6,DataEx!$7:$7,0)) -> 1944244.1 | N37: =+INDEX(DataEx!$1:$1048576,MATCH('2014'!$A37,DataEx!$D:$D,0),MATCH('2014'!N$6,DataEx!$7:$7,0)) -> 1888023 | ... R37: =+INDEX(DataEx!$1:$1048576,MATCH('2014'!$A37,DataEx!$D:$D,0),MATCH('2014'!R$6,DataEx!$7:$7,0)) -> 3374455 | S37: =+SUM(G37:R37) -> 21275344 | T37: =+S37/$T$7 -> 0.0062119968
A38: 416 | B38: =+VLOOKUP($A38,Master!$D$22:$G$218,4,FALSE) -> Kamate | G38: =+INDEX(DataEx!$1:$1048576,MATCH('2014'!$A38,DataEx!$D:$D,0),MATCH('2014'!G$6,DataEx!$7:$7,0)) -> 2311659.6 | H38: =+INDEX(DataEx!$1:$1048576,MATCH('2014'!$A38,DataEx!$D:$D,0),MATCH('2014'!H$6,DataEx!$7:$7,0)) -> 1110012.9 | I38: =+INDEX(DataEx!$1:$1048576,MATCH('2014'!$A38,DataEx!$D:$D,0),MATCH('2014'!I$6,DataEx!$7:$7,0)) -> 4624851.3 | J38: =+INDEX(DataEx!$1:$1048576,MATCH('2014'!$A38,DataEx!$D:$D,0),MATCH('2014'!J$6,DataEx!$7:$7,0)) -> 24662563 | K38: =+INDEX(DataEx!$1:$1048576,MATCH('2014'!$A38,DataEx!$D:$D,0),MATCH('2014'!K$6,DataEx!$7:$7,0)) -> 4723174.5 | L38: =+INDEX(DataEx!$1:$1048576,MATCH('2014'!$A38,DataEx!$D:$D,0),MATCH('2014'!L$6,DataEx!$7:$7,0)) -> 5612578.4 | M38: =+INDEX(DataEx!$1:$1048576,MATCH('2014'!$A38,DataEx!$D:$D,0),MATCH('2014'!M$6,DataEx!$7:$7,0)) -> 6410905.9 | N38: =+INDEX(DataEx!$1:$1048576,MATCH('2014'!$A38,DataEx!$D:$D,0),MATCH('2014'!N$6,DataEx!$7:$7,0)) -> 1247748.4 | ... R38: =+INDEX(DataEx!$1:$1048576,MATCH('2014'!$A38,DataEx!$D:$D,0),MATCH('2014'!R$6,DataEx!$7:$7,0)) -> 5676117.5 | S38: =+SUM(G38:R38) -> 74981971 | T38: =+S38/$T$7 -> 0.021893313
A39: 417 | B39: =+VLOOKUP($A39,Master!$D$22:$G$218,4,FALSE) -> Renta | G39: =+INDEX(DataEx!$1:$1048576,MATCH('2014'!$A39,DataEx!$D:$D,0),MATCH('2014'!G$6,DataEx!$7:$7,0)) -> 940663.68 | H39: =+INDEX(DataEx!$1:$1048576,MATCH('2014'!$A39,DataEx!$D:$D,0),MATCH('2014'!H$6,DataEx!$7:$7,0)) -> 532115.7 | I39: =+INDEX(DataEx!$1:$1048576,MATCH('2014'!$A39,DataEx!$D:$D,0),MATCH('2014'!I$6,DataEx!$7:$7,0)) -> 635952.73 | J39: =+INDEX(DataEx!$1:$1048576,MATCH('2014'!$A39,DataEx!$D:$D,0),MATCH('2014'!J$6,DataEx!$7:$7,0)) -> 682674.55 | K39: =+INDEX(DataEx!$1:$1048576,MATCH('2014'!$A39,DataEx!$D:$D,0),MATCH('2014'!K$6,DataEx!$7:$7,0)) -> 791656.25 | L39: =+INDEX(DataEx!$1:$1048576,MATCH('2014'!$A39,DataEx!$D:$D,0),MATCH('2014'!L$6,DataEx!$7:$7,0)) -> 768899.8 | M39: =+INDEX(DataEx!$1:$1048576,MATCH('2014'!$A39,DataEx!$D:$D,0),MATCH('2014'!M$6,DataEx!$7:$7,0)) -> 704468.67 | N39: =+INDEX(DataEx!$1:$1048576,MATCH('2014'!$A39,DataEx!$D:$D,0),MATCH('2014'!N$6,DataEx!$7:$7,0)) -> 564493.42 | ... R39: =+INDEX(DataEx!$1:$1048576,MATCH('2014'!$A39,DataEx!$D:$D,0),MATCH('2014'!R$6,DataEx!$7:$7,0)) -> 640245.19 | S39: =+SUM(G39:R39) -> 8048001.7 | T39: =+S39/$T$7 -> 0.0023498638
A40: 418 | B40: =+VLOOKUP($A40,Master!$D$22:$G$218,4,FALSE) -> Subvencije | G40: =+INDEX(DataEx!$1:$1048576,MATCH('2014'!$A40,DataEx!$D:$D,0),MATCH('2014'!G$6,DataEx!$7:$7,0)) -> 2104751.6 | H40: =+INDEX(DataEx!$1:$1048576,MATCH('2014'!$A40,DataEx!$D:$D,0),MATCH('2014'!H$6,DataEx!$7:$7,0)) -> 964053.87 | I40: =+INDEX(DataEx!$1:$1048576,MATCH('2014'!$A40,DataEx!$D:$D,0),MATCH('2014'!I$6,DataEx!$7:$7,0)) -> 3024119.1 | J40: =+INDEX(DataEx!$1:$1048576,MATCH('2014'!$A40,DataEx!$D:$D,0),MATCH('2014'!J$6,DataEx!$7:$7,0)) -> 1097205.8 | K40: =+INDEX(DataEx!$1:$1048576,MATCH('2014'!$A40,DataEx!$D:$D,0),MATCH('2014'!K$6,DataEx!$7:$7,0)) -> 593941.83 | L40: =+INDEX(DataEx!$1:$1048576,MATCH('2014'!$A40,DataEx!$D:$D,0),MATCH('2014'!L$6,DataEx!$7:$7,0)) -> 2276344.9 | M40: =+INDEX(DataEx!$1:$1048576,MATCH('2014'!$A40,DataEx!$D:$D,0),MATCH('2014'!M$6,DataEx!$7:$7,0)) -> 349559.56 | N40: =+INDEX(DataEx!$1:$1048576,MATCH('2014'!$A40,DataEx!$D:$D,0),MATCH('2014'!N$6,DataEx!$7:$7,0)) -> 1341562.3 | ... R40: =+INDEX(DataEx!$1:$1048576,MATCH('2014'!$A40,DataEx!$D:$D,0),MATCH('2014'!R$6,DataEx!$7:$7,0)) -> 4582041.3 | S40: =+SUM(G40:R40) -> 18426863 | T40: =+S40/$T$7 -> 0.0053802946
A41: 419 | B41: =+VLOOKUP($A41,Master!$D$22:$G$218,4,FALSE) -> Ostali izdaci | G41: =+INDEX(DataEx!$1:$1048576,MATCH('2014'!$A41,DataEx!$D:$D,0),MATCH('2014'!G$6,DataEx!$7:$7,0)) -> 895446.35 | H41: =+INDEX(DataEx!$1:$1048576,MATCH('2014'!$A41,DataEx!$D:$D,0),MATCH('2014'!H$6,DataEx!$7:$7,0)) -> 1098193.1 | I41: =+INDEX(DataEx!$1:$1048576,MATCH('2014'!$A41,DataEx!$D:$D,0),MATCH('2014'!I$6,DataEx!$7:$7,0)) -> 2924489.2 | J41: =+INDEX(DataEx!$1:$1048576,MATCH('2014'!$A41,DataEx!$D:$D,0),MATCH('2014'!J$6,DataEx!$7:$7,0)) -> 1209220 | K41: =+INDEX(DataEx!$1:$1048576,MATCH('2014'!$A41,DataEx!$D:$D,0),MATCH('2014'!K$6,DataEx!$7:$7,0)) -> 1380836 | L41: =+INDEX(DataEx!$1:$1048576,MATCH('2014'!$A41,DataEx!$D:$D,0),MATCH('2014'!L$6,DataEx!$7:$7,0)) -> 2095342.1 | M41: =+INDEX(DataEx!$1:$1048576,MATCH('2014'!$A41,DataEx!$D:$D,0),MATCH('2014'!M$6,DataEx!$7:$7,0)) -> 1959342.9 | N41: =+INDEX(DataEx!$1:$1048576,MATCH('2014'!$A41,DataEx!$D:$D,0),MATCH('2014'!N$6,DataEx!$7:$7,0)) -> 2009638.3 | ... R41: =+INDEX(DataEx!$1:$1048576,MATCH('2014'!$A41,DataEx!$D:$D,0),MATCH('2014'!R$6,DataEx!$7:$7,0)) -> 4342483.7 | S41: =+SUM(G41:R41) -> 24777222 | T41: =+S41/$T$7 -> 0.007234479
A42: 440 | B42: =+VLOOKUP($A42,Master!$D$22:$G$218,4,FALSE) -> Kapitalni izdaci u tekućem budžetu | G42: =+INDEX(DataEx!$1:$1048576,MATCH('2014'!$A42,DataEx!$D:$D,0),MATCH('2014'!G$6,DataEx!$7:$7,0)) -> 13739.03 | H42: =+INDEX(DataEx!$1:$1048576,MATCH('2014'!$A42,DataEx!$D:$D,0),MATCH('2014'!H$6,DataEx!$7:$7,0)) -> 367892.65 | I42: =+INDEX(DataEx!$1:$1048576,MATCH('2014'!$A42,DataEx!$D:$D,0),MATCH('2014'!I$6,DataEx!$7:$7,0)) -> 424354.39 | J42: =+INDEX(DataEx!$1:$1048576,MATCH('2014'!$A42,DataEx!$D:$D,0),MATCH('2014'!J$6,DataEx!$7:$7,0)) -> 749348.71 | K42: =+INDEX(DataEx!$1:$1048576,MATCH('2014'!$A42,DataEx!$D:$D,0),MATCH('2014'!K$6,DataEx!$7:$7,0)) -> 634069.5 | L42: =+INDEX(DataEx!$1:$1048576,MATCH('2014'!$A42,DataEx!$D:$D,0),MATCH('2014'!L$6,DataEx!$7:$7,0)) -> 766400.03 | M42: =+INDEX(DataEx!$1:$1048576,MATCH('2014'!$A42,DataEx!$D:$D,0),MATCH('2014'!M$6,DataEx!$7:$7,0)) -> 763771.87 | N42: =+INDEX(DataEx!$1:$1048576,MATCH('2014'!$A42,DataEx!$D:$D,0),MATCH('2014'!N$6,DataEx!$7:$7,0)) -> 1885129.6 | ... R42: =+INDEX(DataEx!$1:$1048576,MATCH('2014'!$A42,DataEx!$D:$D,0),MATCH('2014'!R$6,DataEx!$7:$7,0)) -> 6732420.7 | S42: =+SUM(G42:R42) -> 64354419 | T42: =+S42/$T$7 -> 0.01879027
A43: 42 | B43: =+VLOOKUP($A43,Master!$D$22:$G$218,4,FALSE) -> Transferi za socijalnu zaštitu | G43: =+SUM(G44:G48) -> 39555879 | H43: =+SUM(H44:H48) -> 41425187 | I43: =+SUM(I44:I48) -> 41909906 | J43: =+SUM(J44:J48) -> 40423630 | K43: =+SUM(K44:K48) -> 40506896 | L43: =+SUM(L44:L48) -> 40386120 | M43: =+SUM(M44:M48) -> 42646777 | N43: =+SUM(N44:N48) -> 41817476 | ... R43: =+SUM(R44:R48) -> 42841698 | S43: =+SUM(G43:R43) -> 4.9214801e+08 | T43: =+S43/$T$7 -> 0.14369788
A44: 421 | B44: =+VLOOKUP($A44,Master!$D$22:$G$218,4,FALSE) -> Prava iz oblasti socijalne zaštite | G44: =+INDEX(DataEx!$1:$1048576,MATCH('2014'!$A44,DataEx!$D:$D,0),MATCH('2014'!G$6,DataEx!$7:$7,0)) -> 5197554.9 | H44: =+INDEX(DataEx!$1:$1048576,MATCH('2014'!$A44,DataEx!$D:$D,0),MATCH('2014'!H$6,DataEx!$7:$7,0)) -> 5250468.5 | I44: =+INDEX(DataEx!$1:$1048576,MATCH('2014'!$A44,DataEx!$D:$D,0),MATCH('2014'!I$6,DataEx!$7:$7,0)) -> 4943694.8 | J44: =+INDEX(DataEx!$1:$1048576,MATCH('2014'!$A44,DataEx!$D:$D,0),MATCH('2014'!J$6,DataEx!$7:$7,0)) -> 5048089.1 | K44: =+INDEX(DataEx!$1:$1048576,MATCH('2014'!$A44,DataEx!$D:$D,0),MATCH('2014'!K$6,DataEx!$7:$7,0)) -> 4807265.9 | L44: =+INDEX(DataEx!$1:$1048576,MATCH('2014'!$A44,DataEx!$D:$D,0),MATCH('2014'!L$6,DataEx!$7:$7,0)) -> 5282073.4 | M44: =+INDEX(DataEx!$1:$1048576,MATCH('2014'!$A44,DataEx!$D:$D,0),MATCH('2014'!M$6,DataEx!$7:$7,0)) -> 5431940.6 | N44: =+INDEX(DataEx!$1:$1048576,MATCH('2014'!$A44,DataEx!$D:$D,0),MATCH('2014'!N$6,DataEx!$7:$7,0)) -> 5056103.3 | ... R44: =+INDEX(DataEx!$1:$1048576,MATCH('2014'!$A44,DataEx!$D:$D,0),MATCH('2014'!R$6,DataEx!$7:$7,0)) -> 5256058.1 | S44: =+SUM(G44:R44) -> 61864914 | T44: =+S44/$T$7 -> 0.018063381
A45: 422 | B45: =+VLOOKUP($A45,Master!$D$22:$G$218,4,FALSE) -> Sredstva za tehnološke viškove | G45: =+INDEX(DataEx!$1:$1048576,MATCH('2014'!$A45,DataEx!$D:$D,0),MATCH('2014'!G$6,DataEx!$7:$7,0)) -> 631049.97 | H45: =+INDEX(DataEx!$1:$1048576,MATCH('2014'!$A45,DataEx!$D:$D,0),MATCH('2014'!H$6,DataEx!$7:$7,0)) -> 2339008.5 | I45: =+INDEX(DataEx!$1:$1048576,MATCH('2014'!$A45,DataEx!$D:$D,0),MATCH('2014'!I$6,DataEx!$7:$7,0)) -> 3379279.6 | J45: =+INDEX(DataEx!$1:$1048576,MATCH('2014'!$A45,DataEx!$D:$D,0),MATCH('2014'!J$6,DataEx!$7:$7,0)) -> 1009266.9 | K45: =+INDEX(DataEx!$1:$1048576,MATCH('2014'!$A45,DataEx!$D:$D,0),MATCH('2014'!K$6,DataEx!$7:$7,0)) -> 1685588 | L45: =+INDEX(DataEx!$1:$1048576,MATCH('2014'!$A45,DataEx!$D:$D,0),MATCH('2014'!L$6,DataEx!$7:$7,0)) -> 985386.38 | M45: =+INDEX(DataEx!$1:$1048576,MATCH('2014'!$A45,DataEx!$D:$D,0),MATCH('2014'!M$6,DataEx!$7:$7,0)) -> 3437238.9 | N45: =+INDEX(DataEx!$1:$1048576,MATCH('2014'!$A45,DataEx!$D:$D,0),MATCH('2014'!N$6,DataEx!$7:$7,0)) -> 2362835.5 | ... R45: =+INDEX(DataEx!$1:$1048576,MATCH('2014'!$A45,DataEx!$D:$D,0),MATCH('2014'!R$6,DataEx!$7:$7,0)) -> 3352388.2 | S45: =+SUM(G45:R45) -> 22587777 | T45: =+S45/$T$7 -> 0.0065952026
A46: 423 | B46: =+VLOOKUP($A46,Master!$D$22:$G$218,4,FALSE) -> Prava iz oblasti penzijskog i invalidskog osiguranja | G46: =+INDEX(DataEx!$1:$1048576,MATCH('2014'!$A46,DataEx!$D:$D,0),MATCH('2014'!G$6,DataEx!$7:$7,0)) -> 31930606 | H46: =+INDEX(DataEx!$1:$1048576,MATCH('2014'!$A46,DataEx!$D:$D,0),MATCH('2014'!H$6,DataEx!$7:$7,0)) -> 32322506 | I46: =+INDEX(DataEx!$1:$1048576,MATCH('2014'!$A46,DataEx!$D:$D,0),MATCH('2014'!I$6,DataEx!$7:$7,0)) -> 32139547 | J46: =+INDEX(DataEx!$1:$1048576,MATCH('2014'!$A46,DataEx!$D:$D,0),MATCH('2014'!J$6,DataEx!$7:$7,0)) -> 32175533 | K46: =+INDEX(DataEx!$1:$1048576,MATCH('2014'!$A46,DataEx!$D:$D,0),MATCH('2014'!K$6,DataEx!$7:$7,0)) -> 32122858 | L46: =+INDEX(DataEx!$1:$1048576,MATCH('2014'!$A46,DataEx!$D:$D,0),MATCH('2014'!L$6,DataEx!$7:$7,0)) -> 32009352 | M46: =+INDEX(DataEx!$1:$1048576,MATCH('2014'!$A46,DataEx!$D:$D,0),MATCH('2014'!M$6,DataEx!$7:$7,0)) -> 31956410 | N46: =+INDEX(DataEx!$1:$1048576,MATCH('2014'!$A46,DataEx!$D:$D,0),MATCH('2014'!N$6,DataEx!$7:$7,0)) -> 31961103 | ... R46: =+INDEX(DataEx!$1:$1048576,MATCH('2014'!$A46,DataEx!$D:$D,0),MATCH('2014'!R$6,DataEx!$7:$7,0)) -> 32063162 | S46: =+SUM(G46:R46) -> 3.8439084e+08 | T46: =+S46/$T$7 -> 0.11223484
A47: 424 | B47: =+VLOOKUP($A47,Master!$D$22:$G$218,4,FALSE) -> Ostala prava iz oblasti zdravstvene zaštite | G47: =+INDEX(DataEx!$1:$1048576,MATCH('2014'!$A47,DataEx!$D:$D,0),MATCH('2014'!G$6,DataEx!$7:$7,0)) -> 1293482.7 | H47: =+INDEX(DataEx!$1:$1048576,MATCH('2014'!$A47,DataEx!$D:$D,0),MATCH('2014'!H$6,DataEx!$7:$7,0)) -> 1086850 | I47: =+INDEX(DataEx!$1:$1048576,MATCH('2014'!$A47,DataEx!$D:$D,0),MATCH('2014'!I$6,DataEx!$7:$7,0)) -> 818430.35 | J47: =+INDEX(DataEx!$1:$1048576,MATCH('2014'!$A47,DataEx!$D:$D,0),MATCH('2014'!J$6,DataEx!$7:$7,0)) -> 1570673.4 | K47: =+INDEX(DataEx!$1:$1048576,MATCH('2014'!$A47,DataEx!$D:$D,0),MATCH('2014'!K$6,DataEx!$7:$7,0)) -> 1228987.8 | L47: =+INDEX(DataEx!$1:$1048576,MATCH('2014'!$A47,DataEx!$D:$D,0),MATCH('2014'!L$6,DataEx!$7:$7,0)) -> 1337111.8 | M47: =+INDEX(DataEx!$1:$1048576,MATCH('2014'!$A47,DataEx!$D:$D,0),MATCH('2014'!M$6,DataEx!$7:$7,0)) -> 1115187.4 | N47: =+INDEX(DataEx!$1:$1048576,MATCH('2014'!$A47,DataEx!$D:$D,0),MATCH('2014'!N$6,DataEx!$7:$7,0)) -> 1756755.6 | ... R47: =+INDEX(DataEx!$1:$1048576,MATCH('2014'!$A47,DataEx!$D:$D,0),MATCH('2014'!R$6,DataEx!$7:$7,0)) -> 1426429.1 | S47: =+SUM(G47:R47) -> 15215136 | T47: =+S47/$T$7 -> 0.004442531
A48: 425 | B48: =+VLOOKUP($A48,Master!$D$22:$G$218,4,FALSE) -> Ostala prava iz zdravstvenog osiguranja | G48: =+INDEX(DataEx!$1:$1048576,MATCH('2014'!$A48,DataEx!$D:$D,0),MATCH('2014'!G$6,DataEx!$7:$7,0)) -> 503185.41 | H48: =+INDEX(DataEx!$1:$1048576,MATCH('2014'!$A48,DataEx!$D:$D,0),MATCH('2014'!H$6,DataEx!$7:$7,0)) -> 426354.29 | I48: =+INDEX(DataEx!$1:$1048576,MATCH('2014'!$A48,DataEx!$D:$D,0),MATCH('2014'!I$6,DataEx!$7:$7,0)) -> 628953.87 | J48: =+INDEX(DataEx!$1:$1048576,MATCH('2014'!$A48,DataEx!$D:$D,0),MATCH('2014'!J$6,DataEx!$7:$7,0)) -> 620067.23 | K48: =+INDEX(DataEx!$1:$1048576,MATCH('2014'!$A48,DataEx!$D:$D,0),MATCH('2014'!K$6,DataEx!$7:$7,0)) -> 662196.34 | L48: =+INDEX(DataEx!$1:$1048576,MATCH('2014'!$A48,DataEx!$D:$D,0),MATCH('2014'!L$6,DataEx!$7:$7,0)) -> 772197.07 | M48: =+INDEX(DataEx!$1:$1048576,MATCH('2014'!$A48,DataEx!$D:$D,0),MATCH('2014'!M$6,DataEx!$7:$7,0)) -> 705999.46 | N48: =+INDEX(DataEx!$1:$1048576,MATCH('2014'!$A48,DataEx!$D:$D,0),MATCH('2014'!N$6,DataEx!$7:$7,0)) -> 680678.52 | ... R48: =+INDEX(DataEx!$1:$1048576,MATCH('2014'!$A48,DataEx!$D:$D,0),MATCH('2014'!R$6,DataEx!$7:$7,0)) -> 743659.84 | S48: =+SUM(G48:R48) -> 8089340.1 | T48: =+S48/$T$7 -> 0.0023619339
A49: 43 | B49: =+VLOOKUP($A49,Master!$D$22:$G$218,4,FALSE) -> Transferi institucijama, pojedincima, nevladinom i javnom sektoru | G49: =+INDEX(DataEx!$1:$1048576,MATCH('2014'!$A49,DataEx!$D:$D,0),MATCH('2014'!G$6,DataEx!$7:$7,0)) -> 4729453 | H49: =+INDEX(DataEx!$1:$1048576,MATCH('2014'!$A49,DataEx!$D:$D,0),MATCH('2014'!H$6,DataEx!$7:$7,0)) -> 3668588 | I49: =+INDEX(DataEx!$1:$1048576,MATCH('2014'!$A49,DataEx!$D:$D,0),MATCH('2014'!I$6,DataEx!$7:$7,0)) -> 11943088 | J49: =+INDEX(DataEx!$1:$1048576,MATCH('2014'!$A49,DataEx!$D:$D,0),MATCH('2014'!J$6,DataEx!$7:$7,0)) -> 8801515.5 | K49: =+INDEX(DataEx!$1:$1048576,MATCH('2014'!$A49,DataEx!$D:$D,0),MATCH('2014'!K$6,DataEx!$7:$7,0)) -> 7959182.7 | L49: =+INDEX(DataEx!$1:$1048576,MATCH('2014'!$A49,DataEx!$D:$D,0),MATCH('2014'!L$6,DataEx!$7:$7,0)) -> 8709222.4 | M49: =+INDEX(DataEx!$1:$1048576,MATCH('2014'!$A49,DataEx!$D:$D,0),MATCH('2014'!M$6,DataEx!$7:$7,0)) -> 7344002.3 | N49: =+INDEX(DataEx!$1:$1048576,MATCH('2014'!$A49,DataEx!$D:$D,0),MATCH('2014'!N$6,DataEx!$7:$7,0)) -> 8854476.3 | ... R49: =+INDEX(DataEx!$1:$1048576,MATCH('2014'!$A49,DataEx!$D:$D,0),MATCH('2014'!R$6,DataEx!$7:$7,0)) -> 11500398 | S49: =+SUM(G49:R49) -> 99049746 | T49: =+S49/$T$7 -> 0.028920647
A50: 44 | B50: =+VLOOKUP($A50,Master!$D$22:$G$218,4,FALSE) -> Kapitalni budžet | G50: =+INDEX(DataEx!$1:$1048576,MATCH('2014'!$A50,DataEx!$D:$D,0),MATCH('2014'!G$6,DataEx!$7:$7,0)) -> 1660981.7 | H50: =+INDEX(DataEx!$1:$1048576,MATCH('2014'!$A50,DataEx!$D:$D,0),MATCH('2014'!H$6,DataEx!$7:$7,0)) -> 706574.48 | I50: =+INDEX(DataEx!$1:$1048576,MATCH('2014'!$A50,DataEx!$D:$D,0),MATCH('2014'!I$6,DataEx!$7:$7,0)) -> 6200648.6 | J50: =+INDEX(DataEx!$1:$1048576,MATCH('2014'!$A50,DataEx!$D:$D,0),MATCH('2014'!J$6,DataEx!$7:$7,0)) -> 3101737.1 | K50: =+INDEX(DataEx!$1:$1048576,MATCH('2014'!$A50,DataEx!$D:$D,0),MATCH('2014'!K$6,DataEx!$7:$7,0)) -> 6084586.6 | L50: =+INDEX(DataEx!$1:$1048576,MATCH('2014'!$A50,DataEx!$D:$D,0),MATCH('2014'!L$6,DataEx!$7:$7,0)) -> 5981156.5 | M50: =+INDEX(DataEx!$1:$1048576,MATCH('2014'!$A50,DataEx!$D:$D,0),MATCH('2014'!M$6,DataEx!$7:$7,0)) -> 5869125.6 | N50: =+INDEX(DataEx!$1:$1048576,MATCH('2014'!$A50,DataEx!$D:$D,0),MATCH('2014'!N$6,DataEx!$7:$7,0)) -> 7492513.8 | ... R50: =+INDEX(DataEx!$1:$1048576,MATCH('2014'!$A50,DataEx!$D:$D,0),MATCH('2014'!R$6,DataEx!$7:$7,0)) -> 17985062 | S50: =+SUM(G50:R50) -> 75152374 | T50: =+S50/$T$7 -> 0.021943068
A51: 451 | B51: =+VLOOKUP($A51,Master!$D$22:$G$218,4,FALSE) -> Pozajmice i krediti | G51: =+INDEX(DataEx!$1:$1048576,MATCH('2014'!$A51,DataEx!$D:$D,0),MATCH('2014'!G$6,DataEx!$7:$7,0)) -> 46726.67 | H51: =+INDEX(DataEx!$1:$1048576,MATCH('2014'!$A51,DataEx!$D:$D,0),MATCH('2014'!H$6,DataEx!$7:$7,0)) -> 493119.12 | I51: =+INDEX(DataEx!$1:$1048576,MATCH('2014'!$A51,DataEx!$D:$D,0),MATCH('2014'!I$6,DataEx!$7:$7,0)) -> 0 | J51: =+INDEX(DataEx!$1:$1048576,MATCH('2014'!$A51,DataEx!$D:$D,0),MATCH('2014'!J$6,DataEx!$7:$7,0)) -> 286420 | K51: =+INDEX(DataEx!$1:$1048576,MATCH('2014'!$A51,DataEx!$D:$D,0),MATCH('2014'!K$6,DataEx!$7:$7,0)) -> 0 | L51: =+INDEX(DataEx!$1:$1048576,MATCH('2014'!$A51,DataEx!$D:$D,0),MATCH('2014'!L$6,DataEx!$7:$7,0)) -> 411760.67 | M51: =+INDEX(DataEx!$1:$1048576,MATCH('2014'!$A51,DataEx!$D:$D,0),MATCH('2014'!M$6,DataEx!$7:$7,0)) -> 16000 | N51: =+INDEX(DataEx!$1:$1048576,MATCH('2014'!$A51,DataEx!$D:$D,0),MATCH('2014'!N$6,DataEx!$7:$7,0)) -> 15000 | ... R51: =+INDEX(DataEx!$1:$1048576,MATCH('2014'!$A51,DataEx!$D:$D,0),MATCH('2014'!R$6,DataEx!$7:$7,0)) -> 599222.65 | S51: =+SUM(G51:R51) -> 2484899.8 | T51: =+S51/$T$7 -> 0.0007255436
A52: 47 | B52: =+VLOOKUP($A52,Master!$D$22:$G$218,4,FALSE) -> Rezerve | G52: =+INDEX(DataEx!$1:$1048576,MATCH('2014'!$A52,DataEx!$D:$D,0),MATCH('2014'!G$6,DataEx!$7:$7,0)) -> 987800 | H52: =+INDEX(DataEx!$1:$1048576,MATCH('2014'!$A52,DataEx!$D:$D,0),MATCH('2014'!H$6,DataEx!$7:$7,0)) -> 1479416 | I52: =+INDEX(DataEx!$1:$1048576,MATCH('2014'!$A52,DataEx!$D:$D,0),MATCH('2014'!I$6,DataEx!$7:$7,0)) -> 1804250.6 | J52: =+INDEX(DataEx!$1:$1048576,MATCH('2014'!$A52,DataEx!$D:$D,0),MATCH('2014'!J$6,DataEx!$7:$7,0)) -> 0 | K52: =+INDEX(DataEx!$1:$1048576,MATCH('2014'!$A52,DataEx!$D:$D,0),MATCH('2014'!K$6,DataEx!$7:$7,0)) -> 227494.67 | L52: =+INDEX(DataEx!$1:$1048576,MATCH('2014'!$A52,DataEx!$D:$D,0),MATCH('2014'!L$6,DataEx!$7:$7,0)) -> 653597.98 | M52: =+INDEX(DataEx!$1:$1048576,MATCH('2014'!$A52,DataEx!$D:$D,0),MATCH('2014'!M$6,DataEx!$7:$7,0)) -> 858028.14 | N52: =+INDEX(DataEx!$1:$1048576,MATCH('2014'!$A52,DataEx!$D:$D,0),MATCH('2014'!N$6,DataEx!$7:$7,0)) -> 1253986.7 | ... R52: =+INDEX(DataEx!$1:$1048576,MATCH('2014'!$A52,DataEx!$D:$D,0),MATCH('2014'!R$6,DataEx!$7:$7,0)) -> 2586424.5 | S52: =+SUM(G52:R52) -> 13532543 | T52: =+S52/$T$7 -> 0.0039512458
A53: 462 | B53: =+VLOOKUP($A53,Master!$D$22:$G$218,4,FALSE) -> Otplata garancija | G53: =+INDEX(DataEx!$1:$1048576,MATCH('2014'!$A53,DataEx!$D:$D,0),MATCH('2014'!G$6,DataEx!$7:$7,0)) -> 5125021.1 | H53: =+INDEX(DataEx!$1:$1048576,MATCH('2014'!$A53,DataEx!$D:$D,0),MATCH('2014'!H$6,DataEx!$7:$7,0)) -> 28180.16 | I53: =+INDEX(DataEx!$1:$1048576,MATCH('2014'!$A53,DataEx!$D:$D,0),MATCH('2014'!I$6,DataEx!$7:$7,0)) -> 4529565.8 | J53: =+INDEX(DataEx!$1:$1048576,MATCH('2014'!$A53,DataEx!$D:$D,0),MATCH('2014'!J$6,DataEx!$7:$7,0)) -> 0 | K53: =+INDEX(DataEx!$1:$1048576,MATCH('2014'!$A53,DataEx!$D:$D,0),MATCH('2014'!K$6,DataEx!$7:$7,0)) -> 0 | L53: =+INDEX(DataEx!$1:$1048576,MATCH('2014'!$A53,DataEx!$D:$D,0),MATCH('2014'!L$6,DataEx!$7:$7,0)) -> 0 | M53: =+INDEX(DataEx!$1:$1048576,MATCH('2014'!$A53,DataEx!$D:$D,0),MATCH('2014'!M$6,DataEx!$7:$7,0)) -> 0 | N53: =+INDEX(DataEx!$1:$1048576,MATCH('2014'!$A53,DataEx!$D:$D,0),MATCH('2014'!N$6,DataEx!$7:$7,0)) -> 0 | ... R53: =+INDEX(DataEx!$1:$1048576,MATCH('2014'!$A53,DataEx!$D:$D,0),MATCH('2014'!R$6,DataEx!$7:$7,0)) -> 0 | S53: =+SUM(G53:R53) -> 15258931 | T53: =+S53/$T$7 -> 0.0044553184
A54: 4630 | B54: =+VLOOKUP($A54,Master!$D$22:$G$218,4,TRUE) -> Otplata obaveza iz prethodnih godina | G54: =+INDEX(DataEx!$1:$1048576,MATCH('2014'!$A54,DataEx!$D:$D,0),MATCH('2014'!G$6,DataEx!$7:$7,0)) -> 3537398.2 | H54: =+INDEX(DataEx!$1:$1048576,MATCH('2014'!$A54,DataEx!$D:$D,0),MATCH('2014'!H$6,DataEx!$7:$7,0)) -> 1619286.4 | I54: =+INDEX(DataEx!$1:$1048576,MATCH('2014'!$A54,DataEx!$D:$D,0),MATCH('2014'!I$6,DataEx!$7:$7,0)) -> 1848944.3 | J54: =+INDEX(DataEx!$1:$1048576,MATCH('2014'!$A54,DataEx!$D:$D,0),MATCH('2014'!J$6,DataEx!$7:$7,0)) -> 1378572.9 | K54: =+INDEX(DataEx!$1:$1048576,MATCH('2014'!$A54,DataEx!$D:$D,0),MATCH('2014'!K$6,DataEx!$7:$7,0)) -> 1300692.7 | L54: =+INDEX(DataEx!$1:$1048576,MATCH('2014'!$A54,DataEx!$D:$D,0),MATCH('2014'!L$6,DataEx!$7:$7,0)) -> 9528423.1 | M54: =+INDEX(DataEx!$1:$1048576,MATCH('2014'!$A54,DataEx!$D:$D,0),MATCH('2014'!M$6,DataEx!$7:$7,0)) -> 10716449 | N54: =+INDEX(DataEx!$1:$1048576,MATCH('2014'!$A54,DataEx!$D:$D,0),MATCH('2014'!N$6,DataEx!$7:$7,0)) -> 7406618.5 | ... R54: =+INDEX(DataEx!$1:$1048576,MATCH('2014'!$A54,DataEx!$D:$D,0),MATCH('2014'!R$6,DataEx!$7:$7,0)) -> 18916388 | S54: =+SUM(G54:R54) -> 65272880 | T54: =+S54/$T$7 -> 0.019058443
A55: 1005 | B55: =+VLOOKUP($A55,Master!$D$22:$G$220,4,FALSE) -> Neto povećanje obaveza | G55: =+INDEX(DataEx!$1:$1048576,MATCH('2014'!$A55,DataEx!$D:$D,0),MATCH('2014'!G$6,DataEx!$7:$7,0)) -> 0 | H55: =+INDEX(DataEx!$1:$1048576,MATCH('2014'!$A55,DataEx!$D:$D,0),MATCH('2014'!H$6,DataEx!$7:$7,0)) -> 0 | I55: =+INDEX(DataEx!$1:$1048576,MATCH('2014'!$A55,DataEx!$D:$D,0),MATCH('2014'!I$6,DataEx!$7:$7,0)) -> 0 | J55: =+INDEX(DataEx!$1:$1048576,MATCH('2014'!$A55,DataEx!$D:$D,0),MATCH('2014'!J$6,DataEx!$7:$7,0)) -> 0 | K55: =+INDEX(DataEx!$1:$1048576,MATCH('2014'!$A55,DataEx!$D:$D,0),MATCH('2014'!K$6,DataEx!$7:$7,0)) -> 0 | L55: =+INDEX(DataEx!$1:$1048576,MATCH('2014'!$A55,DataEx!$D:$D,0),MATCH('2014'!L$6,DataEx!$7:$7,0)) -> 0 | M55: =+INDEX(DataEx!$1:$1048576,MATCH('2014'!$A55,DataEx!$D:$D,0),MATCH('2014'!M$6,DataEx!$7:$7,0)) -> 0 | N55: =+INDEX(DataEx!$1:$1048576,MATCH('2014'!$A55,DataEx!$D:$D,0),MATCH('2014'!N$6,DataEx!$7:$7,0)) -> 0 | ... R55: =+INDEX(DataEx!$1:$1048576,MATCH('2014'!$A55,DataEx!$D:$D,0),MATCH('2014'!R$6,DataEx!$7:$7,0)) -> 0 | S55: =+SUM(G55:R55) -> 0 | T55: =+S55/$T$7 -> 0
A56: 1000 | B56: =+VLOOKUP($A56,Master!$D$22:$G$218,4,FALSE) -> Suficit / deficit | G56: =+G10-G30 -> -27077262 | H56: =+H10-H30 -> -8417313.4 | I56: =+I10-I30 -> -17021409 | J56: =+J10-J30 -> -14958550 | K56: =+K10-K30 -> -5517055.7 | L56: =+L10-L30 -> -5364283.7 | M56: =+M10-M30 -> 2502365 | N56: =+N10-N30 -> 10463990 | ... R56: =+R10-R30 -> -18669590 | S56: =+SUM(G56:R56) -> -1.0257142e+08 | T56: =+S56/$T$7 -> -0.029948908
A57: 1001 | B57: =+VLOOKUP($A57,Master!$D$22:$G$218,4,FALSE) -> Primarni bilans | G57: =+G56+G38 -> -24765602 | H57: =+H56+H38 -> -7307300.5 | I57: =+I56+I38 -> -12396558 | J57: =+J56+J38 -> 9704012.5 | K57: =+K56+K38 -> -793881.24 | L57: =+L56+L38 -> 248294.65 | M57: =+M56+M38 -> 8913270.9 | N57: =+N56+N38 -> 11711739 | ... R57: =+R56+R38 -> -12993473 | S57: =+SUM(G57:R57) -> -27589445 | T57: =+S57/$T$7 -> -0.0080555947
A58: 46 | B58: =+VLOOKUP($A58,Master!$D$22:$G$218,4,FALSE) -> Otplata dugova | G58: =+SUM(G59:G60) -> 2995587.8 | H58: =+SUM(H59:H60) -> 3336299.9 | I58: =+SUM(I59:I60) -> 7984326.1 | J58: =+SUM(J59:J60) -> 37331422 | K58: =+SUM(K59:K60) -> 9651336.9 | L58: =+SUM(L59:L60) -> 51081076 | M58: =+SUM(M59:M60) -> 31417546 | N58: =+SUM(N59:N60) -> 4545826.8 | ... R58: =+SUM(R59:R60) -> 31216208 | S58: =+SUM(G58:R58) -> 2.0975095e+08 | T58: =+S58/$T$7 -> 0.0612433
A59: 4611 | B59: =+VLOOKUP($A59,Master!$D$22:$G$218,4,FALSE) -> Otplata hartija od vrijednosti i kredita rezidentima | G59: =+INDEX(DataEx!$1:$1048576,MATCH('2014'!$A59,DataEx!$D:$D,0),MATCH('2014'!G$6,DataEx!$7:$7,0)) -> 572002.06 | H59: =+INDEX(DataEx!$1:$1048576,MATCH('2014'!$A59,DataEx!$D:$D,0),MATCH('2014'!H$6,DataEx!$7:$7,0)) -> 2585632.2 | I59: =+INDEX(DataEx!$1:$1048576,MATCH('2014'!$A59,DataEx!$D:$D,0),MATCH('2014'!I$6,DataEx!$7:$7,0)) -> 4238041.8 | J59: =+INDEX(DataEx!$1:$1048576,MATCH('2014'!$A59,DataEx!$D:$D,0),MATCH('2014'!J$6,DataEx!$7:$7,0)) -> 3685616.1 | K59: =+INDEX(DataEx!$1:$1048576,MATCH('2014'!$A59,DataEx!$D:$D,0),MATCH('2014'!K$6,DataEx!$7:$7,0)) -> 5144317.8 | L59: =+INDEX(DataEx!$1:$1048576,MATCH('2014'!$A59,DataEx!$D:$D,0),MATCH('2014'!L$6,DataEx!$7:$7,0)) -> 35693419 | M59: =+INDEX(DataEx!$1:$1048576,MATCH('2014'!$A59,DataEx!$D:$D,0),MATCH('2014'!M$6,DataEx!$7:$7,0)) -> 17351337 | N59: =+INDEX(DataEx!$1:$1048576,MATCH('2014'!$A59,DataEx!$D:$D,0),MATCH('2014'!N$6,DataEx!$7:$7,0)) -> 3355572.1 | ... R59: =+INDEX(DataEx!$1:$1048576,MATCH('2014'!$A59,DataEx!$D:$D,0),MATCH('2014'!R$6,DataEx!$7:$7,0)) -> 9805053.8 | S59: =+SUM(G59:R59) -> 99756837 | T59: =+S59/$T$7 -> 0.029127104
A60: 4612 | B60: =+VLOOKUP($A60,Master!$D$22:$G$218,4,FALSE) -> Otplata hartija od vrijednosti i kredita nerezidentima | G60: =+INDEX(DataEx!$1:$1048576,MATCH('2014'!$A60,DataEx!$D:$D,0),MATCH('2014'!G$6,DataEx!$7:$7,0)) -> 2423585.7 | H60: =+INDEX(DataEx!$1:$1048576,MATCH('2014'!$A60,DataEx!$D:$D,0),MATCH('2014'!H$6,DataEx!$7:$7,0)) -> 750667.64 | I60: =+INDEX(DataEx!$1:$1048576,MATCH('2014'!$A60,DataEx!$D:$D,0),MATCH('2014'!I$6,DataEx!$7:$7,0)) -> 3746284.3 | J60: =+INDEX(DataEx!$1:$1048576,MATCH('2014'!$A60,DataEx!$D:$D,0),MATCH('2014'!J$6,DataEx!$7:$7,0)) -> 33645806 | K60: =+INDEX(DataEx!$1:$1048576,MATCH('2014'!$A60,DataEx!$D:$D,0),MATCH('2014'!K$6,DataEx!$7:$7,0)) -> 4507019.1 | L60: =+INDEX(DataEx!$1:$1048576,MATCH('2014'!$A60,DataEx!$D:$D,0),MATCH('2014'!L$6,DataEx!$7:$7,0)) -> 15387656 | M60: =+INDEX(DataEx!$1:$1048576,MATCH('2014'!$A60,DataEx!$D:$D,0),MATCH('2014'!M$6,DataEx!$7:$7,0)) -> 14066209 | N60: =+INDEX(DataEx!$1:$1048576,MATCH('2014'!$A60,DataEx!$D:$D,0),MATCH('2014'!N$6,DataEx!$7:$7,0)) -> 1190254.7 | ... R60: =+INDEX(DataEx!$1:$1048576,MATCH('2014'!$A60,DataEx!$D:$D,0),MATCH('2014'!R$6,DataEx!$7:$7,0)) -> 21411155 | S60: =+SUM(G60:R60) -> 1.0999412e+08 | T60: =+S60/$T$7 -> 0.032116195
A61: 1002 | B61: =+VLOOKUP($A61,Master!$D$22:$G$218,4,FALSE) -> Nedostajuća sredstva | G61: =+G56-G58 -> -30072849 | H61: =+H56-H58 -> -11753613 | I61: =+I56-I58 -> -25005735 | J61: =+J56-J58 -> -52289972 | K61: =+K56-K58 -> -15168393 | L61: =+L56-L58 -> -56445359 | M61: =+M56-M58 -> -28915181 | N61: =+N56-N58 -> 5918163.5 | ... R61: =+R56-R58 -> -49885799 | S61: =+SUM(G61:R61) -> -3.1232237e+08 | T61: =+S61/$T$7 -> -0.091192208
A62: 1003 | B62: =+VLOOKUP($A62,Master!$D$22:$G$218,4,FALSE) -> Finansiranje | G62: =+SUM(G63:G66) -> 30072849 | H62: =+SUM(H63:H66) -> 11753613 | I62: =+SUM(I63:I66) -> 25005735 | J62: =+SUM(J63:J66) -> 52289972 | K62: =+SUM(K63:K66) -> 15168393 | L62: =+SUM(L63:L66) -> 56445359 | M62: =+SUM(M63:M66) -> 28915181 | N62: =+SUM(N63:N66) -> -5918163.5 | ... R62: =+SUM(R63:R66) -> 49885799 | S62: =+SUM(G62:R62) -> 3.1232237e+08 | T62: =+S62/$T$7 -> 0.091192208
A63: 7511 | B63: =+VLOOKUP($A63,Master!$D$22:$G$218,4,FALSE) -> Pozajmice i krediti od domaćih izvora | G63: =+INDEX(DataEx!$1:$1048576,MATCH('2014'!$A63,DataEx!$D:$D,0),MATCH('2014'!G$6,DataEx!$7:$7,0)) -> 8351610 | H63: =+INDEX(DataEx!$1:$1048576,MATCH('2014'!$A63,DataEx!$D:$D,0),MATCH('2014'!H$6,DataEx!$7:$7,0)) -> 1000000 | I63: =+INDEX(DataEx!$1:$1048576,MATCH('2014'!$A63,DataEx!$D:$D,0),MATCH('2014'!I$6,DataEx!$7:$7,0)) -> 68600000 | J63: =+INDEX(DataEx!$1:$1048576,MATCH('2014'!$A63,DataEx!$D:$D,0),MATCH('2014'!J$6,DataEx!$7:$7,0)) -> 20459150 | K63: =+INDEX(DataEx!$1:$1048576,MATCH('2014'!$A63,DataEx!$D:$D,0),MATCH('2014'!K$6,DataEx!$7:$7,0)) -> 0 | L63: =+INDEX(DataEx!$1:$1048576,MATCH('2014'!$A63,DataEx!$D:$D,0),MATCH('2014'!L$6,DataEx!$7:$7,0)) -> 0 | M63: =+INDEX(DataEx!$1:$1048576,MATCH('2014'!$A63,DataEx!$D:$D,0),MATCH('2014'!M$6,DataEx!$7:$7,0)) -> 0 | N63: =+INDEX(DataEx!$1:$1048576,MATCH('2014'!$A63,DataEx!$D:$D,0),MATCH('2014'!N$6,DataEx!$7:$7,0)) -> 0 | ... R63: =+INDEX(DataEx!$1:$1048576,MATCH('2014'!$A63,DataEx!$D:$D,0),MATCH('2014'!R$6,DataEx!$7:$7,0)) -> 6000000 | S63: =+SUM(G63:R63) -> 1.0441076e+08 | T63: =+S63/$T$7 -> 0.030485961
A64: 7512 | B64: =+VLOOKUP($A64,Master!$D$22:$G$218,4,FALSE) -> Pozajmice i krediti od inostranih izvora | G64: =+INDEX(DataEx!$1:$1048576,MATCH('2014'!$A64,DataEx!$D:$D,0),MATCH('2014'!G$6,DataEx!$7:$7,0)) -> 113399.21 | H64: =+INDEX(DataEx!$1:$1048576,MATCH('2014'!$A64,DataEx!$D:$D,0),MATCH('2014'!H$6,DataEx!$7:$7,0)) -> 291764.22 | I64: =+INDEX(DataEx!$1:$1048576,MATCH('2014'!$A64,DataEx!$D:$D,0),MATCH('2014'!I$6,DataEx!$7:$7,0)) -> 307940.25 | J64: =+INDEX(DataEx!$1:$1048576,MATCH('2014'!$A64,DataEx!$D:$D,0),MATCH('2014'!J$6,DataEx!$7:$7,0)) -> 796763.89 | K64: =+INDEX(DataEx!$1:$1048576,MATCH('2014'!$A64,DataEx!$D:$D,0),MATCH('2014'!K$6,DataEx!$7:$7,0)) -> 1.9511693e+08 | L64: =+INDEX(DataEx!$1:$1048576,MATCH('2014'!$A64,DataEx!$D:$D,0),MATCH('2014'!L$6,DataEx!$7:$7,0)) -> 524720.36 | M64: =+INDEX(DataEx!$1:$1048576,MATCH('2014'!$A64,DataEx!$D:$D,0),MATCH('2014'!M$6,DataEx!$7:$7,0)) -> 2030778.2 | N64: =+INDEX(DataEx!$1:$1048576,MATCH('2014'!$A64,DataEx!$D:$D,0),MATCH('2014'!N$6,DataEx!$7:$7,0)) -> 1036448.1 | ... R64: =+INDEX(DataEx!$1:$1048576,MATCH('2014'!$A64,DataEx!$D:$D,0),MATCH('2014'!R$6,DataEx!$7:$7,0)) -> 991400.61 | S64: =+SUM(G64:R64) -> 2.057475e+08 | T64: =+S64/$T$7 -> 0.060074369
A65: 72 | B65: =+VLOOKUP($A65,Master!$D$22:$G$218,4,FALSE) -> Primici od prodaje imovine | G65: =+INDEX(DataEx!$1:$1048576,MATCH('2014'!$A65,DataEx!$D:$D,0),MATCH('2014'!G$6,DataEx!$7:$7,0)) -> 121041.09 | H65: =+INDEX(DataEx!$1:$1048576,MATCH('2014'!$A65,DataEx!$D:$D,0),MATCH('2014'!H$6,DataEx!$7:$7,0)) -> 26587.55 | I65: =+INDEX(DataEx!$1:$1048576,MATCH('2014'!$A65,DataEx!$D:$D,0),MATCH('2014'!I$6,DataEx!$7:$7,0)) -> 140595.08 | J65: =+INDEX(DataEx!$1:$1048576,MATCH('2014'!$A65,DataEx!$D:$D,0),MATCH('2014'!J$6,DataEx!$7:$7,0)) -> 36604.9 | K65: =+INDEX(DataEx!$1:$1048576,MATCH('2014'!$A65,DataEx!$D:$D,0),MATCH('2014'!K$6,DataEx!$7:$7,0)) -> 20702.65 | L65: =+INDEX(DataEx!$1:$1048576,MATCH('2014'!$A65,DataEx!$D:$D,0),MATCH('2014'!L$6,DataEx!$7:$7,0)) -> 163425.53 | M65: =+INDEX(DataEx!$1:$1048576,MATCH('2014'!$A65,DataEx!$D:$D,0),MATCH('2014'!M$6,DataEx!$7:$7,0)) -> 380433.99 | N65: =+INDEX(DataEx!$1:$1048576,MATCH('2014'!$A65,DataEx!$D:$D,0),MATCH('2014'!N$6,DataEx!$7:$7,0)) -> 461911.68 | ... R65: =+INDEX(DataEx!$1:$1048576,MATCH('2014'!$A65,DataEx!$D:$D,0),MATCH('2014'!R$6,DataEx!$7:$7,0)) -> 462623.71 | S65: =+SUM(G65:R65) -> 3918918.7 | T65: =+S65/$T$7 -> 0.0011442499
